Workbook
Name global_mitigation: 'GHG''s'!$B$47

Sheet Summary
B1: CARBON TAX 5-SECTOR MODEL | I1: This version of the model was created on: | J1: 40823 | AN1: =ROW() -> 1
L2: Before you begin, please take these 7 quick steps to ensure that your Excel program can handle the mathematical interactivity built into the model. | AN2: =ROW() -> 2
B3: Created for the Carbon Tax Center by Charles Komanoff | AN3: =ROW() -> 3
AN4: =ROW() -> 4
B5: CARBON TAX 5-SECTOR MODEL by Charles Komanoff is licensed under a Creative Commons Attribution-NonCommercial 3.0 Unported License. | L5: If you're running Excel-2007 or later: | AN5: =ROW() -> 5
L6: 1 | M6: Click the Microsoft Office Button in the far upper left-hand corner of your screen. | AN6: =ROW() -> 6
L7: 2 | M7: A new window will appear on your screen. At the very bottom of the window, click Excel Options. | AN7: =ROW() -> 7
B8: For more on the Carbon Tax Center, visit <http://www.carbontax.org/>. To reach Komanoff, write to kea@igc.org. | L8: 3 | M8: In left-hand column, near the top, click Formulas. | AN8: =ROW() -> 8
L9: 4 | M9: In Calculation options section, select Enable iterative calculation check box. | AN9: =ROW() -> 9
B10: This version of the model is set up (pre-inputted) for a carbon tax that begins at $15 per ton of carbon dioxide (CO2) and increments by $12.50 per ton per year. These inputs correspond to the Larson bill introduced by Connecticut Rep. John Larson in 2009. Initial amount and increment rate can be changed at the user's command, as discussed below. | L10: 5 | M10: Set maximum number of iterations to 100. | AN10: =ROW() -> 10
L11: 6 | M11: Set maximum change box to 0.001. | AN11: =ROW() -> 11
L12: 7 | M12: Press OK at the bottom. | AN12: =ROW() -> 12
B13: For links to Larson bill and CTC's perspective, go to: <http://bit.ly/1TwcH4>. | L13: If you're running Excel-2003 or earlier: | AN13: =ROW() -> 13
L14: 1 | M14: Go to Excel Options, which should be in your Excel toolbar under the Tools menu choice. | AN14: =ROW() -> 14
B15: =CONCATENATE("To bypass Summary explanations and run model immediately with your inputs, Scroll Down to Row ",AN76, " and follow instructions.") -> To bypass Summary explanations and run model immediately with your inputs, Scroll Down to Row 76 and follow instructions. | G15: =CONCATENATE("For results, see Row ",AN101, ". Key results are in cells H",AN105, " and ",AN106, ". For graph of CO2 reductions over time, go to worksheet tab 'Graph_CO2'.") -> For results, see Row 101. Key results are in cells H105 and 106. For graph of CO2 reductions over time, go to worksheet tab 'Graph_CO2'. | L15: 2 | M15: Click on Options, and navigate to the tab called Calculation. | AN15: =ROW() -> 15
L16: 3 | M16: Under Calculation options, select Iterations check box (may be called Enable iterative calculation). | AN16: =ROW() -> 16
L17: 4 | M17: Set the maximum number of iterations to 100. | Q17: Why? Since the model is written dynamically and interactively, you must configure Excel to feed cell outputs back into other cells. Otherwise, the model will return "circular formulas" with blank or incorrect results. | AN17: =ROW() -> 17
L18: 5 | M18: Set the maximum change box to 0.001. | AN18: =ROW() -> 18
L19: 6 | M19: Press OK and begin. | AN19: =ROW() -> 19
B20: Summary | L20: Great. You should now be ready to go. | AN20: =ROW() -> 20
AN21: =ROW() -> 21
B22: This spreadsheet models the impacts of a federal carbon tax on U.S. fuel use, carbon emissions and revenues, using a model that divides carbon emissions into 5 sectors: Electricity, Personal Ground Travel, Freight, Aviation, and Other. | AN22: =ROW() -> 22
AN23: =ROW() -> 23
AN24: =ROW() -> 24
B25: It calculates the reductions in U.S. carbon dioxide emissions that would result from implementing either a "straight" carbon tax (levied on on the carbon contents of coal, oil and natural gas) or a "hybrid carbon tax" that would overly a per-gallon tax on selected petroleum products (e.g., gasoline and aviation fuel) atop the straight carbon tax. | AN25: =ROW() -> 25
AN26: =ROW() -> 26
AN27: =ROW() -> 27
AN28: =ROW() -> 28
B29: The user selects levels of both taxes below. Setting the extra petrol tax to zero eliminates hybrid aspect. Note that the model cannot explicitly model effects of supplemental, "exogenous" measures to reduce carbon emissions (e.g., energy-efficiency standards, renewable-energy mandates, direct USEPA regulation of carbon emissions). | AN29: =ROW() -> 29
AN30: =ROW() -> 30
AN31: =ROW() -> 31
AN32: =ROW() -> 32
B33: About the organization of this spreadsheet | AN33: =ROW() -> 33
AN34: =ROW() -> 34
B35: There are 12 worksheets, including this one. | AN35: =ROW() -> 35
AN36: =ROW() -> 36
B37: Summary | C37: This worksheet. It prints to six pages (of which one is blank). | AN37: =ROW() -> 37
AN38: =ROW() -> 38
B39: Parameters | C39: Specifies key variables and conversion factors that inform (affect) some calculations. | AN39: =ROW() -> 39
AN40: =ROW() -> 40
B41: Electricity | C41: =CONCATENATE("The largest U.S. CO2 sector, accounting for ",ROUND(H119*100,1), "% of emissions in 2009; is dominated by coal.") -> The largest U.S. CO2 sector, accounting for 40.6% of emissions in 2009; is dominated by coal. | AN41: =ROW() -> 41
AN42: =ROW() -> 42
B43: Personal Ground Travel | C43: =CONCATENATE("Is dominated by household vehicles -- cars and so-called light trucks; also includes recreational boats and ATV's; ",ROUND(H120*100,1), "% of U.S. emissions in 2009.") -> Is dominated by household vehicles -- cars and so-called light trucks; also includes recreational boats and ATV's; 22.9% of U.S. emissions in 2009. | AN43: =ROW() -> 43
AN44: =ROW() -> 44
AN45: =ROW() -> 45
B46: Freight | C46: =CONCATENATE("Moving goods by truck, rail, barge and ship accounted for ",ROUND(H121*100,1), "% of U.S. CO2 emissions in 2009 (air freight is subsumed under Aviation).") -> Moving goods by truck, rail, barge and ship accounted for 8.5% of U.S. CO2 emissions in 2009 (air freight is subsumed under Aviation). | AN46: =ROW() -> 46
AN47: =ROW() -> 47
AN48: =ROW() -> 48
B49: Aviation | C49: =CONCATENATE("Just ",ROUND(H122*100,1), "% of U.S. CO2 emissions in 2009, but was growing rapidly until recently; includes air freight but excludes military aviation, which falls under 'Other.'") -> Just 3.7% of U.S. CO2 emissions in 2009, but was growing rapidly until recently; includes air freight but excludes military aviation, which falls under 'Other.' | AN49: =ROW() -> 49
AN50: =ROW() -> 50
AN51: =ROW() -> 51
B52: "Other" | C52: =CONCATENATE("All fossil-fuel burning other than the four preceding categories. Includes industrial fuel use, construction machinery, non-electric heat and hot water, and military. Accounted for ",ROUND(H123*100,1), "% of emissions in 2009.") -> All fossil-fuel burning other than the four preceding categories. Includes industrial fuel use, construction machinery, non-electric heat and hot water, and military. Accounted for 24.2% of emissions in 2009. | AN52: =ROW() -> 52
AN53: =ROW() -> 53
AN54: =ROW() -> 54
B55: Graph_CO2 | C55: Charts annual CO2 emissions with and without the assumed tax(es). | AN55: =ROW() -> 55
AN56: =ROW() -> 56
B57: Graph_Oil | C57: Charts U.S. petroleum requirements with and without the assumed tax(es). | AN57: =ROW() -> 57
AN58: =ROW() -> 58
B59: Emissions | C59: Compiles U.S. emissions of carbon dioxide in recent years. Needed to establish baseline emissions. | AN59: =ROW() -> 59
AN60: =ROW() -> 60
B61: GHG's | C61: Compiles U.S. emissions of other (non-CO2) greenhouse gases (still under development). | AN61: =ROW() -> 61
AN62: =ROW() -> 62
B63: Revenue | C63: Calculates revenue allocations from "AESTFA" carbon tax bill proposed by Rep. John Larson. | AN63: =ROW() -> 63
AN64: =ROW() -> 64
B65: Emissions are expressed in CO2 (rather than carbon) and, for the most part, in metric terms. However, the carbon tax rate is inputted in British tons of CO2, not metric tons (tonnes). | AN65: =ROW() -> 65
AN66: =ROW() -> 66
AN67: =ROW() -> 67
B68: Inputs | AN68: =ROW() -> 68
AN69: =ROW() -> 69
B70: This summary sheet combines emission projections from five worksheets: Electricity, Personal Ground Travel, Freight, Aviation and Other. See graph worksheets for visual representations. | AN70: =ROW() -> 70
AN71: =ROW() -> 71
AN72: =ROW() -> 72
B73: Magenta-colored cells may be entered by you, the user. LEAVE OTHER CELLS ALONE, to avoid inadvertently altering the formulas that determine their value. | AN73: =ROW() -> 73
AN74: =ROW() -> 74
AN75: =ROW() -> 75
B76: A. Select initial carbon tax, per ton of carbon dioxide emitted (not carbon) | J76: 10 | AN76: =ROW() -> 76
AN77: =ROW() -> 77
B78: B. Now select one of two ways to increment tax. Click on box directly to right, and input "1" or "2". | J78: 2 | AN78: =ROW() -> 78
AN79: =ROW() -> 79
B80: 1. If you selected "1," the initial tax amount above will be incremented each year at a uniform annual rate. The default increment rate is the initial amount. You may override that default by inputting your own increment rate in the box directly to right. | J80: 0 | AN80: =ROW() -> 80
AN81: =ROW() -> 81
AN82: =ROW() -> 82
B83: (Example: if initial rate in box above is $10, then second-year tax rate would be $20, third-year rate $30, etc.) | L83: =CONCATENATE("% figure is irrelevant if Option 1 was chosen in box in Row ",AN78,"") -> % figure is irrelevant if Option 1 was chosen in box in Row 78 | AN83: =ROW() -> 83
B84: or or or or or or or or or | AN84: =ROW() -> 84
B85: 2. The initial tax will be compounded annually at a % rate chosen by you, here: | J85: 0.1 | AN85: =ROW() -> 85
B86: (Example: with a compound growth rate of 10%, along with an initial tax rate of $10, the second-year tax rate would be $11.00, third-year rate $12.10, next year $13.31, etc.) | AN86: =ROW() -> 86
AN87: =ROW() -> 87
AN88: =ROW() -> 88
B89: C. Now select surtax rate, if any, on certain liquid fuels (in ¢/gal, to be applied in tax's initial year): | J89: 6 | K89: ¢/gal | AN89: =ROW() -> 89
B90: =CONCATENATE("This is an optional surtax to the carbon tax. It is incremented similarly to the carbon tax, per choice made via 'switch' in Cell J",AN78, ". If '1' is selected, the annual increment is calculated by prorating annual increment in Cell J",AN80, " by initial tax in Cell J",AN76, ". If '2' is selected, tax is compounded at percent given in Cell J",AN85, ".") -> This is an optional surtax to the carbon tax. It is incremented similarly to the carbon tax, per choice made via 'switch' in Cell J78. If '1' is selected, the annual increment is calculated by prorating annual increment in Cell J80 by initial tax in Cell J76. If '2' is selected, tax is compounded at percent given in Cell J85. | AN90: =ROW() -> 90
AN91: =ROW() -> 91
AN92: =ROW() -> 92
B93: Also select which fuels are subject to this (optional) surtax (all are subject to carbon tax, regardless) | AN93: =ROW() -> 93
C94: Gasoline | D94: Diesel | E94: Aviation fuel | F94: Other | AN94: =ROW() -> 94
C95: YES | D95: yes | E95: yes | F95: yes | AN95: =ROW() -> 95
AN96: =ROW() -> 96
B97: D. Now select time period over which tax is to be applied | AN97: =ROW() -> 97
B98: Year in which tax first takes effect (tax is assumed to begin on Jan. 1, hence it 'covers' the full year) | J98: 2012 | AN98: =ROW() -> 98
B99: Last year in which tax level is incremented (after which tax remains in effect, at level reached in year chosen) | J99: 2026 | AN99: =ROW() -> 99
AN100: =ROW() -> 100
...

Sheet Parameters
B1: Parameters | K1: =Summary!J1 -> 40823 | O1: =ROW() -> 1
O2: =ROW() -> 2
O3: =ROW() -> 3
B4: Key Variables | O4: =ROW() -> 4
O5: =ROW() -> 5
B6: Economic Growth Rate (GDP) | O6: =ROW() -> 6
B7: 2011 over 2010 (the actual increase rate of 1H 2011 vs. 1H 2010) | J7: 0.013 | O7: =ROW() -> 7
B8: 2012 over 2011 (Komanoff projection) | J8: 0.015 | O8: =ROW() -> 8
B9: All other years (Komanoff projection) | J9: 0.02 | O9: =ROW() -> 9
O10: =ROW() -> 10
O11: =ROW() -> 11
B12: Constants / Conversion Factors | O12: =ROW() -> 12
O13: =ROW() -> 13
B14: Pounds of CO2 per pound of carbon | J14: =44/12 -> 3.6666667 | O14: =ROW() -> 14
B15: Pounds per metric ton | J15: 2205 | O15: =ROW() -> 15
B16: Pounds per short ton | J16: 2000 | O16: =ROW() -> 16
B17: Grams per pound | J17: 453.59237 | O17: =ROW() -> 17
B18: Gallons per barrel | J18: 42 | O18: =ROW() -> 18
B19: Days in year (we ignore leap years) | J19: 365 | O19: =ROW() -> 19
O20: =ROW() -> 20
O21: =ROW() -> 21
B22: GDP (billions of chained 2005 dollars) | O22: =ROW() -> 22
B23: 2000-2010 data were downloaded from http://www.bea.gov/bea/dn/gdplev.xls (accessed from http://www.bea.gov/index.htm). 2011 growth rate from 2010 compares 1Q+2Q of respective years. | O23: =ROW() -> 23
O24: =ROW() -> 24
D25: Yr-on-yr Ratio | O25: =ROW() -> 25
B26: 2000 | C26: 11226 | O26: =ROW() -> 26
B27: 2001 | C27: 11347.2 | D27: =C27/C26 -> 1.0107964 | O27: =ROW() -> 27
B28: 2002 | C28: 11553 | D28: =C28/C27 -> 1.0181366 | O28: =ROW() -> 28
B29: 2003 | C29: 11840.7 | D29: =C29/C28 -> 1.0249026 | O29: =ROW() -> 29
B30: 2004 | C30: 12263.8 | D30: =C30/C29 -> 1.0357327 | O30: =ROW() -> 30
B31: 2005 | C31: 12638.4 | D31: =C31/C30 -> 1.0305452 | O31: =ROW() -> 31
B32: 2006 | C32: 12976.2 | D32: =C32/C31 -> 1.0267281 | O32: =ROW() -> 32
B33: 2007 | C33: 13228.9 | D33: =C33/C32 -> 1.0194741 | O33: =ROW() -> 33
B34: 2008 | C34: 13228.8 | D34: =C34/C33 -> 0.99999244 | O34: =ROW() -> 34
B35: 2009 | C35: 12880.6 | D35: =C35/C34 -> 0.97367864 | O35: =ROW() -> 35
B36: 2010 | C36: 13248.2 | D36: =C36/C35 -> 1.028539 | O36: =ROW() -> 36
B37: 2011 | D37: 1.0189335 | O37: =ROW() -> 37
O38: =ROW() -> 38
O39: =ROW() -> 39
B40: Elasticities (documentation of this section, to come) | O40: =ROW() -> 40
F41: Price | G41: Income | O41: =ROW() -> 41
B42: Electricity | F42: -0.7 | G42: 0.75 | O42: =ROW() -> 42
B43: CTC assumption, derived from literature review (principally Bohi, Analyzing Demand Behavior). Value shown is rough avg for residential, commercial and industrial sectors. See CTC Web page, http://www.carbontax.org/issues/energy-demand-how-sensitive-to-price/. | O43: =ROW() -> 43
O44: =ROW() -> 44
B45: Gasoline (Personal Ground Travel) | F45: -0.4 | G45: =2/3 -> 0.66666667 | O45: =ROW() -> 45
B46: Diesel (Freight) | F46: -0.4 | G46: =3/4 -> 0.75 | O46: =ROW() -> 46
B47: Jet Fuel (Aviation) | F47: =F45*1.5 -> -0.6 | G47: 1 | O47: =ROW() -> 47
B48: Other Fuel (primarily natural gas) | F48: -0.5 | G48: =3/4 -> 0.75 | O48: =ROW() -> 48
O49: =ROW() -> 49
O50: =ROW() -> 50

Sheet Electricity
B1: Electricity | M1: =Summary!J1 -> 40823 | AO1: =ROW() -> 1
AO2: =ROW() -> 2
B3: This page pertains only to Electricity. Succeeding pages show Personal Ground Travel, Freight, Aviation, and Other Sectors. | K3: Figures in column apply either to 2007 or throughout. | L3: Figures in column correspond to actual data. | M3: Figures in column correspond to actual data. | N3: Same as for 2009, except baseline emissions for these two years are estimated. | P3: This and later years pivot off first tax year. | AO3: =ROW() -> 3
AO4: =ROW() -> 4
AO5: =ROW() -> 5
AO6: =ROW() -> 6
B7: Note: This worksheet is pre-formatted to print to six pages. Print area extends only to 2030. | K7: 2007 | L7: 2008 | M7: 2009 | N7: 2010 | O7: 2011 | P7: =Summary!P115 -> 2012 | Q7: =P7+1 -> 2013 | R7: =Q7+1 -> 2014 | S7: =R7+1 -> 2015 | T7: =S7+1 -> 2016 | U7: =T7+1 -> 2017 | V7: =U7+1 -> 2018 | W7: =V7+1 -> 2019 | X7: =W7+1 -> 2020 | ... AL7: =AK7+1 -> 2034 | AO7: =ROW() -> 7
AO8: =ROW() -> 8
B9: Parameters that pivot directly off assumptions in Summary worksheet are shown in blue. | AO9: =ROW() -> 9
B10: Key parameters that user may specify here (in this worksheet) are shown in magenta. | AO10: =ROW() -> 10
B11: Initial carbon tax per ton of CO2 emitted | I11: =Summary!$J$76 -> 10 | J11: =CONCATENATE("Do not type in two boxes at left. Quantities in those boxes are inputted automatically from Cells I",Summary!$AN$76,", I",Summary!$AN$78,", I",Summary!$AN$80,", and I",Summary!$AN$85," in 'Summary' worksheet. ",) -> Do not type in two boxes at left. Quantities in those boxes are inputted automatically from Cells I76, I78, I80, and I85 in 'Summary' worksheet. | AO11: =ROW() -> 11
B12: Annual tax increment per ton of CO2 emitted; OR Annual % growth | I12: =IF(Summary!J78=1,MAX(Summary!J80, 0.0001),Summary!J85) -> 0.1 | AO12: =ROW() -> 12
B13: =CONCATENATE("Note: Cell H",AO12, " is formulated as greater of (i) value entered in Summary, and (ii) 0.0001, to allow carbon tax rate to be set to zero; otherwise, zero would appear in denominator of some cells.") -> Note: Cell H12 is formulated as greater of (i) value entered in Summary, and (ii) 0.0001, to allow carbon tax rate to be set to zero; otherwise, zero would appear in denominator of some cells. | AO13: =ROW() -> 13
AO14: =ROW() -> 14
B15: =CONCATENATE("Is year at top of column equal to or greater than tax-start year (which was inputted in Summary tab, Cell H",Summary!$AN$98, ")?") -> Is year at top of column equal to or greater than tax-start year (which was inputted in Summary tab, Cell H98)? | M15: =IF(M$7>=Summary!$J98,"YES","NO") -> NO | N15: =IF(N$7>=Summary!$J98,"YES","NO") -> NO | O15: =IF(O$7>=Summary!$J98,"YES","NO") -> NO | P15: =IF(P$7>=Summary!$J98,"YES","NO") -> YES | Q15: =IF(Q$7>=Summary!$J98,"YES","NO") -> YES | R15: =IF(R$7>=Summary!$J98,"YES","NO") -> YES | S15: =IF(S$7>=Summary!$J98,"YES","NO") -> YES | T15: =IF(T$7>=Summary!$J98,"YES","NO") -> YES | ... AL15: =IF(AL$7>=Summary!$J98,"YES","NO") -> YES | AO15: =ROW() -> 15
B16: =CONCATENATE("Is year at top of column equal to or greater than final tax year (which was inputted in Summary tab, Cell H",Summary!$AN$110, ")?") -> Is year at top of column equal to or greater than final tax year (which was inputted in Summary tab, Cell H110)? | M16: =IF(M$7>Summary!$J99,"YES","NO") -> NO | N16: =IF(N$7>Summary!$J99,"YES","NO") -> NO | O16: =IF(O$7>Summary!$J99,"YES","NO") -> NO | P16: =IF(P$7>Summary!$J99,"YES","NO") -> NO | Q16: =IF(Q$7>Summary!$J99,"YES","NO") -> NO | R16: =IF(R$7>Summary!$J99,"YES","NO") -> NO | S16: =IF(S$7>Summary!$J99,"YES","NO") -> NO | T16: =IF(T$7>Summary!$J99,"YES","NO") -> NO | ... AL16: =IF(AL$7>Summary!$J99,"YES","NO") -> YES | AO16: =ROW() -> 16
B17: Effective tax year, number | M17: =IF(M15="NO",0,(IF(AND(M15="YES",M16="NO"),L17+1,L17))) -> 0 | N17: =IF(N15="NO",0,(IF(AND(N15="YES",N16="NO"),M17+1,M17))) -> 0 | O17: =IF(O15="NO",0,(IF(AND(O15="YES",O16="NO"),N17+1,N17))) -> 0 | P17: =IF(P15="NO",0,(IF(AND(P15="YES",P16="NO"),O17+1,O17))) -> 1 | Q17: =IF(Q15="NO",0,(IF(AND(Q15="YES",Q16="NO"),P17+1,P17))) -> 2 | R17: =IF(R15="NO",0,(IF(AND(R15="YES",R16="NO"),Q17+1,Q17))) -> 3 | S17: =IF(S15="NO",0,(IF(AND(S15="YES",S16="NO"),R17+1,R17))) -> 4 | T17: =IF(T15="NO",0,(IF(AND(T15="YES",T16="NO"),S17+1,S17))) -> 5 | ... AL17: =IF(AL15="NO",0,(IF(AND(AL15="YES",AL16="NO"),AK17+1,AK17))) -> 15 | AO17: =ROW() -> 17
B18: Tax in year shown, per ton of CO2 emitted | M18: =IF(Summary!$J78=1,MAX(0,$I$11*MIN(1,M17)+$I$12*(M17-1)),IF(M17=0,0,($I$11*(1+$I$12)^(M17-1)))) -> 0 | N18: =IF(Summary!$J78=1,MAX(0,$I$11*MIN(1,N17)+$I$12*(N17-1)),IF(N17=0,0,($I$11*(1+$I$12)^(N17-1)))) -> 0 | O18: =IF(Summary!$J78=1,MAX(0,$I$11*MIN(1,O17)+$I$12*(O17-1)),IF(O17=0,0,($I$11*(1+$I$12)^(O17-1)))) -> 0 | P18: =IF(Summary!$J78=1,MAX(0,$I$11*MIN(1,P17)+$I$12*(P17-1)),IF(P17=0,0,($I$11*(1+$I$12)^(P17-1)))) -> 10 | Q18: =IF(Summary!$J78=1,MAX(0,$I$11*MIN(1,Q17)+$I$12*(Q17-1)),IF(Q17=0,0,($I$11*(1+$I$12)^(Q17-1)))) -> 11 | R18: =IF(Summary!$J78=1,MAX(0,$I$11*MIN(1,R17)+$I$12*(R17-1)),IF(R17=0,0,($I$11*(1+$I$12)^(R17-1)))) -> 12.1 | S18: =IF(Summary!$J78=1,MAX(0,$I$11*MIN(1,S17)+$I$12*(S17-1)),IF(S17=0,0,($I$11*(1+$I$12)^(S17-1)))) -> 13.31 | T18: =IF(Summary!$J78=1,MAX(0,$I$11*MIN(1,T17)+$I$12*(T17-1)),IF(T17=0,0,($I$11*(1+$I$12)^(T17-1)))) -> 14.641 | ... AL18: =IF(Summary!$J78=1,MAX(0,$I$11*MIN(1,AL17)+$I$12*(AL17-1)),IF(AL17=0,0,($I$11*(1+$I$12)^(AL17-1)))) -> 37.974983 | AO18: =ROW() -> 18
B19: Tax in year shown, per metric ton of carbon dioxide emitted | M19: =M18*Parameters!$J$15/2000 -> 0 | N19: =N18*Parameters!$J$15/2000 -> 0 | O19: =O18*Parameters!$J$15/2000 -> 0 | P19: =P18*Parameters!$J$15/2000 -> 11.025 | Q19: =Q18*Parameters!$J$15/2000 -> 12.1275 | R19: =R18*Parameters!$J$15/2000 -> 13.34025 | S19: =S18*Parameters!$J$15/2000 -> 14.674275 | T19: =T18*Parameters!$J$15/2000 -> 16.141703 | ... AL19: =AL18*Parameters!$J$15/2000 -> 41.867419 | AO19: =ROW() -> 19
I20: 2005 | K20: =K7 -> 2007 | L20: =L7 -> 2008 | M20: =M7 -> 2009 | N20: =N7 -> 2010 | O20: =O7 -> 2011 | P20: =P7 -> 2012 | Q20: =Q7 -> 2013 | R20: =R7 -> 2014 | ... AL20: =AL7 -> 2034 | AO20: =ROW() -> 20
B21: Average Retail Price of Electricity (cents/kWh), with carbon tax | M21: 9.82 | N21: 9.88 | O21: =N21 -> 9.88 | P21: =$O21+P54 -> 10.497275 | Q21: =$O21+Q54 -> 10.55175 | R21: =$O21+R54 -> 10.610806 | S21: =$O21+S54 -> 10.674784 | T21: =$O21+T54 -> 10.744039 | U21: =$O21+U54 -> 10.818941 | V21: =$O21+V54 -> 10.899876 | W21: =$O21+W54 -> 10.987234 | ... AL21: =$O21+AL54 -> 11.696964 | AO21: =ROW() -> 21
B22: =CONCATENATE("2009 and 2010 prices are from Monthly Energy Review, T09.09, downloaded 20-Sept-11. 2011 is assumed to match 2010. Later years increment 2011 figure with carbon charge increment from Row ",AO54, ". In effect, carbon charge is assumed to be only factor affecting electricity prices. Note also that carbon charge increments decline over time due to assumed reduction in carbon intensity of electricity resulting from carbon tax. ") -> 2009 and 2010 prices are from Monthly Energy Review, T09.09, downloaded 20-Sept-11. 2011 is assumed to match 2010. Later years increment 2011 figure with carbon charge increment from Row 54. In effect, carbon charge is assumed to be only factor affecting electricity prices. Note also that carbon charge increments decline over time due to assumed reduction in carbon intensity of electricity resulting from carbon tax. | AO22: =ROW() -> 22
AO23: =ROW() -> 23
N24: =N7 -> 2010 | O24: =O7 -> 2011 | P24: =P7 -> 2012 | Q24: =Q7 -> 2013 | R24: =R7 -> 2014 | S24: =S7 -> 2015 | T24: =T7 -> 2016 | U24: =U7 -> 2017 | ... AL24: =AL7 -> 2034 | AO24: =ROW() -> 24
B25: U.S. electricity end use (TWh), without carbon tax | I25: =3810984.044/1000 -> 3810.984 | K25: =3890230.897/1000 -> 3890.2309 | M25: =3723802.824/1000 -> 3723.8028 | N25: =3884422.961/1000 -> 3884.423 | O25: =N25*1.00821354115528 -> 3916.3278 | P25: =O25*(1+Parameters!J8)^Parameters!$G$42*((1+Parameters!$J$9)^Parameters!$G$42)^(P7-2012) -> 3960.3044 | Q25: =P25*(1+Parameters!$J$9)^Parameters!$G$42 -> 4019.5617 | R25: =Q25*(1+Parameters!$J$9)^Parameters!$G$42 -> 4079.7056 | S25: =R25*(1+Parameters!$J$9)^Parameters!$G$42 -> 4140.7495 | T25: =S25*(1+Parameters!$J$9)^Parameters!$G$42 -> 4202.7067 | U25: =T25*(1+Parameters!$J$9)^Parameters!$G$42 -> 4265.591 | V25: =U25*(1+Parameters!$J$9)^Parameters!$G$42 -> 4329.4163 | W25: =V25*(1+Parameters!$J$9)^Parameters!$G$42 -> 4394.1965 | X25: =W25*(1+Parameters!$J$9)^Parameters!$G$42 -> 4459.946 | ... AL25: =AK25*(1+Parameters!$J$9)^Parameters!$G$42 -> 5490.7466 | AO25: =ROW() -> 25
B26: =CONCATENATE("2005-2010 figures are from EIA/MER, Table 7.06. 2011 figure prorates 2010 by % increase between first 5 months of respective years. Figures for 2012 apply income-elasticity for electricity given in Parameters page, Row ",Parameters!$O$42," to assumed GDP growth rates given in Rows ",Parameters!$O$7, " and ",Parameters!$O$8, " from same tab.") -> 2005-2010 figures are from EIA/MER, Table 7.06. 2011 figure prorates 2010 by % increase between first 5 months of respective years. Figures for 2012 apply income-elasticity for electricity given in Parameters page, Row 42 to assumed GDP growth rates given in Rows 7 and 8 from same tab. | AO26: =ROW() -> 26
AO27: =ROW() -> 27
AO28: =ROW() -> 28
B29: This area is a "space filler" (material to fill a few rows to enable subsequent worksheets' configuration to track this one) that sheds light on an important issue: inter-fuel competition within the electricity sector | AO29: =ROW() -> 29
AO30: =ROW() -> 30
AO31: =ROW() -> 31
I32: Amount by which a $10/ton carbon tax raises the price of a coal-fired kWh w/ 10,000 Btu heat rate: | J32: =L32/Parameters!$J$16*100*10 -> 1.04 | K32: ¢/kWh | L32: 2.08 | M32: lb CO2 per kWh, @ 10,000 heat rate (from Komanoff "Carbon Contents" XLS). | AO32: =ROW() -> 32
I33: Amount by which a $10/ton carbon tax raises the price of a gas-fired kWh w/ 6,000 Btu heat rate: | J33: =L33/Parameters!$J$16*100*10*(6000/10000) -> 0.339 | K33: ¢/kWh | L33: 1.13 | AO33: =ROW() -> 33
I34: Amount by which $10/ton carbon tax raises price advantage of gas-fired combined cycle vs. coal: | J34: =J32-J33 -> 0.701 | K34: ¢/kWh | AO34: =ROW() -> 34
P35: CO2 emissions, lb / kWh generated w/ Fossil Fuels, 2006 avg: | V35: 1.805 | AO35: =ROW() -> 35
B36: Assumed baseline annual incrs ratio in CO2 emissions, lb/kWh, if zero price on carbon | J36: =1-0.5*(1-Emissions!L26) -> 0.9923842 | L36: Equates to per-yr reduxn: | M36: =1-J36 -> 0.0076158046 | AO36: =ROW() -> 36
B37: KEA assumption, calculated as one-half of the compound annual average change from 2005 to 2010 (derived in Emissions worksheet). | AO37: =ROW() -> 37
B38: CO2 emissions, lb / kWh generated, w/o carbon tax | I38: =Emissions!G24 -> 1.312702 | K38: =Emissions!I24 -> 1.2864793 | L38: =Emissions!J24 -> 1.2700439 | M38: =Emissions!K24 -> 1.2089952 | N38: =Emissions!L24 -> 1.2157286 | O38: =N38*$J$36 -> 1.2064698 | P38: =O38*$J$36^(P7-2011) -> 1.1972816 | Q38: =P38*$J$36 -> 1.1881633 | R38: =Q38*$J$36 -> 1.1791145 | S38: =R38*$J$36 -> 1.1701346 | T38: =S38*$J$36 -> 1.1612231 | U38: =T38*$J$36 -> 1.1523795 | V38: =U38*$J$36 -> 1.1436032 | W38: =V38*$J$36 -> 1.1348937 | X38: =W38*$J$36 -> 1.1262506 | ... AL38: =AK38*$J$36 -> 1.0119354 | AO38: =ROW() -> 38
B39: =CONCATENATE("Figures through 2010 are calc'd in 'Emissions' worksheet. From 2011, each figure is previous year's figure times ratio in Cell J",AO36, ".") -> Figures through 2010 are calc'd in 'Emissions' worksheet. From 2011, each figure is previous year's figure times ratio in Cell J36. | AO39: =ROW() -> 39
B40: Ratio, Generation to Sales | F40: Avg for 4 yrs shown: | G40: =AVERAGE(I40:N40) -> 1.0635256 | I40: =I41/I25 -> 1.0641346 | K40: =K41/K25 -> 1.0685085 | M40: =M41/M25 -> 1.0608054 | N40: =N41/N25 -> 1.0606538 | AO40: =ROW() -> 40
B41: U.S. net electric gen. w/o carbon tax, thousand GWh | I41: =Emissions!G20 -> 4055.4 | K41: =Emissions!I20 -> 4156.7447 | M41: =Emissions!K20 -> 3950.2302 | N41: =Emissions!L20 -> 4120.028 | O41: =O25*$G$40 -> 4165.1148 | P41: =P25*$G$40 -> 4211.885 | Q41: =Q25*$G$40 -> 4274.9067 | R41: =R25*$G$40 -> 4338.8713 | S41: =S25*$G$40 -> 4403.793 | T41: =T25*$G$40 -> 4469.6861 | U41: =U25*$G$40 -> 4536.5652 | V41: =V25*$G$40 -> 4604.4449 | ... AL41: =AL25*$G$40 -> 5839.5495 | AO41: =ROW() -> 41
B42: =CONCATENATE("Figures through 2010 are taken from Emissions worksheet. From 2011, each figure is product of projected end-use TWh in Row ",AO25, " and empirical ratio of generation to sales in Cell F",AO40, ".") -> Figures through 2010 are taken from Emissions worksheet. From 2011, each figure is product of projected end-use TWh in Row 25 and empirical ratio of generation to sales in Cell F40. | AO42: =ROW() -> 42
B43: CO2 emissions, w/o carbon tax, millions of metric tons | I43: =Emissions!G48 -> 2414.3 | K43: =Emissions!I48 -> 2425.2 | L43: =Emissions!J48 -> 2372.7 | M43: =Emissions!K48 -> 2165.9 | N43: =Emissions!L48 -> 2271.5809 | O43: =O41*O38/Parameters!$J$15*1000 -> 2278.9503 | P43: =P41*P38/Parameters!$J$15*1000 -> 2286.9898 | Q43: =Q41*Q38/Parameters!$J$15*1000 -> 2303.5317 | R43: =R41*R38/Parameters!$J$15*1000 -> 2320.1933 | S43: =S41*S38/Parameters!$J$15*1000 -> 2336.9753 | T43: =T41*T38/Parameters!$J$15*1000 -> 2353.8788 | U43: =U41*U38/Parameters!$J$15*1000 -> 2370.9045 | V43: =V41*V38/Parameters!$J$15*1000 -> 2388.0534 | ... AL43: =AL41*AL38/Parameters!$J$15*1000 -> 2679.9304 | AO43: =ROW() -> 43
K44: =K7 -> 2007 | M44: =M7 -> 2009 | N44: =N7 -> 2010 | O44: =O7 -> 2011 | P44: =P7 -> 2012 | AO44: =ROW() -> 44
B45: Rate at which baseline CO2/kWh ratio is magnified per | G45: 10 | H45: ton/CO2 tax: | J45: 4 | AO45: =ROW() -> 45
B46: =CONCATENATE("CTC estimate, intended to reflect increased penetration of wind, natural gas, nuclear and generation efficiencies as coal-burning grows more costly. Note that relative cost of a coal-fired kWh vis-a-vis natural gas rises by approx'ly ",ROUND(J34,1), " cents per $10/ton CO2 rise in carbon tax. Ideally, impact would be modeled with time lag. Reduction is assumed to persist despite eventual leveling of carbon tax.") -> CTC estimate, intended to reflect increased penetration of wind, natural gas, nuclear and generation efficiencies as coal-burning grows more costly. Note that relative cost of a coal-fired kWh vis-a-vis natural gas rises by approx'ly 0.7 cents per $10/ton CO2 rise in carbon tax. Ideally, impact would be modeled with time lag. Reduction is assumed to persist despite eventual leveling of carbon tax. | AO46: =ROW() -> 46
AO47: =ROW() -> 47
AO48: =ROW() -> 48
B49: CO2 emissions, lb / kWh generated, w/ carbon tax | G49: Falls over time as generators seek to minimize tax reduce carbon-intensity of generation. | N49: =N38*(1-$J$45*$M$36)^(N18/$G$45) -> 1.2157286 | O49: =O38*(1-$J$45*$M$36)^(O18/$G$45) -> 1.2064698 | P49: =P38*(1-$J$45*$M$36)^(P18/$G$45) -> 1.1608086 | Q49: =Q38*(1-$J$45*$M$36)^(Q18/$G$45) -> 1.1484097 | R49: =R38*(1-$J$45*$M$36)^(R18/$G$45) -> 1.1357919 | S49: =S38*(1-$J$45*$M$36)^(S18/$G$45) -> 1.1229305 | T49: =T38*(1-$J$45*$M$36)^(T18/$G$45) -> 1.1097993 | U49: =U38*(1-$J$45*$M$36)^(U18/$G$45) -> 1.09637 | ... AL49: =AL38*(1-$J$45*$M$36)^(AL18/$G$45) -> 0.89976829 | AO49: =ROW() -> 49
B50: =CONCATENATE("Figures reduce Row ",AO38, " emission rates by a percentage calculated from Cells L",AO36, " and I",AO45, ", normalized by Cell F",AO45, ".") -> Figures reduce Row 38 emission rates by a percentage calculated from Cells L36 and I45, normalized by Cell F45. | AO50: =ROW() -> 50
AO51: =ROW() -> 51
B52: Carbon emission charge per kWh generated, ¢/kWh (w/ carbon tax) | P52: =P49*P18*100/(2000) -> 0.58040428 | Q52: =Q49*Q18*100/(2000) -> 0.63162536 | R52: =R49*R18*100/(2000) -> 0.68715412 | S52: =S49*S18*100/(2000) -> 0.74731028 | T52: =T49*T18*100/(2000) -> 0.81242857 | U52: =U49*U18*100/(2000) -> 0.88285746 | V52: =V49*V18*100/(2000) -> 0.95895732 | W52: =W49*W18*100/(2000) -> 1.0410979 | ... AL52: =AL49*AL18*100/(2000) -> 1.7084343 | AO52: =ROW() -> 52
B53: Line losses (% of generation that doesn't reach user) | K53: =1-1/G40 -> 0.059731123 | P53: Line loss % is from eGrid, according to a citation (FN 34 in Table A-6) of Center for Climate Strategies report referenced in C Emissions worksheet. | AO53: =ROW() -> 53
B54: Carbon charge per kWh delivered | O54: in ¢/kWh: | P54: =P52/(1-$K$53) -> 0.61727479 | Q54: =Q52/(1-$K$53) -> 0.67174972 | R54: =R52/(1-$K$53) -> 0.73080598 | S54: =S52/(1-$K$53) -> 0.7947836 | T54: =T52/(1-$K$53) -> 0.86403857 | U54: =U52/(1-$K$53) -> 0.93894149 | V54: =V52/(1-$K$53) -> 1.0198756 | W54: =W52/(1-$K$53) -> 1.1072343 | ... AL54: =AL52/(1-$K$53) -> 1.8169636 | AO54: =ROW() -> 54
AO55: =ROW() -> 55
K56: =K7 -> 2007 | L56: =L7 -> 2008 | M56: =M7 -> 2009 | N56: =N7 -> 2010 | O56: =O7 -> 2011 | P56: =P7 -> 2012 | Q56: =Q7 -> 2013 | R56: =R7 -> 2014 | ... AL56: =AL7 -> 2034 | AO56: =ROW() -> 56
B57: Change in U.S. electricity end-usage due to price impact of carbon tax, gigawatt-hours | N57: =CONCATENATE("Initial row in this block is derived through a calculation on Row ",AO122, ". Remaining rows employ Rows ",AO18, ", ",AO25, ", ",AO27, ", ",AO43, ", and ",AO49, " along with Cell F",AO40, ".") -> Initial row in this block is derived through a calculation on Row 122. Remaining rows employ Rows 18, 25, 27, 43, and 49 along with Cell F40. | P57: =P122*P25 -> -16.764904 | Q57: =Q122*Q25 -> -35.403283 | R57: =R122*R25 -> -56.082216 | S57: =S122*S25 -> -78.979688 | T57: =T122*T25 -> -104.28456 | U57: =U122*U25 -> -132.19638 | V57: =V122*V25 -> -162.92495 | W57: =W122*W25 -> -196.68969 | ... AL57: =AL122*AL25 -> -766.99404 | AO57: =ROW() -> 57
B58: U.S. electricity end-usage with carbon tax, gigawatt-hours | P58: =P25+P57 -> 3943.5395 | Q58: =Q25+Q57 -> 3984.1584 | R58: =R25+R57 -> 4023.6234 | S58: =S25+S57 -> 4061.7698 | T58: =T25+T57 -> 4098.4222 | U58: =U25+U57 -> 4133.3946 | V58: =V25+V57 -> 4166.4913 | W58: =W25+W57 -> 4197.5068 | ... AL58: =AL25+AL57 -> 4723.7526 | AO58: =ROW() -> 58
B59: U.S. net generation with carbon tax, gigawatt-hours | P59: =P58*$G$40 -> 4194.0551 | Q59: =Q58*$G$40 -> 4237.2544 | R59: =R58*$G$40 -> 4279.2264 | S59: =S58*$G$40 -> 4319.7961 | T59: =T58*$G$40 -> 4358.7768 | U59: =U58*$G$40 -> 4395.9709 | V59: =V58*$G$40 -> 4431.1701 | W59: =W58*$G$40 -> 4464.1558 | ... AL59: =AL58*$G$40 -> 5023.8317 | AO59: =ROW() -> 59
B60: CO2 emissions, millions of metric tons, with carbon tax | P60: =P59*P49*1000000/(Parameters!$J$15*1000) -> 2207.9343 | Q60: =Q59*Q49*1000000/(Parameters!$J$15*1000) -> 2206.85 | R60: =R59*R49*1000000/(Parameters!$J$15*1000) -> 2204.2226 | S60: =S59*S49*1000000/(Parameters!$J$15*1000) -> 2199.9233 | T60: =T59*T49*1000000/(Parameters!$J$15*1000) -> 2193.8174 | U60: =U59*U49*1000000/(Parameters!$J$15*1000) -> 2185.7646 | V60: =V59*V49*1000000/(Parameters!$J$15*1000) -> 2175.6197 | W60: =W59*W49*1000000/(Parameters!$J$15*1000) -> 2163.2342 | ... AL60: =AL59*AL49*1000000/(Parameters!$J$15*1000) -> 2050.0156 | AO60: =ROW() -> 60
B61: Change in CO2 due to carbon tax, million metric tons, relative to moving trajectory | P61: =P60-P43 -> -79.055512 | Q61: =Q60-Q43 -> -96.681722 | R61: =R60-R43 -> -115.97066 | S61: =S60-S43 -> -137.05199 | T61: =T60-T43 -> -160.06138 | U61: =U60-U43 -> -185.13997 | V61: =V60-V43 -> -212.43366 | W61: =W60-W43 -> -242.09212 | ... AL61: =AL60-AL43 -> -629.9148 | AO61: =ROW() -> 61
B62: Change in CO2 due to carbon tax, million metric tons, relative to 2009 emissions | P62: =P60-$M$43 -> 42.034278 | Q62: =Q60-$M$43 -> 40.94998 | R62: =R60-$M$43 -> 38.3226 | S62: =S60-$M$43 -> 34.023346 | T62: =T60-$M$43 -> 27.917419 | U62: =U60-$M$43 -> 19.86455 | V62: =V60-$M$43 -> 9.7197348 | W62: =W60-$M$43 -> -2.6658085 | ... AL62: =AL60-$M$43 -> -115.88437 | AO62: =ROW() -> 62
B63: Carbon Tax Revenues, $ billions | P63: =P60*P18/1000 -> 22.079343 | Q63: =Q60*Q18/1000 -> 24.27535 | R63: =R60*R18/1000 -> 26.671093 | S63: =S60*S18/1000 -> 29.28098 | T63: =T60*T18/1000 -> 32.119681 | U63: =U60*U18/1000 -> 35.201957 | V63: =V60*V18/1000 -> 38.542431 | W63: =W60*W18/1000 -> 42.155315 | ... AL63: =AL60*AL18/1000 -> 77.84931 | AO63: =ROW() -> 63
AO64: =ROW() -> 64
AO65: =ROW() -> 65
B66: % increase in average retail price of electricity over prior year | P66: =P21/O21-1 -> 0.062477206 | Q66: =Q21/P21-1 -> 0.0051894354 | R66: =R21/Q21-1 -> 0.0055968212 | S66: =S21/R21-1 -> 0.0060294777 | T66: =T21/S21-1 -> 0.0064877163 | U66: =U21/T21-1 -> 0.0069715798 | V66: =V21/U21-1 -> 0.0074807829 | W66: =W21/V21-1 -> 0.008014646 | ... AL66: =AL21/AK21-1 -> -0.0011906706 | AO66: =ROW() -> 66
AO67: =ROW() -> 67
B68: Assumed price-elasticity of electricity (long-run) | H68: =-Parameters!F42 -> 0.7 | AO68: =ROW() -> 68
B69: =CONCATENATE("Sourced in 'Parameters' worksheet tab, Row ",Parameters!O42, ".") -> Sourced in 'Parameters' worksheet tab, Row 42. | R69: We assume that impact of carbon tax on electricity demand is realized over time in a linear fashion. (This is apart from phase-in of carbon tax level itself.) Each cell in triangular array below denotes effective price-elasticity in column year that will apply to tax enacted in row year. Further below, each cell in rectangular array operates on corresponding elasticity value and price increase due to tax, to yield a multiplicative factor denoting shrinkage in demand due to higher price. | AO69: =ROW() -> 69
AO70: =ROW() -> 70
B71: No. of years over which long-run elasticity is manifested | H71: 10 | K71: CTC assumption. | AO71: =ROW() -> 71
B72: First year in which carbon tax is effective | H72: =P7 -> 2012 | AO72: =ROW() -> 72
AO73: =ROW() -> 73
B74: Effective price-elasticity in this column's year, for tax enacted in: | H74: =H72 -> 2012 | P74: =IF(P7>=Summary!$J$98+$H$71,$H$68,((P7-$H$72+1)/$H$71)*$H$68) -> 0.07 | Q74: =IF(Q7>=Summary!$J$98+$H$71,$H$68,((Q7-$H$72+1)/$H$71)*$H$68) -> 0.14 | R74: =IF(R7>=Summary!$J$98+$H$71,$H$68,((R7-$H$72+1)/$H$71)*$H$68) -> 0.21 | S74: =IF(S7>=Summary!$J$98+$H$71,$H$68,((S7-$H$72+1)/$H$71)*$H$68) -> 0.28 | T74: =IF(T7>=Summary!$J$98+$H$71,$H$68,((T7-$H$72+1)/$H$71)*$H$68) -> 0.35 | U74: =IF(U7>=Summary!$J$98+$H$71,$H$68,((U7-$H$72+1)/$H$71)*$H$68) -> 0.42 | V74: =IF(V7>=Summary!$J$98+$H$71,$H$68,((V7-$H$72+1)/$H$71)*$H$68) -> 0.49 | W74: =IF(W7>=Summary!$J$98+$H$71,$H$68,((W7-$H$72+1)/$H$71)*$H$68) -> 0.56 | ... AL74: =IF(AL7>=Summary!$J$98+$H$71,$H$68,((AL7-$H$72+1)/$H$71)*$H$68) -> 0.7 | AO74: =ROW() -> 74
B75: Effective price-elasticity in this column's year, for tax enacted in: | H75: =H74+1 -> 2013 | Q75: =P74 -> 0.07 | R75: =Q74 -> 0.14 | S75: =R74 -> 0.21 | T75: =S74 -> 0.28 | U75: =T74 -> 0.35 | V75: =U74 -> 0.42 | W75: =V74 -> 0.49 | X75: =W74 -> 0.56 | ... AL75: =AK74 -> 0.7 | AO75: =ROW() -> 75
B76: Effective price-elasticity in this column's year, for tax enacted in: | H76: =H75+1 -> 2014 | R76: =Q75 -> 0.07 | S76: =R75 -> 0.14 | T76: =S75 -> 0.21 | U76: =T75 -> 0.28 | V76: =U75 -> 0.35 | W76: =V75 -> 0.42 | X76: =W75 -> 0.49 | Y76: =X75 -> 0.56 | ... AL76: =AK75 -> 0.7 | AO76: =ROW() -> 76
B77: Effective price-elasticity in this column's year, for tax enacted in: | H77: =H76+1 -> 2015 | S77: =R76 -> 0.07 | T77: =S76 -> 0.14 | U77: =T76 -> 0.21 | V77: =U76 -> 0.28 | W77: =V76 -> 0.35 | X77: =W76 -> 0.42 | Y77: =X76 -> 0.49 | Z77: =Y76 -> 0.56 | ... AL77: =AK76 -> 0.7 | AO77: =ROW() -> 77
B78: Effective price-elasticity in this column's year, for tax enacted in: | H78: =H77+1 -> 2016 | T78: =S77 -> 0.07 | U78: =T77 -> 0.14 | V78: =U77 -> 0.21 | W78: =V77 -> 0.28 | X78: =W77 -> 0.35 | Y78: =X77 -> 0.42 | Z78: =Y77 -> 0.49 | AA78: =Z77 -> 0.56 | ... AL78: =AK77 -> 0.7 | AO78: =ROW() -> 78
B79: Effective price-elasticity in this column's year, for tax enacted in: | H79: =H78+1 -> 2017 | U79: =T78 -> 0.07 | V79: =U78 -> 0.14 | W79: =V78 -> 0.21 | X79: =W78 -> 0.28 | Y79: =X78 -> 0.35 | Z79: =Y78 -> 0.42 | AA79: =Z78 -> 0.49 | AB79: =AA78 -> 0.56 | ... AL79: =AK78 -> 0.7 | AO79: =ROW() -> 79
B80: Effective price-elasticity in this column's year, for tax enacted in: | H80: =H79+1 -> 2018 | V80: =U79 -> 0.07 | W80: =V79 -> 0.14 | X80: =W79 -> 0.21 | Y80: =X79 -> 0.28 | Z80: =Y79 -> 0.35 | AA80: =Z79 -> 0.42 | AB80: =AA79 -> 0.49 | AC80: =AB79 -> 0.56 | ... AL80: =AK79 -> 0.7 | AO80: =ROW() -> 80
B81: Effective price-elasticity in this column's year, for tax enacted in: | H81: =H80+1 -> 2019 | W81: =V80 -> 0.07 | X81: =W80 -> 0.14 | Y81: =X80 -> 0.21 | Z81: =Y80 -> 0.28 | AA81: =Z80 -> 0.35 | AB81: =AA80 -> 0.42 | AC81: =AB80 -> 0.49 | AD81: =AC80 -> 0.56 | ... AL81: =AK80 -> 0.7 | AO81: =ROW() -> 81
B82: Effective price-elasticity in this column's year, for tax enacted in: | H82: =H81+1 -> 2020 | X82: =W81 -> 0.07 | Y82: =X81 -> 0.14 | Z82: =Y81 -> 0.21 | AA82: =Z81 -> 0.28 | AB82: =AA81 -> 0.35 | AC82: =AB81 -> 0.42 | AD82: =AC81 -> 0.49 | AE82: =AD81 -> 0.56 | ... AL82: =AK81 -> 0.7 | AO82: =ROW() -> 82
B83: Effective price-elasticity in this column's year, for tax enacted in: | H83: =H82+1 -> 2021 | Y83: =X82 -> 0.07 | Z83: =Y82 -> 0.14 | AA83: =Z82 -> 0.21 | AB83: =AA82 -> 0.28 | AC83: =AB82 -> 0.35 | AD83: =AC82 -> 0.42 | AE83: =AD82 -> 0.49 | AF83: =AE82 -> 0.56 | ... AL83: =AK82 -> 0.7 | AO83: =ROW() -> 83
B84: Effective price-elasticity in this column's year, for tax enacted in: | H84: =H83+1 -> 2022 | Z84: =Y83 -> 0.07 | AA84: =Z83 -> 0.14 | AB84: =AA83 -> 0.21 | AC84: =AB83 -> 0.28 | AD84: =AC83 -> 0.35 | AE84: =AD83 -> 0.42 | AF84: =AE83 -> 0.49 | AG84: =AF83 -> 0.56 | ... AL84: =AK83 -> 0.7 | AO84: =ROW() -> 84
B85: Effective price-elasticity in this column's year, for tax enacted in: | H85: =H84+1 -> 2023 | AA85: =Z84 -> 0.07 | AB85: =AA84 -> 0.14 | AC85: =AB84 -> 0.21 | AD85: =AC84 -> 0.28 | AE85: =AD84 -> 0.35 | AF85: =AE84 -> 0.42 | AG85: =AF84 -> 0.49 | AH85: =AG84 -> 0.56 | ... AL85: =AK84 -> 0.7 | AO85: =ROW() -> 85
B86: Effective price-elasticity in this column's year, for tax enacted in: | H86: =H85+1 -> 2024 | AB86: =AA85 -> 0.07 | AC86: =AB85 -> 0.14 | AD86: =AC85 -> 0.21 | AE86: =AD85 -> 0.28 | AF86: =AE85 -> 0.35 | AG86: =AF85 -> 0.42 | AH86: =AG85 -> 0.49 | AI86: =AH85 -> 0.56 | ... AL86: =AK85 -> 0.7 | AO86: =ROW() -> 86
B87: Effective price-elasticity in this column's year, for tax enacted in: | H87: =H86+1 -> 2025 | AC87: =AB86 -> 0.07 | AD87: =AC86 -> 0.14 | AE87: =AD86 -> 0.21 | AF87: =AE86 -> 0.28 | AG87: =AF86 -> 0.35 | AH87: =AG86 -> 0.42 | AI87: =AH86 -> 0.49 | AJ87: =AI86 -> 0.56 | ... AL87: =AK86 -> 0.7 | AO87: =ROW() -> 87
B88: Effective price-elasticity in this column's year, for tax enacted in: | H88: =H87+1 -> 2026 | AD88: =AC87 -> 0.07 | AE88: =AD87 -> 0.14 | AF88: =AE87 -> 0.21 | AG88: =AF87 -> 0.28 | AH88: =AG87 -> 0.35 | AI88: =AH87 -> 0.42 | AJ88: =AI87 -> 0.49 | AK88: =AJ87 -> 0.56 | AL88: =AK87 -> 0.63 | AO88: =ROW() -> 88
B89: Effective price-elasticity in this column's year, for tax enacted in: | H89: =H88+1 -> 2027 | AE89: =AD88 -> 0.07 | AF89: =AE88 -> 0.14 | AG89: =AF88 -> 0.21 | AH89: =AG88 -> 0.28 | AI89: =AH88 -> 0.35 | AJ89: =AI88 -> 0.42 | AK89: =AJ88 -> 0.49 | AL89: =AK88 -> 0.56 | AO89: =ROW() -> 89
B90: Effective price-elasticity in this column's year, for tax enacted in: | H90: =H89+1 -> 2028 | AF90: =AE89 -> 0.07 | AG90: =AF89 -> 0.14 | AH90: =AG89 -> 0.21 | AI90: =AH89 -> 0.28 | AJ90: =AI89 -> 0.35 | AK90: =AJ89 -> 0.42 | AL90: =AK89 -> 0.49 | AO90: =ROW() -> 90
B91: Effective price-elasticity in this column's year, for tax enacted in: | H91: =H90+1 -> 2029 | AG91: =AF90 -> 0.07 | AH91: =AG90 -> 0.14 | AI91: =AH90 -> 0.21 | AJ91: =AI90 -> 0.28 | AK91: =AJ90 -> 0.35 | AL91: =AK90 -> 0.42 | AO91: =ROW() -> 91
B92: Effective price-elasticity in this column's year, for tax enacted in: | H92: =H91+1 -> 2030 | AH92: =AG91 -> 0.07 | AI92: =AH91 -> 0.14 | AJ92: =AI91 -> 0.21 | AK92: =AJ91 -> 0.28 | AL92: =AK91 -> 0.35 | AO92: =ROW() -> 92
B93: Effective price-elasticity in this column's year, for tax enacted in: | H93: =H92+1 -> 2031 | AI93: =AH92 -> 0.07 | AJ93: =AI92 -> 0.14 | AK93: =AJ92 -> 0.21 | AL93: =AK92 -> 0.28 | AO93: =ROW() -> 93
B94: Effective price-elasticity in this column's year, for tax enacted in: | H94: =H93+1 -> 2032 | AJ94: =AI93 -> 0.07 | AK94: =AJ93 -> 0.14 | AL94: =AK93 -> 0.21 | AO94: =ROW() -> 94
B95: Effective price-elasticity in this column's year, for tax enacted in: | H95: =H94+1 -> 2033 | AK95: =AJ94 -> 0.07 | AL95: =AK94 -> 0.14 | AO95: =ROW() -> 95
B96: Effective price-elasticity in this column's year, for tax enacted in: | H96: =H95+1 -> 2034 | AL96: =AK95 -> 0.07 | AO96: =ROW() -> 96
AO97: =ROW() -> 97
B98: Elec demand factor due to this yr's price increase | H98: =H74 -> 2012 | P98: =(1+$P$66)^(-P74) -> 0.99576676 | Q98: =(1+$P$66)^(-Q74) -> 0.99155145 | R98: =(1+$P$66)^(-R74) -> 0.98735398 | S98: =(1+$P$66)^(-S74) -> 0.98317427 | T98: =(1+$P$66)^(-T74) -> 0.97901226 | U98: =(1+$P$66)^(-U74) -> 0.97486787 | V98: =(1+$P$66)^(-V74) -> 0.97074103 | W98: =(1+$P$66)^(-W74) -> 0.96663165 | ... AL98: =(1+$P$66)^(-AL74) -> 0.95846501 | AO98: =ROW() -> 98
B99: Elec demand factor due to this yr's price increase | H99: =H75 -> 2013 | P99: =(1+$P$66)^(-P75) -> 1 | Q99: =(1+$Q$66)^(-Q75) -> 0.99963774 | R99: =(1+$Q$66)^(-R75) -> 0.99927562 | S99: =(1+$Q$66)^(-S75) -> 0.99891363 | T99: =(1+$Q$66)^(-T75) -> 0.99855177 | U99: =(1+$Q$66)^(-U75) -> 0.99819003 | V99: =(1+$Q$66)^(-V75) -> 0.99782843 | W99: =(1+$Q$66)^(-W75) -> 0.99746697 | X99: =(1+$Q$66)^(-X75) -> 0.99710563 | ... AL99: =(1+$Q$66)^(-AL75) -> 0.99638334 | AO99: =ROW() -> 99
B100: Elec demand factor due to this yr's price increase | H100: =H76 -> 2014 | P100: =(1+$P$66)^(-P76) -> 1 | Q100: =(1+$Q$66)^(-Q76) -> 1 | R100: =(1+$R$66)^(-R76) -> 0.99960939 | S100: =(1+$R$66)^(-S76) -> 0.99921893 | T100: =(1+$R$66)^(-T76) -> 0.99882863 | U100: =(1+$R$66)^(-U76) -> 0.99843848 | V100: =(1+$R$66)^(-V76) -> 0.99804848 | W100: =(1+$R$66)^(-W76) -> 0.99765863 | X100: =(1+$R$66)^(-X76) -> 0.99726894 | Y100: =(1+$R$66)^(-Y76) -> 0.9968794 | ... AL100: =(1+$R$66)^(-AL76) -> 0.99610077 | AO100: =ROW() -> 100
...

Sheet Personal Ground Travel
B1: Personal Ground Travel | M1: =Summary!J1 -> 40823 | AO1: =ROW() -> 1
AO2: =ROW() -> 2
B3: This page pertains only to Personal Ground Travel. Other pages show Electricity, Freight, Aviation, and Other Sectors. | K3: Figures in column apply either to 2007 or throughout. | L3: Figures in column correspond to actual data. | M3: Figures in column correspond to actual data. | N3: Same as for 2009, except baseline emissions for these two years are estimated. | P3: This and later years pivot off first tax year. | AO3: =ROW() -> 3
AO4: =ROW() -> 4
AO5: =ROW() -> 5
AO6: =ROW() -> 6
B7: Note: This worksheet is pre-formatted to print to six pages. Print area extends only to 2030. | K7: 2007 | L7: 2008 | M7: 2009 | N7: 2010 | O7: 2011 | P7: =Summary!P115 -> 2012 | Q7: =P7+1 -> 2013 | R7: =Q7+1 -> 2014 | S7: =R7+1 -> 2015 | T7: =S7+1 -> 2016 | U7: =T7+1 -> 2017 | V7: =U7+1 -> 2018 | W7: =V7+1 -> 2019 | X7: =W7+1 -> 2020 | ... AL7: =AK7+1 -> 2034 | AO7: =ROW() -> 7
AO8: =ROW() -> 8
B9: Parameters that pivot directly off assumptions in Summary worksheet are shown in blue. | AO9: =ROW() -> 9
B10: Key parameters that user may specify here (in this worksheet) are shown in magenta. | AO10: =ROW() -> 10
B11: Initial carbon tax per ton of CO2 emitted | I11: =Summary!$J$76 -> 10 | J11: =CONCATENATE("Do not type in two boxes at left. Quantities in those boxes are inputted automatically from Cells I",Summary!$AN$76,", I",Summary!$AN$78,", I",Summary!$AN$80,", and I",Summary!$AN$85," in 'Summary' worksheet. ",) -> Do not type in two boxes at left. Quantities in those boxes are inputted automatically from Cells I76, I78, I80, and I85 in 'Summary' worksheet. | AO11: =ROW() -> 11
B12: Annual tax increment per ton of CO2 emitted; OR Annual % growth | I12: =IF(Summary!J78=1,MAX(Summary!J80, 0.0001),Summary!J85) -> 0.1 | AO12: =ROW() -> 12
B13: =CONCATENATE("Note: Cell H",AO12, " is formulated as greater of (i) value entered in Summary, and (ii) 0.0001, to allow carbon tax rate to be set to zero; otherwise, zero would appear in denominator of some cells.") -> Note: Cell H12 is formulated as greater of (i) value entered in Summary, and (ii) 0.0001, to allow carbon tax rate to be set to zero; otherwise, zero would appear in denominator of some cells. | AO13: =ROW() -> 13
AO14: =ROW() -> 14
B15: =CONCATENATE("Is year at top of column equal to or greater than tax-start year (which was inputted in Summary tab, Cell H",Summary!$AN$98, ")?") -> Is year at top of column equal to or greater than tax-start year (which was inputted in Summary tab, Cell H98)? | M15: =IF(M$7>=Summary!$J98,"YES","NO") -> NO | N15: =IF(N$7>=Summary!$J98,"YES","NO") -> NO | O15: =IF(O$7>=Summary!$J98,"YES","NO") -> NO | P15: =IF(P$7>=Summary!$J98,"YES","NO") -> YES | Q15: =IF(Q$7>=Summary!$J98,"YES","NO") -> YES | R15: =IF(R$7>=Summary!$J98,"YES","NO") -> YES | S15: =IF(S$7>=Summary!$J98,"YES","NO") -> YES | T15: =IF(T$7>=Summary!$J98,"YES","NO") -> YES | ... AL15: =IF(AL$7>=Summary!$J98,"YES","NO") -> YES | AO15: =ROW() -> 15
B16: =CONCATENATE("Is year at top of column equal to or greater than final tax year (which was inputted in Summary tab, Cell H",Summary!$AN$110, ")?") -> Is year at top of column equal to or greater than final tax year (which was inputted in Summary tab, Cell H110)? | M16: =IF(M$7>Summary!$J99,"YES","NO") -> NO | N16: =IF(N$7>Summary!$J99,"YES","NO") -> NO | O16: =IF(O$7>Summary!$J99,"YES","NO") -> NO | P16: =IF(P$7>Summary!$J99,"YES","NO") -> NO | Q16: =IF(Q$7>Summary!$J99,"YES","NO") -> NO | R16: =IF(R$7>Summary!$J99,"YES","NO") -> NO | S16: =IF(S$7>Summary!$J99,"YES","NO") -> NO | T16: =IF(T$7>Summary!$J99,"YES","NO") -> NO | ... AL16: =IF(AL$7>Summary!$J99,"YES","NO") -> YES | AO16: =ROW() -> 16
B17: Effective tax year, number | M17: =IF(M15="NO",0,(IF(AND(M15="YES",M16="NO"),L17+1,L17))) -> 0 | N17: =IF(N15="NO",0,(IF(AND(N15="YES",N16="NO"),M17+1,M17))) -> 0 | O17: =IF(O15="NO",0,(IF(AND(O15="YES",O16="NO"),N17+1,N17))) -> 0 | P17: =IF(P15="NO",0,(IF(AND(P15="YES",P16="NO"),O17+1,O17))) -> 1 | Q17: =IF(Q15="NO",0,(IF(AND(Q15="YES",Q16="NO"),P17+1,P17))) -> 2 | R17: =IF(R15="NO",0,(IF(AND(R15="YES",R16="NO"),Q17+1,Q17))) -> 3 | S17: =IF(S15="NO",0,(IF(AND(S15="YES",S16="NO"),R17+1,R17))) -> 4 | T17: =IF(T15="NO",0,(IF(AND(T15="YES",T16="NO"),S17+1,S17))) -> 5 | ... AL17: =IF(AL15="NO",0,(IF(AND(AL15="YES",AL16="NO"),AK17+1,AK17))) -> 15 | AO17: =ROW() -> 17
B18: Tax in year shown, per ton of CO2 emitted | M18: =IF(Summary!$J78=1,MAX(0,$I$11*MIN(1,M17)+$I$12*(M17-1)),IF(M17=0,0,($I$11*(1+$I$12)^(M17-1)))) -> 0 | N18: =IF(Summary!$J78=1,MAX(0,$I$11*MIN(1,N17)+$I$12*(N17-1)),IF(N17=0,0,($I$11*(1+$I$12)^(N17-1)))) -> 0 | O18: =IF(Summary!$J78=1,MAX(0,$I$11*MIN(1,O17)+$I$12*(O17-1)),IF(O17=0,0,($I$11*(1+$I$12)^(O17-1)))) -> 0 | P18: =IF(Summary!$J78=1,MAX(0,$I$11*MIN(1,P17)+$I$12*(P17-1)),IF(P17=0,0,($I$11*(1+$I$12)^(P17-1)))) -> 10 | Q18: =IF(Summary!$J78=1,MAX(0,$I$11*MIN(1,Q17)+$I$12*(Q17-1)),IF(Q17=0,0,($I$11*(1+$I$12)^(Q17-1)))) -> 11 | R18: =IF(Summary!$J78=1,MAX(0,$I$11*MIN(1,R17)+$I$12*(R17-1)),IF(R17=0,0,($I$11*(1+$I$12)^(R17-1)))) -> 12.1 | S18: =IF(Summary!$J78=1,MAX(0,$I$11*MIN(1,S17)+$I$12*(S17-1)),IF(S17=0,0,($I$11*(1+$I$12)^(S17-1)))) -> 13.31 | T18: =IF(Summary!$J78=1,MAX(0,$I$11*MIN(1,T17)+$I$12*(T17-1)),IF(T17=0,0,($I$11*(1+$I$12)^(T17-1)))) -> 14.641 | ... AL18: =IF(Summary!$J78=1,MAX(0,$I$11*MIN(1,AL17)+$I$12*(AL17-1)),IF(AL17=0,0,($I$11*(1+$I$12)^(AL17-1)))) -> 37.974983 | AO18: =ROW() -> 18
B19: Tax in year shown, per metric ton of carbon dioxide emitted | M19: =M18*Parameters!$J$15/2000 -> 0 | N19: =N18*Parameters!$J$15/2000 -> 0 | O19: =O18*Parameters!$J$15/2000 -> 0 | P19: =P18*Parameters!$J$15/2000 -> 11.025 | Q19: =Q18*Parameters!$J$15/2000 -> 12.1275 | R19: =R18*Parameters!$J$15/2000 -> 13.34025 | S19: =S18*Parameters!$J$15/2000 -> 14.674275 | T19: =T18*Parameters!$J$15/2000 -> 16.141703 | ... AL19: =AL18*Parameters!$J$15/2000 -> 41.867419 | AO19: =ROW() -> 19
AO20: =ROW() -> 20
B21: Million Btu per barrel, gasoline | E21: http://www.epa.gov/ttn/chief/eiip/techreport/volume08/viii01.pdf | K21: 5.253 | AO21: =ROW() -> 21
B22: Btu per gallon, gasoline | K22: =K21*1000000/Parameters!$J$18 -> 125071.43 | AO22: =ROW() -> 22
B23: lbs Carbon per gallon, gasoline | K23: =Emissions!J182/Parameters!J17 -> 5.3373914 | AO23: =ROW() -> 23
B24: Which is equivalent to this many pounds of carbon (not CO2) per 106 Btu: | K24: =K23*1000000/K22 -> 42.674745 | AO24: =ROW() -> 24
B25: lbs CO2 per gallon, gasoline | K25: =K23*Parameters!$J$14 -> 19.570435 | AO25: =ROW() -> 25
AO26: =ROW() -> 26
AO27: =ROW() -> 27
B28: Additional tax on gasoline, cents/gallon, initial year (if surtax, beyond carbon tax) | J28: =Summary!J89*IF(Summary!C95="YES",1,0) -> 6 | K28: ¢/gal | M28: =IF(Summary!$J78=1,MAX(0,$J$28*MIN(1,M17)+$J$29*(M17-1)),IF(M17=0,0,($J$28*(1+$J$29/100)^(M17-1)))) -> 0 | N28: =IF(Summary!$J78=1,MAX(0,$J$28*MIN(1,N17)+$J$29*(N17-1)),IF(N17=0,0,($J$28*(1+$J$29/100)^(N17-1)))) -> 0 | O28: =IF(Summary!$J78=1,MAX(0,$J$28*MIN(1,O17)+$J$29*(O17-1)),IF(O17=0,0,($J$28*(1+$J$29/100)^(O17-1)))) -> 0 | P28: =IF(Summary!$J78=1,MAX(0,$J$28*MIN(1,P17)+$J$29*(P17-1)),IF(P17=0,0,($J$28*(1+$J$29/100)^(P17-1)))) -> 6 | Q28: =IF(Summary!$J78=1,MAX(0,$J$28*MIN(1,Q17)+$J$29*(Q17-1)),IF(Q17=0,0,($J$28*(1+$J$29/100)^(Q17-1)))) -> 6.6 | R28: =IF(Summary!$J78=1,MAX(0,$J$28*MIN(1,R17)+$J$29*(R17-1)),IF(R17=0,0,($J$28*(1+$J$29/100)^(R17-1)))) -> 7.26 | S28: =IF(Summary!$J78=1,MAX(0,$J$28*MIN(1,S17)+$J$29*(S17-1)),IF(S17=0,0,($J$28*(1+$J$29/100)^(S17-1)))) -> 7.986 | T28: =IF(Summary!$J78=1,MAX(0,$J$28*MIN(1,T17)+$J$29*(T17-1)),IF(T17=0,0,($J$28*(1+$J$29/100)^(T17-1)))) -> 8.7846 | ... AL28: =IF(Summary!$J78=1,MAX(0,$J$28*MIN(1,AL17)+$J$29*(AL17-1)),IF(AL17=0,0,($J$28*(1+$J$29/100)^(AL17-1)))) -> 22.78499 | AO28: =ROW() -> 28
B29: Annual surtax increment, cents/gallon; OR Annual % growth | J29: =IF(Summary!J78=1,MAX(J28*I12/I11, 0.0001),Summary!J85*100*IF(Summary!C95="YES",1,0)) -> 10 | K29: =IF(Summary!$J$78=1,"¢/gal","%") -> % | AO29: =ROW() -> 29
I30: 2005 | K30: =K7 -> 2007 | M30: =M7 -> 2009 | N30: =N7 -> 2010 | O30: =O7 -> 2011 | P30: =P7 -> 2012 | Q30: =Q7 -> 2013 | R30: =R7 -> 2014 | S30: =S7 -> 2015 | T30: =T7 -> 2016 | ... AL30: =AL7 -> 2034 | AO30: =ROW() -> 30
B31: U.S. Motor gasoline 000 bbls/day | I31: =Emissions!S119 -> 9159.264 | K31: =Emissions!S121 -> 9285.669 | M31: =Emissions!S123 -> 8996.521 | N31: =Emissions!S124 -> 8992.654 | O31: =Emissions!S125 -> 8807.8431 | AO31: =ROW() -> 31
B32: (from Emissions worksheet) | AO32: =ROW() -> 32
B33: U.S. Motor gasoline 000 bbls (entire year) | I33: =I31*Parameters!$J$19 -> 3343131.4 | K33: =K31*Parameters!$J$19 -> 3389269.2 | M33: =M31*Parameters!$J$19 -> 3283730.2 | N33: =N31*Parameters!$J$19 -> 3282318.7 | O33: =O31*Parameters!$J$19 -> 3214862.7 | AO33: =ROW() -> 33
B34: U.S. Motor gasoline, million gallons | I34: =I33*Parameters!$J$18/1000 -> 140411.52 | K34: =K33*Parameters!$J$18/1000 -> 142349.31 | M34: =M33*Parameters!$J$18/1000 -> 137916.67 | N34: =N33*Parameters!$J$18/1000 -> 137857.39 | O34: =O33*Parameters!$J$18/1000 -> 135024.23 | AO34: =ROW() -> 34
AO35: =ROW() -> 35
B36: Historical Real Increase Rate in U.S. Average Gasoline Price, 1990-2010: | K36: 0.017 | AO36: =ROW() -> 36
B37: See Komanoff spreadsheet, "Price-Elasticity of Gasoline Demand, accessible via <http://www.komanoff.net/oil_9_11/>. Go to Full-Year Comparison page. | AO37: =ROW() -> 37
B38: Multiplier to that rate, for projecting future real increase in gasoline price after 2010: | K38: 1 | AO38: =ROW() -> 38
B39: Komanoff assumption. | AO39: =ROW() -> 39
B40: Projected annual rate of real increase in average gasoline price beyond 2010, w/o C tax | K40: =K36*K38 -> 0.017 | AO40: =ROW() -> 40
B41: =CONCATENATE("Product of Rows ",AO36, " and ",AO38, ".") -> Product of Rows 36 and 38. | AO41: =ROW() -> 41
B42: Gasoline usage, million gallons, w/o carbon tax | I42: =I34 -> 140411.52 | K42: =K34 -> 142349.31 | M42: =M34 -> 137916.67 | N42: =N34 -> 137857.39 | O42: =O34 -> 135024.23 | P42: =O42*((1+Parameters!$J$8)^Parameters!$G$45)*((1+Parameters!$J$9)^Parameters!$G$45)^(P7-2012)*((1+$K$40)^Parameters!$F$45)^(P7-2011) -> 135454.69 | Q42: =P42*((1+Parameters!$J$9)^Parameters!$G$45)*(1+$K$40)^Parameters!$F$45 -> 136332.41 | R42: =Q42*((1+Parameters!$J$9)^Parameters!$G$45)*(1+$K$40)^Parameters!$F$45 -> 137215.82 | S42: =R42*((1+Parameters!$J$9)^Parameters!$G$45)*(1+$K$40)^Parameters!$F$45 -> 138104.95 | T42: =S42*((1+Parameters!$J$9)^Parameters!$G$45)*(1+$K$40)^Parameters!$F$45 -> 138999.84 | U42: =T42*((1+Parameters!$J$9)^Parameters!$G$45)*(1+$K$40)^Parameters!$F$45 -> 139900.53 | V42: =U42*((1+Parameters!$J$9)^Parameters!$G$45)*(1+$K$40)^Parameters!$F$45 -> 140807.06 | W42: =V42*((1+Parameters!$J$9)^Parameters!$G$45)*(1+$K$40)^Parameters!$F$45 -> 141719.46 | X42: =W42*((1+Parameters!$J$9)^Parameters!$G$45)*(1+$K$40)^Parameters!$F$45 -> 142637.78 | ... AL42: =AK42*((1+Parameters!$J$9)^Parameters!$G$45)*(1+$K$40)^Parameters!$F$45 -> 156136.88 | AO42: =ROW() -> 42
B43: =CONCATENATE("2005-2011 figures are from Row ",AO34, ". Figures for 2012 and later apply income-elasticity for gasoline given in Parameters page, Row ",Parameters!$O$45," to assumed GDP growth rates given in Row ",Parameters!$O$8, " from same tab.") -> 2005-2011 figures are from Row 34. Figures for 2012 and later apply income-elasticity for gasoline given in Parameters page, Row 45 to assumed GDP growth rates given in Row 8 from same tab. | AO43: =ROW() -> 43
AO44: =ROW() -> 44
AO45: =ROW() -> 45
B46: CO2 emissions, millions of metric tons, w/o carbon tax | I46: =I42*$K$25/Parameters!$J$15 -> 1246.2197 | K46: =K42*$K$25/Parameters!$J$15 -> 1263.4185 | M46: =M42*$K$25/Parameters!$J$15 -> 1224.0767 | N46: =N42*$K$25/Parameters!$J$15 -> 1223.5506 | O46: =O42*$K$25/Parameters!$J$15 -> 1198.405 | P46: =P42*$K$25/Parameters!$J$15 -> 1202.2255 | Q46: =Q42*$K$25/Parameters!$J$15 -> 1210.0157 | R46: =R42*$K$25/Parameters!$J$15 -> 1217.8563 | S46: =S42*$K$25/Parameters!$J$15 -> 1225.7478 | T46: =T42*$K$25/Parameters!$J$15 -> 1233.6904 | ... AL46: =AL42*$K$25/Parameters!$J$15 -> 1385.7899 | AO46: =ROW() -> 46
AO47: =ROW() -> 47
B48: Reduxn in per-gallon CO2 emission rate per $10/ton CO2 tax | F48: 10 | G48: ton/CO2 tax | I48: 0.01 | AO48: =ROW() -> 48
B49: CTC estimate, intended to reflect increased penetration of biofuels, hydrogen, etc. as gasoline grows more costly. Ideally, would be modeled with time lag. Note that reduction is assumed to persist despite eventual leveling of carbon tax. | AO49: =ROW() -> 49
B50: Tax per gallon of gasoline | M50: =M19*M55*(1/Parameters!$J$15)+M28/100 -> 0 | N50: =N19*N55*(1/Parameters!$J$15)+N28/100 -> 0 | O50: =O19*O55*(1/Parameters!$J$15)+O28/100 -> 0 | P50: =P19*P55*(1/Parameters!$J$15)+P28/100 -> 0.15687365 | Q50: =Q19*Q55*(1/Parameters!$J$15)+Q28/100 -> 0.17245398 | R50: =R19*R55*(1/Parameters!$J$15)+R28/100 -> 0.18956999 | S50: =S19*S55*(1/Parameters!$J$15)+S28/100 -> 0.20837061 | T50: =T19*T55*(1/Parameters!$J$15)+T28/100 -> 0.2290187 | ... AL50: =AL19*AL55*(1/Parameters!$J$15)+AL28/100 -> 0.58552832 | AO50: =ROW() -> 50
B51: Average retail gasoline price, per gallon, with carbon tax | K51: 2.849 | L51: 3.317 | M51: 2.401 | N51: 2.836 | O51: 3.3 | P51: =O51*(1+$K$40)+P50 -> 3.5129737 | Q51: =(P51-P50)*(1+$K$40)+Q50 -> 3.5856077 | R51: =(Q51-Q50)*(1+$K$40)+R50 -> 3.6607473 | S51: =(R51-R50)*(1+$K$40)+S50 -> 3.7385579 | T51: =(S51-S50)*(1+$K$40)+T50 -> 3.8192192 | U51: =(T51-T50)*(1+$K$40)+U50 -> 3.9029262 | V51: =(U51-U50)*(1+$K$40)+V50 -> 3.9898905 | W51: =(V51-V50)*(1+$K$40)+W50 -> 4.080342 | X51: =(W51-W50)*(1+$K$40)+X50 -> 4.17453 | ... AL51: =(AK51-AK50)*(1+$K$40)+AL50 -> 5.4484341 | AO51: =ROW() -> 51
B52: =CONCATENATE("Historical figures from Monthly Energy Review, except that 2011 figure is Komanoff est., reduced considerably from actual $3.59 average for first 6 months. Figures beyond 2011 apply the assumed non-tax increase in gasoline prices given in Cell K",AO40, " to untaxed portion of gasoline price, which is calcualted by subtracting previous year's tax in Row ",AO50, " from total price for that year in Row ",AO51, ".") -> Historical figures from Monthly Energy Review, except that 2011 figure is Komanoff est., reduced considerably from actual $3.59 average for first 6 months. Figures beyond 2011 apply the assumed non-tax increase in gasoline prices given in Cell K40 to untaxed portion of gasoline price, which is calcualted by subtracting previous year's tax in Row 50 from total price for that year in Row 51. | AO52: =ROW() -> 52
AO53: =ROW() -> 53
AO54: =ROW() -> 54
B55: CO2 emissions, lb / gallon | K55: =K25 -> 19.570435 | L55: =$K$55*(1-$I$48)^(L18/$F$48) -> 19.570435 | M55: =$K$55*(1-$I$48)^(M18/$F$48) -> 19.570435 | N55: =$K$55*(1-$I$48)^(N18/$F$48) -> 19.570435 | O55: =$K$55*(1-$I$48)^(O18/$F$48) -> 19.570435 | P55: =$K$55*(1-$I$48)^(P18/$F$48) -> 19.374731 | Q55: =$K$55*(1-$I$48)^(Q18/$F$48) -> 19.355268 | R55: =$K$55*(1-$I$48)^(R18/$F$48) -> 19.333882 | S55: =$K$55*(1-$I$48)^(S18/$F$48) -> 19.310385 | ... AL55: =$K$55*(1-$I$48)^(AL18/$F$48) -> 18.837581 | AO55: =ROW() -> 55
B56: =CONCATENATE("Figures reduce baseline emission factor by a percentage calculated from Cell I",AO48, " normalized by Cell F",AO48, ".") -> Figures reduce baseline emission factor by a percentage calculated from Cell I48 normalized by Cell F48. | AO56: =ROW() -> 56
K57: =K7 -> 2007 | L57: =L7 -> 2008 | M57: =M7 -> 2009 | N57: =N7 -> 2010 | O57: =O7 -> 2011 | P57: =P7 -> 2012 | Q57: =Q7 -> 2013 | R57: =R7 -> 2014 | ... AL57: =AL7 -> 2034 | AO57: =ROW() -> 57
B58: Change in U.S. gasoline sales due to price impact of carbon tax, million gallons | N58: =CONCATENATE("Initial row in this block is derived through a calculation on Row ",AO126, ". Remaining rows employ Rows ",AO17, ", ",AO18,", ",AO31,", ",AO42, ", ",AO46, ", and ",AO55, ".") -> Initial row in this block is derived through a calculation on Row 126. Remaining rows employ Rows 17, 18, 31, 42, 46, and 55. | P58: =P126*P42 -> -338.43215 | Q58: =Q126*Q42 -> -791.39899 | R58: =R126*R42 -> -1361.466 | S58: =S126*S42 -> -2051.0441 | T58: =T126*T42 -> -2862.3799 | U58: =U126*U42 -> -3797.546 | V58: =V126*V42 -> -4858.4296 | W58: =W126*W42 -> -6046.7221 | ... AL58: =AL126*AL42 -> -26590.767 | AO58: =ROW() -> 58
B59: U.S. gasoline sales with carbon tax, million gallons | P59: =P42+P58 -> 135116.25 | Q59: =Q42+Q58 -> 135541.01 | R59: =R42+R58 -> 135854.35 | S59: =S42+S58 -> 136053.9 | T59: =T42+T58 -> 136137.46 | U59: =U42+U58 -> 136102.99 | V59: =V42+V58 -> 135948.63 | W59: =W42+W58 -> 135672.74 | ... AL59: =AL42+AL58 -> 129546.12 | AO59: =ROW() -> 59
B60: CO2 emissions from gasoline for personal ground travel, millions of metric tons, with carbon tax | P60: =P59*P55/Parameters!$J$15 -> 1187.2295 | Q60: =Q59*Q55/Parameters!$J$15 -> 1189.7653 | R60: =R59*R55/Parameters!$J$15 -> 1191.1982 | S60: =S59*S55/Parameters!$J$15 -> 1191.4981 | T60: =T59*T55/Parameters!$J$15 -> 1190.636 | U60: =U59*U55/Parameters!$J$15 -> 1188.5843 | V60: =V59*V55/Parameters!$J$15 -> 1185.3162 | W60: =W59*W55/Parameters!$J$15 -> 1180.8065 | ... AL60: =AL59*AL55/Parameters!$J$15 -> 1106.7281 | AO60: =ROW() -> 60
B61: Change in CO2 due to carbon tax, million metric tons, relative to moving trajectory | P61: =P60-P46 -> -14.995965 | Q61: =Q60-Q46 -> -20.250318 | R61: =R60-R46 -> -26.658154 | S61: =S60-S46 -> -34.249751 | T61: =T60-T46 -> -43.05438 | U61: =U60-U46 -> -53.100212 | V61: =V60-V46 -> -64.414194 | W61: =W60-W46 -> -77.021922 | ... AL61: =AL60-AL46 -> -279.06179 | AO61: =ROW() -> 61
B62: Change in CO2 due to carbon tax, million metric tons, relative to 2009 emissions | P62: =P60-$M$46 -> -36.84722 | Q62: =Q60-$M$46 -> -34.311382 | R62: =R60-$M$46 -> -32.878549 | S62: =S60-$M$46 -> -32.578669 | T62: =T60-$M$46 -> -33.440688 | U62: =U60-$M$46 -> -35.492442 | V62: =V60-$M$46 -> -38.760547 | W62: =W60-$M$46 -> -43.270262 | ... AL62: =AL60-$M$46 -> -117.34861 | AO62: =ROW() -> 62
B63: Carbon Tax Revenues, $ billions (w/o gasoline surtax component) | P63: =ROUND(P60*P18,-2)/1000 -> 11.9 | Q63: =ROUND(Q60*Q18,-2)/1000 -> 13.1 | R63: =ROUND(R60*R18,-2)/1000 -> 14.4 | S63: =ROUND(S60*S18,-2)/1000 -> 15.9 | T63: =ROUND(T60*T18,-2)/1000 -> 17.4 | U63: =ROUND(U60*U18,-2)/1000 -> 19.1 | V63: =ROUND(V60*V18,-2)/1000 -> 21 | W63: =ROUND(W60*W18,-2)/1000 -> 23 | ... AL63: =ROUND(AL60*AL18,-2)/1000 -> 42 | AO63: =ROW() -> 63
B64: Gasoline Surcharge Revenues, $ billions (w/o carbon tax component) | P64: =ROUND(P59*$J$28*P17/100,-2)/1000 -> 8.1 | Q64: =ROUND(Q59*$J$28*Q17/100,-2)/1000 -> 16.3 | R64: =ROUND(R59*$J$28*R17/100,-2)/1000 -> 24.5 | S64: =ROUND(S59*$J$28*S17/100,-2)/1000 -> 32.7 | T64: =ROUND(T59*$J$28*T17/100,-2)/1000 -> 40.8 | U64: =ROUND(U59*$J$28*U17/100,-2)/1000 -> 49 | V64: =ROUND(V59*$J$28*V17/100,-2)/1000 -> 57.1 | W64: =ROUND(W59*$J$28*W17/100,-2)/1000 -> 65.1 | ... AL64: =ROUND(AL59*$J$28*AL17/100,-2)/1000 -> 116.6 | AO64: =ROW() -> 64
B65: Carbon Tax Revenues, $ billions (combined carbon tax + gasoline surcharge) | P65: =P63+P64 -> 20 | Q65: =Q63+Q64 -> 29.4 | R65: =R63+R64 -> 38.9 | S65: =S63+S64 -> 48.6 | T65: =T63+T64 -> 58.2 | U65: =U63+U64 -> 68.1 | V65: =V63+V64 -> 78.1 | W65: =W63+W64 -> 88.1 | ... AL65: =AL63+AL64 -> 158.6 | AO65: =ROW() -> 65
AO66: =ROW() -> 66
B67: % increase in average retail price of gasoline over prior year | P67: =P51/O51-1 -> 0.064537471 | Q67: =Q51/P51-1 -> 0.020675937 | R67: =R51/Q51-1 -> 0.020955897 | S67: =S51/R51-1 -> 0.021255397 | T67: =T51/S51-1 -> 0.021575504 | U67: =U51/T51-1 -> 0.021917292 | V67: =V51/U51-1 -> 0.022281831 | W67: =W51/V51-1 -> 0.022670176 | ... AL67: =AL51/AK51-1 -> 0.015145387 | AO67: =ROW() -> 67
AO68: =ROW() -> 68
B69: Assumed price-elasticity of demand for gasoline (long-run) | I69: =-Parameters!F45 -> 0.4 | AO69: =ROW() -> 69
B70: See discussion in http://www.carbontax.org/issues/energy-demand-how-sensitive-to-price/ | AO70: =ROW() -> 70
AO71: =ROW() -> 71
AO72: =ROW() -> 72
B73: No. of years over which long-run elasticity is manifested | I73: 10 | R73: We assume that impact of carbon tax on gasoline demand is realized over time in a linear fashion. (This is apart from phase-in of carbon tax level itself.) Each cell in triangular array below denotes effective price-elasticity in column year that will apply to tax enacted in row year. Further below, each cell in rectangular array operates on corresponding elasticity value and price increase due to tax, to yield a multiplicative factor denoting shrinkage in demand due to higher price. | AO73: =ROW() -> 73
AO74: =ROW() -> 74
AO75: =ROW() -> 75
B76: First year in which carbon tax is effective | I76: =P7 -> 2012 | AO76: =ROW() -> 76
AO77: =ROW() -> 77
B78: Effective price-elasticity in this column's year, for tax enacted in: | I78: =I76 -> 2012 | P78: =IF(P7>=Summary!$J$98+$I$73,$I$69,((P7-$I$76+1)/$I$73)*$I$69) -> 0.04 | Q78: =IF(Q7>=Summary!$J$98+$I$73,$I$69,((Q7-$I$76+1)/$I$73)*$I$69) -> 0.08 | R78: =IF(R7>=Summary!$J$98+$I$73,$I$69,((R7-$I$76+1)/$I$73)*$I$69) -> 0.12 | S78: =IF(S7>=Summary!$J$98+$I$73,$I$69,((S7-$I$76+1)/$I$73)*$I$69) -> 0.16 | T78: =IF(T7>=Summary!$J$98+$I$73,$I$69,((T7-$I$76+1)/$I$73)*$I$69) -> 0.2 | U78: =IF(U7>=Summary!$J$98+$I$73,$I$69,((U7-$I$76+1)/$I$73)*$I$69) -> 0.24 | V78: =IF(V7>=Summary!$J$98+$I$73,$I$69,((V7-$I$76+1)/$I$73)*$I$69) -> 0.28 | W78: =IF(W7>=Summary!$J$98+$I$73,$I$69,((W7-$I$76+1)/$I$73)*$I$69) -> 0.32 | ... AL78: =IF(AL7>=Summary!$J$98+$I$73,$I$69,((AL7-$I$76+1)/$I$73)*$I$69) -> 0.4 | AO78: =ROW() -> 78
B79: Effective price-elasticity in this column's year, for tax enacted in: | I79: =I78+1 -> 2013 | Q79: =P78 -> 0.04 | R79: =Q78 -> 0.08 | S79: =R78 -> 0.12 | T79: =S78 -> 0.16 | U79: =T78 -> 0.2 | V79: =U78 -> 0.24 | W79: =V78 -> 0.28 | X79: =W78 -> 0.32 | ... AL79: =AK78 -> 0.4 | AO79: =ROW() -> 79
B80: Effective price-elasticity in this column's year, for tax enacted in: | I80: =I79+1 -> 2014 | R80: =Q79 -> 0.04 | S80: =R79 -> 0.08 | T80: =S79 -> 0.12 | U80: =T79 -> 0.16 | V80: =U79 -> 0.2 | W80: =V79 -> 0.24 | X80: =W79 -> 0.28 | Y80: =X79 -> 0.32 | ... AL80: =AK79 -> 0.4 | AO80: =ROW() -> 80
B81: Effective price-elasticity in this column's year, for tax enacted in: | I81: =I80+1 -> 2015 | S81: =R80 -> 0.04 | T81: =S80 -> 0.08 | U81: =T80 -> 0.12 | V81: =U80 -> 0.16 | W81: =V80 -> 0.2 | X81: =W80 -> 0.24 | Y81: =X80 -> 0.28 | Z81: =Y80 -> 0.32 | ... AL81: =AK80 -> 0.4 | AO81: =ROW() -> 81
B82: Effective price-elasticity in this column's year, for tax enacted in: | I82: =I81+1 -> 2016 | T82: =S81 -> 0.04 | U82: =T81 -> 0.08 | V82: =U81 -> 0.12 | W82: =V81 -> 0.16 | X82: =W81 -> 0.2 | Y82: =X81 -> 0.24 | Z82: =Y81 -> 0.28 | AA82: =Z81 -> 0.32 | ... AL82: =AK81 -> 0.4 | AO82: =ROW() -> 82
B83: Effective price-elasticity in this column's year, for tax enacted in: | I83: =I82+1 -> 2017 | U83: =T82 -> 0.04 | V83: =U82 -> 0.08 | W83: =V82 -> 0.12 | X83: =W82 -> 0.16 | Y83: =X82 -> 0.2 | Z83: =Y82 -> 0.24 | AA83: =Z82 -> 0.28 | AB83: =AA82 -> 0.32 | ... AL83: =AK82 -> 0.4 | AO83: =ROW() -> 83
B84: Effective price-elasticity in this column's year, for tax enacted in: | I84: =I83+1 -> 2018 | V84: =U83 -> 0.04 | W84: =V83 -> 0.08 | X84: =W83 -> 0.12 | Y84: =X83 -> 0.16 | Z84: =Y83 -> 0.2 | AA84: =Z83 -> 0.24 | AB84: =AA83 -> 0.28 | AC84: =AB83 -> 0.32 | ... AL84: =AK83 -> 0.4 | AO84: =ROW() -> 84
B85: Effective price-elasticity in this column's year, for tax enacted in: | I85: =I84+1 -> 2019 | W85: =V84 -> 0.04 | X85: =W84 -> 0.08 | Y85: =X84 -> 0.12 | Z85: =Y84 -> 0.16 | AA85: =Z84 -> 0.2 | AB85: =AA84 -> 0.24 | AC85: =AB84 -> 0.28 | AD85: =AC84 -> 0.32 | ... AL85: =AK84 -> 0.4 | AO85: =ROW() -> 85
B86: Effective price-elasticity in this column's year, for tax enacted in: | I86: =I85+1 -> 2020 | X86: =W85 -> 0.04 | Y86: =X85 -> 0.08 | Z86: =Y85 -> 0.12 | AA86: =Z85 -> 0.16 | AB86: =AA85 -> 0.2 | AC86: =AB85 -> 0.24 | AD86: =AC85 -> 0.28 | AE86: =AD85 -> 0.32 | ... AL86: =AK85 -> 0.4 | AO86: =ROW() -> 86
B87: Effective price-elasticity in this column's year, for tax enacted in: | I87: =I86+1 -> 2021 | Y87: =X86 -> 0.04 | Z87: =Y86 -> 0.08 | AA87: =Z86 -> 0.12 | AB87: =AA86 -> 0.16 | AC87: =AB86 -> 0.2 | AD87: =AC86 -> 0.24 | AE87: =AD86 -> 0.28 | AF87: =AE86 -> 0.32 | ... AL87: =AK86 -> 0.4 | AO87: =ROW() -> 87
B88: Effective price-elasticity in this column's year, for tax enacted in: | I88: =I87+1 -> 2022 | Z88: =Y87 -> 0.04 | AA88: =Z87 -> 0.08 | AB88: =AA87 -> 0.12 | AC88: =AB87 -> 0.16 | AD88: =AC87 -> 0.2 | AE88: =AD87 -> 0.24 | AF88: =AE87 -> 0.28 | AG88: =AF87 -> 0.32 | ... AL88: =AK87 -> 0.4 | AO88: =ROW() -> 88
B89: Effective price-elasticity in this column's year, for tax enacted in: | I89: =I88+1 -> 2023 | AA89: =Z88 -> 0.04 | AB89: =AA88 -> 0.08 | AC89: =AB88 -> 0.12 | AD89: =AC88 -> 0.16 | AE89: =AD88 -> 0.2 | AF89: =AE88 -> 0.24 | AG89: =AF88 -> 0.28 | AH89: =AG88 -> 0.32 | ... AL89: =AK88 -> 0.4 | AO89: =ROW() -> 89
B90: Effective price-elasticity in this column's year, for tax enacted in: | I90: =I89+1 -> 2024 | AB90: =AA89 -> 0.04 | AC90: =AB89 -> 0.08 | AD90: =AC89 -> 0.12 | AE90: =AD89 -> 0.16 | AF90: =AE89 -> 0.2 | AG90: =AF89 -> 0.24 | AH90: =AG89 -> 0.28 | AI90: =AH89 -> 0.32 | ... AL90: =AK89 -> 0.4 | AO90: =ROW() -> 90
B91: Effective price-elasticity in this column's year, for tax enacted in: | I91: =I90+1 -> 2025 | AC91: =AB90 -> 0.04 | AD91: =AC90 -> 0.08 | AE91: =AD90 -> 0.12 | AF91: =AE90 -> 0.16 | AG91: =AF90 -> 0.2 | AH91: =AG90 -> 0.24 | AI91: =AH90 -> 0.28 | AJ91: =AI90 -> 0.32 | ... AL91: =AK90 -> 0.4 | AO91: =ROW() -> 91
B92: Effective price-elasticity in this column's year, for tax enacted in: | I92: =I91+1 -> 2026 | AD92: =AC91 -> 0.04 | AE92: =AD91 -> 0.08 | AF92: =AE91 -> 0.12 | AG92: =AF91 -> 0.16 | AH92: =AG91 -> 0.2 | AI92: =AH91 -> 0.24 | AJ92: =AI91 -> 0.28 | AK92: =AJ91 -> 0.32 | AL92: =AK91 -> 0.36 | AO92: =ROW() -> 92
B93: Effective price-elasticity in this column's year, for tax enacted in: | I93: =I92+1 -> 2027 | AE93: =AD92 -> 0.04 | AF93: =AE92 -> 0.08 | AG93: =AF92 -> 0.12 | AH93: =AG92 -> 0.16 | AI93: =AH92 -> 0.2 | AJ93: =AI92 -> 0.24 | AK93: =AJ92 -> 0.28 | AL93: =AK92 -> 0.32 | AO93: =ROW() -> 93
B94: Effective price-elasticity in this column's year, for tax enacted in: | I94: =I93+1 -> 2028 | AF94: =AE93 -> 0.04 | AG94: =AF93 -> 0.08 | AH94: =AG93 -> 0.12 | AI94: =AH93 -> 0.16 | AJ94: =AI93 -> 0.2 | AK94: =AJ93 -> 0.24 | AL94: =AK93 -> 0.28 | AO94: =ROW() -> 94
B95: Effective price-elasticity in this column's year, for tax enacted in: | I95: =I94+1 -> 2029 | AG95: =AF94 -> 0.04 | AH95: =AG94 -> 0.08 | AI95: =AH94 -> 0.12 | AJ95: =AI94 -> 0.16 | AK95: =AJ94 -> 0.2 | AL95: =AK94 -> 0.24 | AO95: =ROW() -> 95
B96: Effective price-elasticity in this column's year, for tax enacted in: | I96: =I95+1 -> 2030 | AH96: =AG95 -> 0.04 | AI96: =AH95 -> 0.08 | AJ96: =AI95 -> 0.12 | AK96: =AJ95 -> 0.16 | AL96: =AK95 -> 0.2 | AO96: =ROW() -> 96
B97: Effective price-elasticity in this column's year, for tax enacted in: | I97: =I96+1 -> 2031 | AI97: =AH96 -> 0.04 | AJ97: =AI96 -> 0.08 | AK97: =AJ96 -> 0.12 | AL97: =AK96 -> 0.16 | AO97: =ROW() -> 97
B98: Effective price-elasticity in this column's year, for tax enacted in: | I98: =I97+1 -> 2032 | AJ98: =AI97 -> 0.04 | AK98: =AJ97 -> 0.08 | AL98: =AK97 -> 0.12 | AO98: =ROW() -> 98
B99: Effective price-elasticity in this column's year, for tax enacted in: | I99: =I98+1 -> 2033 | AK99: =AJ98 -> 0.04 | AL99: =AK98 -> 0.08 | AO99: =ROW() -> 99
B100: Effective price-elasticity in this column's year, for tax enacted in: | I100: =I99+1 -> 2034 | AL100: =AK99 -> 0.04 | AO100: =ROW() -> 100
...

Sheet Freight
B1: Freight (Goods Movement) | M1: =Summary!J1 -> 40823 | AO1: =ROW() -> 1
AO2: =ROW() -> 2
B3: This page pertains only to Freight. Other pages show Electricity, Personal Ground Travel, Aviation, and Other Sectors. | K3: Figures in column apply either to 2007 or throughout. | L3: Figures in column correspond to actual data. | M3: Figures in column correspond to actual data. | N3: Same as for 2009, except baseline emissions for these two years are estimated. | P3: This and later years pivot off first tax year. | AO3: =ROW() -> 3
AO4: =ROW() -> 4
AO5: =ROW() -> 5
AO6: =ROW() -> 6
B7: Note: This worksheet is pre-formatted to print to six pages. Print area extends only to 2030. | K7: 2007 | L7: 2008 | M7: 2009 | N7: 2010 | O7: 2011 | P7: =Summary!P115 -> 2012 | Q7: =P7+1 -> 2013 | R7: =Q7+1 -> 2014 | S7: =R7+1 -> 2015 | T7: =S7+1 -> 2016 | U7: =T7+1 -> 2017 | V7: =U7+1 -> 2018 | W7: =V7+1 -> 2019 | X7: =W7+1 -> 2020 | ... AL7: =AK7+1 -> 2034 | AO7: =ROW() -> 7
AO8: =ROW() -> 8
B9: Parameters that pivot directly off assumptions in Summary worksheet are shown in blue. | AO9: =ROW() -> 9
B10: Key parameters that user may specify here (in this worksheet) are shown in magenta. | AO10: =ROW() -> 10
B11: Initial carbon tax per ton of CO2 emitted | I11: =Summary!$J$76 -> 10 | J11: =CONCATENATE("Do not type in two boxes at left. Quantities in those boxes are inputted automatically from Cells I",Summary!$AN$76,", I",Summary!$AN$78,", I",Summary!$AN$80,", and I",Summary!$AN$85," in 'Summary' worksheet. ",) -> Do not type in two boxes at left. Quantities in those boxes are inputted automatically from Cells I76, I78, I80, and I85 in 'Summary' worksheet. | AO11: =ROW() -> 11
B12: Annual tax increment per ton of CO2 emitted; OR Annual % growth | I12: =IF(Summary!J78=1,MAX(Summary!J80, 0.0001),Summary!J85) -> 0.1 | AO12: =ROW() -> 12
B13: =CONCATENATE("Note: Cell H",AO12, " is formulated as greater of (i) value entered in Summary, and (ii) 0.0001, to allow carbon tax rate to be set to zero; otherwise, zero would appear in denominator of some cells.") -> Note: Cell H12 is formulated as greater of (i) value entered in Summary, and (ii) 0.0001, to allow carbon tax rate to be set to zero; otherwise, zero would appear in denominator of some cells. | AO13: =ROW() -> 13
AO14: =ROW() -> 14
B15: =CONCATENATE("Is year at top of column equal to or greater than tax-start year (which was inputted in Summary tab, Cell H",Summary!$AN$98, ")?") -> Is year at top of column equal to or greater than tax-start year (which was inputted in Summary tab, Cell H98)? | M15: =IF(M$7>=Summary!$J98,"YES","NO") -> NO | N15: =IF(N$7>=Summary!$J98,"YES","NO") -> NO | O15: =IF(O$7>=Summary!$J98,"YES","NO") -> NO | P15: =IF(P$7>=Summary!$J98,"YES","NO") -> YES | Q15: =IF(Q$7>=Summary!$J98,"YES","NO") -> YES | R15: =IF(R$7>=Summary!$J98,"YES","NO") -> YES | S15: =IF(S$7>=Summary!$J98,"YES","NO") -> YES | T15: =IF(T$7>=Summary!$J98,"YES","NO") -> YES | ... AL15: =IF(AL$7>=Summary!$J98,"YES","NO") -> YES | AO15: =ROW() -> 15
B16: =CONCATENATE("Is year at top of column equal to or greater than final tax year (which was inputted in Summary tab, Cell H",Summary!$AN$110, ")?") -> Is year at top of column equal to or greater than final tax year (which was inputted in Summary tab, Cell H110)? | M16: =IF(M$7>Summary!$J99,"YES","NO") -> NO | N16: =IF(N$7>Summary!$J99,"YES","NO") -> NO | O16: =IF(O$7>Summary!$J99,"YES","NO") -> NO | P16: =IF(P$7>Summary!$J99,"YES","NO") -> NO | Q16: =IF(Q$7>Summary!$J99,"YES","NO") -> NO | R16: =IF(R$7>Summary!$J99,"YES","NO") -> NO | S16: =IF(S$7>Summary!$J99,"YES","NO") -> NO | T16: =IF(T$7>Summary!$J99,"YES","NO") -> NO | ... AL16: =IF(AL$7>Summary!$J99,"YES","NO") -> YES | AO16: =ROW() -> 16
B17: Effective tax year, number | M17: =IF(M15="NO",0,(IF(AND(M15="YES",M16="NO"),L17+1,L17))) -> 0 | N17: =IF(N15="NO",0,(IF(AND(N15="YES",N16="NO"),M17+1,M17))) -> 0 | O17: =IF(O15="NO",0,(IF(AND(O15="YES",O16="NO"),N17+1,N17))) -> 0 | P17: =IF(P15="NO",0,(IF(AND(P15="YES",P16="NO"),O17+1,O17))) -> 1 | Q17: =IF(Q15="NO",0,(IF(AND(Q15="YES",Q16="NO"),P17+1,P17))) -> 2 | R17: =IF(R15="NO",0,(IF(AND(R15="YES",R16="NO"),Q17+1,Q17))) -> 3 | S17: =IF(S15="NO",0,(IF(AND(S15="YES",S16="NO"),R17+1,R17))) -> 4 | T17: =IF(T15="NO",0,(IF(AND(T15="YES",T16="NO"),S17+1,S17))) -> 5 | ... AL17: =IF(AL15="NO",0,(IF(AND(AL15="YES",AL16="NO"),AK17+1,AK17))) -> 15 | AO17: =ROW() -> 17
B18: Tax in year shown, per ton of CO2 emitted | M18: =IF(Summary!$J78=1,MAX(0,$I$11*MIN(1,M17)+$I$12*(M17-1)),IF(M17=0,0,($I$11*(1+$I$12)^(M17-1)))) -> 0 | N18: =IF(Summary!$J78=1,MAX(0,$I$11*MIN(1,N17)+$I$12*(N17-1)),IF(N17=0,0,($I$11*(1+$I$12)^(N17-1)))) -> 0 | O18: =IF(Summary!$J78=1,MAX(0,$I$11*MIN(1,O17)+$I$12*(O17-1)),IF(O17=0,0,($I$11*(1+$I$12)^(O17-1)))) -> 0 | P18: =IF(Summary!$J78=1,MAX(0,$I$11*MIN(1,P17)+$I$12*(P17-1)),IF(P17=0,0,($I$11*(1+$I$12)^(P17-1)))) -> 10 | Q18: =IF(Summary!$J78=1,MAX(0,$I$11*MIN(1,Q17)+$I$12*(Q17-1)),IF(Q17=0,0,($I$11*(1+$I$12)^(Q17-1)))) -> 11 | R18: =IF(Summary!$J78=1,MAX(0,$I$11*MIN(1,R17)+$I$12*(R17-1)),IF(R17=0,0,($I$11*(1+$I$12)^(R17-1)))) -> 12.1 | S18: =IF(Summary!$J78=1,MAX(0,$I$11*MIN(1,S17)+$I$12*(S17-1)),IF(S17=0,0,($I$11*(1+$I$12)^(S17-1)))) -> 13.31 | T18: =IF(Summary!$J78=1,MAX(0,$I$11*MIN(1,T17)+$I$12*(T17-1)),IF(T17=0,0,($I$11*(1+$I$12)^(T17-1)))) -> 14.641 | ... AL18: =IF(Summary!$J78=1,MAX(0,$I$11*MIN(1,AL17)+$I$12*(AL17-1)),IF(AL17=0,0,($I$11*(1+$I$12)^(AL17-1)))) -> 37.974983 | AO18: =ROW() -> 18
B19: Tax in year shown, per metric ton of carbon dioxide emitted | M19: =M18*Parameters!$J$15/2000 -> 0 | N19: =N18*Parameters!$J$15/2000 -> 0 | O19: =O18*Parameters!$J$15/2000 -> 0 | P19: =P18*Parameters!$J$15/2000 -> 11.025 | Q19: =Q18*Parameters!$J$15/2000 -> 12.1275 | R19: =R18*Parameters!$J$15/2000 -> 13.34025 | S19: =S18*Parameters!$J$15/2000 -> 14.674275 | T19: =T18*Parameters!$J$15/2000 -> 16.141703 | ... AL19: =AL18*Parameters!$J$15/2000 -> 41.867419 | AO19: =ROW() -> 19
AO20: =ROW() -> 20
B21: Million Btu per barrel, diesel fuel | E21: Monthly Energy Review, Table A1. Approximate Heat Content of Petroleum Products (distillate fuel oil) | K21: 5.825 | AO21: =ROW() -> 21
B22: Btu per gallon, diesel fuel | K22: =$K$21*1000000/Parameters!$J$18 -> 138690.48 | AO22: =ROW() -> 22
B23: lbs Carbon per gallon, diesel | K23: =Emissions!J183/Parameters!J17 -> 6.1244416 | AO23: =ROW() -> 23
B24: Which is equivalent to this many pounds of carbon (not CO2) per 106 Btu: | K24: =K23*1000000/K22 -> 44.159064 | AO24: =ROW() -> 24
B25: lbs CO2 per gallon, diesel | K25: =K23*Parameters!$J$14 -> 22.456286 | AO25: =ROW() -> 25
AO26: =ROW() -> 26
AO27: =ROW() -> 27
B28: Additional tax on diesel, cents/gallon, initial year (if surtax, beyond carbon tax) | J28: =Summary!J89*IF(Summary!D95="YES",1,0) -> 6 | K28: ¢/gal | M28: =IF(Summary!$J78=1,MAX(0,$J$28*MIN(1,M17)+$J$29*(M17-1)),IF(M17=0,0,($J$28*(1+$J$29/100)^(M17-1)))) -> 0 | N28: =IF(Summary!$J78=1,MAX(0,$J$28*MIN(1,N17)+$J$29*(N17-1)),IF(N17=0,0,($J$28*(1+$J$29/100)^(N17-1)))) -> 0 | O28: =IF(Summary!$J78=1,MAX(0,$J$28*MIN(1,O17)+$J$29*(O17-1)),IF(O17=0,0,($J$28*(1+$J$29/100)^(O17-1)))) -> 0 | P28: =IF(Summary!$J78=1,MAX(0,$J$28*MIN(1,P17)+$J$29*(P17-1)),IF(P17=0,0,($J$28*(1+$J$29/100)^(P17-1)))) -> 6 | Q28: =IF(Summary!$J78=1,MAX(0,$J$28*MIN(1,Q17)+$J$29*(Q17-1)),IF(Q17=0,0,($J$28*(1+$J$29/100)^(Q17-1)))) -> 6.6 | R28: =IF(Summary!$J78=1,MAX(0,$J$28*MIN(1,R17)+$J$29*(R17-1)),IF(R17=0,0,($J$28*(1+$J$29/100)^(R17-1)))) -> 7.26 | S28: =IF(Summary!$J78=1,MAX(0,$J$28*MIN(1,S17)+$J$29*(S17-1)),IF(S17=0,0,($J$28*(1+$J$29/100)^(S17-1)))) -> 7.986 | T28: =IF(Summary!$J78=1,MAX(0,$J$28*MIN(1,T17)+$J$29*(T17-1)),IF(T17=0,0,($J$28*(1+$J$29/100)^(T17-1)))) -> 8.7846 | ... AL28: =IF(Summary!$J78=1,MAX(0,$J$28*MIN(1,AL17)+$J$29*(AL17-1)),IF(AL17=0,0,($J$28*(1+$J$29/100)^(AL17-1)))) -> 22.78499 | AO28: =ROW() -> 28
B29: Annual surtax increment, cents/gallon; OR Annual % growth | J29: =IF(Summary!J78=1,MAX(J28*I12/I11, 0.0001),Summary!J85*100*IF(Summary!D95="YES",1,0)) -> 10 | K29: =IF(Summary!$J$78=1,"¢/gal","%") -> % | AO29: =ROW() -> 29
I30: 2005 | K30: =K7 -> 2007 | M30: =M7 -> 2009 | N30: =N7 -> 2010 | O30: =O7 -> 2011 | P30: =P7 -> 2012 | Q30: =Q7 -> 2013 | R30: =R7 -> 2014 | S30: =S7 -> 2015 | T30: =T7 -> 2016 | ... AI30: =AI7 -> 2031 | AO30: =ROW() -> 30
B31: U.S. Distillate fuel oil 000 bbls/day | H31: from Emissions wksht | I31: =Emissions!Z119 -> 4118.011 | K31: =Emissions!Z121 -> 4195.911 | M31: =Emissions!Z123 -> 3631.081 | N31: =Emissions!Z124 -> 3800.314 | O31: =Emissions!Z125 -> 3886.654 | AO31: =ROW() -> 31
B32: Share of U.S. distillate used as diesel fuel for freight movement (KEA est.) | I32: 0.8 | AO32: =ROW() -> 32
B33: U.S. Distillate fuel oil used for freight (000 bbls per year) | I33: =$I$32*I31*Parameters!$J$19 -> 1202459.2 | K33: =$I$32*K31*Parameters!$J$19 -> 1225206 | M33: =$I$32*M31*Parameters!$J$19 -> 1060275.7 | N33: =$I$32*N31*Parameters!$J$19 -> 1109691.7 | O33: =$I$32*O31*Parameters!$J$19 -> 1134903 | AO33: =ROW() -> 33
B34: U.S. Distillate fuel oil, million gallons | I34: =I33*Parameters!$J$18/1000 -> 50503.287 | K34: =K33*Parameters!$J$18/1000 -> 51458.653 | M34: =M33*Parameters!$J$18/1000 -> 44531.577 | N34: =N33*Parameters!$J$18/1000 -> 46607.051 | O34: =O33*Parameters!$J$18/1000 -> 47665.925 | AO34: =ROW() -> 34
AO35: =ROW() -> 35
B36: Historical Real Increase Rate in U.S. Average Diesel Price, 1990-2010: | K36: =(1+'Personal Ground Travel'!$K$36)*(1+0.01)-1 -> 0.02717 | L36: This is average real incrs rate 1990-2010. Calculated as sum of analogous rate for motor gasoline in Personal Ground Travel sheet, plus 1.0% to reflect the more rapid rise in untaxed diesel price vis-a-vis untaxed gasoline price over same period, as gleaned from USEIA Monthly Energy Review, Table 9.7. Refiner Prices of Petroleum Products to End Users. This indirect procedure is required because MER tracks only untaxed diesel prices. | AO36: =ROW() -> 36
AO37: =ROW() -> 37
B38: Multiplier to that rate, for projecting future real increase in gasoline price after 2010: | K38: 0.75 | AO38: =ROW() -> 38
B39: Komanoff assumption. | AO39: =ROW() -> 39
B40: Projected annual rate of real increase in average diesel fuel price beyond 2010, w/o C tax | K40: =K36*K38 -> 0.0203775 | AO40: =ROW() -> 40
B41: =CONCATENATE("Product of Rows ",AO36, " and ",AO38, ".") -> Product of Rows 36 and 38. | AO41: =ROW() -> 41
B42: Diesel usage for moving freight, million gallons/yr, w/o carbon tax | I42: =I34 -> 50503.287 | K42: =K34 -> 51458.653 | M42: =M34 -> 44531.577 | N42: =N34 -> 46607.051 | O42: =O34 -> 47665.925 | P42: =O42*((1+Parameters!$J$8)^Parameters!$G$46)*((1+Parameters!$J$9)^Parameters!$G$46)^(P7-2012)*((1+$K$40)^Parameters!$F$46)^(P7-2011) -> 47813.794 | Q42: =P42*((1+Parameters!$J$9)^Parameters!$G$46)*(1+$K$40)^Parameters!$F$46 -> 48139.213 | R42: =Q42*((1+Parameters!$J$9)^Parameters!$G$46)*(1+$K$40)^Parameters!$F$46 -> 48466.847 | S42: =R42*((1+Parameters!$J$9)^Parameters!$G$46)*(1+$K$40)^Parameters!$F$46 -> 48796.71 | T42: =S42*((1+Parameters!$J$9)^Parameters!$G$46)*(1+$K$40)^Parameters!$F$46 -> 49128.819 | U42: =T42*((1+Parameters!$J$9)^Parameters!$G$46)*(1+$K$40)^Parameters!$F$46 -> 49463.188 | V42: =U42*((1+Parameters!$J$9)^Parameters!$G$46)*(1+$K$40)^Parameters!$F$46 -> 49799.833 | W42: =V42*((1+Parameters!$J$9)^Parameters!$G$46)*(1+$K$40)^Parameters!$F$46 -> 50138.768 | X42: =W42*((1+Parameters!$J$9)^Parameters!$G$46)*(1+$K$40)^Parameters!$F$46 -> 50480.011 | ... AL42: =AK42*((1+Parameters!$J$9)^Parameters!$G$46)*(1+$K$40)^Parameters!$F$46 -> 55508.61 | AO42: =ROW() -> 42
B43: =CONCATENATE("2005-2011 figures are from Row ",AO34, ". Figures for 2012 and later apply income-elasticity for diesel fuel given in Parameters page, Row ",Parameters!$O$46," to assumed GDP growth rates given in Row ",Parameters!$O$8, " from same tab.") -> 2005-2011 figures are from Row 34. Figures for 2012 and later apply income-elasticity for diesel fuel given in Parameters page, Row 46 to assumed GDP growth rates given in Row 8 from same tab. | AO43: =ROW() -> 43
AO44: =ROW() -> 44
AO45: =ROW() -> 45
B46: CO2 emissions, millions of metric tons, w/o carbon tax | I46: =I42*$K$25/Parameters!$J$15 -> 514.33844 | K46: =K42*$K$25/Parameters!$J$15 -> 524.06813 | M46: =M42*$K$25/Parameters!$J$15 -> 453.52102 | N46: =N42*$K$25/Parameters!$J$15 -> 474.65817 | O46: =O42*$K$25/Parameters!$J$15 -> 485.44202 | P46: =P42*$K$25/Parameters!$J$15 -> 486.94795 | Q46: =Q42*$K$25/Parameters!$J$15 -> 490.2621 | R46: =R42*$K$25/Parameters!$J$15 -> 493.59881 | S46: =S42*$K$25/Parameters!$J$15 -> 496.95822 | T46: =T42*$K$25/Parameters!$J$15 -> 500.3405 | ... AL46: =AL42*$K$25/Parameters!$J$15 -> 565.31394 | AO46: =ROW() -> 46
AO47: =ROW() -> 47
B48: Reduxn in per-gallon CO2 emission rate per $10/ton CO2 tax | F48: 10 | G48: ton/CO2 tax | I48: 0.01 | AO48: =ROW() -> 48
B49: CTC estimate, intended to reflect increased penetration of biofuels, hydrogen, etc. as diesel grows more costly. Ideally, would be modeled with time lag. Note that reduction is assumed to persist despite eventual leveling of carbon tax. | AO49: =ROW() -> 49
B50: Tax per gallon of diesel | M50: =M19*M55*(1/Parameters!$J$15)+M28/100 -> 0 | N50: =N19*N55*(1/Parameters!$J$15)+N28/100 -> 0 | O50: =O19*O55*(1/Parameters!$J$15)+O28/100 -> 0 | P50: =P19*P55*(1/Parameters!$J$15)+P28/100 -> 0.17115862 | Q50: =Q19*Q55*(1/Parameters!$J$15)+Q28/100 -> 0.18815165 | R50: =R19*R55*(1/Parameters!$J$15)+R28/100 -> 0.20681835 | S50: =S19*S55*(1/Parameters!$J$15)+S28/100 -> 0.22732075 | T50: =T19*T55*(1/Parameters!$J$15)+T28/100 -> 0.24983598 | ... AL50: =AL19*AL55*(1/Parameters!$J$15)+AL28/100 -> 0.63827148 | AO50: =ROW() -> 50
B51: Average retail diesel price, per gallon, with carbon tax | K51: 2.849 | L51: 3.317 | M51: 2.401 | N51: 2.836 | O51: 3.3 | P51: =O51*(1+$K$40)+P50 -> 3.5384044 | Q51: =(P51-P50)*(1+$K$40)+Q50 -> 3.6240134 | R51: =(Q51-Q50)*(1+$K$40)+R50 -> 3.7126944 | S51: =(R51-R50)*(1+$K$40)+S50 -> 3.8046378 | T51: =(S51-S50)*(1+$K$40)+T50 -> 3.9000498 | U51: =(T51-T50)*(1+$K$40)+U50 -> 3.9991537 | V51: =(U51-U50)*(1+$K$40)+V50 -> 4.1021908 | W51: =(V51-V50)*(1+$K$40)+W50 -> 4.2094227 | X51: =(W51-W50)*(1+$K$40)+X50 -> 4.321132 | ... AL51: =(AK51-AK50)*(1+$K$40)+AL50 -> 5.8865156 | AO51: =ROW() -> 51
B52: =CONCATENATE("Historical figures from Monthly Energy Review, except that 2011 figure is Komanoff est., reduced considerably from actual $3.59 average for first 6 months. Figures beyond 2011 apply the assumed non-tax increase in diesel prices given in Cell K",AO40, " to untaxed portion of diesel price, which is calculated by subtracting previous year's tax in Row ",AO50, " from total price for that year in Row ",AO51, ".") -> Historical figures from Monthly Energy Review, except that 2011 figure is Komanoff est., reduced considerably from actual $3.59 average for first 6 months. Figures beyond 2011 apply the assumed non-tax increase in diesel prices given in Cell K40 to untaxed portion of diesel price, which is calculated by subtracting previous year's tax in Row 50 from total price for that year in Row 51. | AO52: =ROW() -> 52
AO53: =ROW() -> 53
AO54: =ROW() -> 54
B55: CO2 emissions, lb / gallon | K55: =K25 -> 22.456286 | L55: =$K$55*(1-$I$48)^(L18/$F$48) -> 22.456286 | M55: =$K$55*(1-$I$48)^(M18/$F$48) -> 22.456286 | N55: =$K$55*(1-$I$48)^(N18/$F$48) -> 22.456286 | O55: =$K$55*(1-$I$48)^(O18/$F$48) -> 22.456286 | P55: =$K$55*(1-$I$48)^(P18/$F$48) -> 22.231723 | Q55: =$K$55*(1-$I$48)^(Q18/$F$48) -> 22.209391 | R55: =$K$55*(1-$I$48)^(R18/$F$48) -> 22.184851 | S55: =$K$55*(1-$I$48)^(S18/$F$48) -> 22.157889 | ... AL55: =$K$55*(1-$I$48)^(AL18/$F$48) -> 21.615366 | AO55: =ROW() -> 55
B56: =CONCATENATE("Figures reduce baseline emission factor by a percentage calculated from Cell I",AO48, " normalized by Cell F",AO48, ".") -> Figures reduce baseline emission factor by a percentage calculated from Cell I48 normalized by Cell F48. | AO56: =ROW() -> 56
K57: =K7 -> 2007 | L57: =L7 -> 2008 | M57: =M7 -> 2009 | N57: =N7 -> 2010 | O57: =O7 -> 2011 | P57: =P7 -> 2012 | Q57: =Q7 -> 2013 | R57: =R7 -> 2014 | ... AL57: =AL7 -> 2034 | AO57: =ROW() -> 57
B58: Change in U.S. diesel sales due to price impact of carbon tax, million gallons | N58: =CONCATENATE("Initial row in this block is derived through a calculation on Row ",AO126, ". Remaining rows employ Rows ",AO17, ", ",AO18,", ",AO31,", ",AO42, ", ",AO46, ", and ",AO55, ".") -> Initial row in this block is derived through a calculation on Row 126. Remaining rows employ Rows 17, 18, 31, 42, 46, and 55. | P58: =P126*P42 -> -412.67376 | Q58: =Q126*Q42 -> -872.59909 | R58: =R126*R42 -> -1379.9141 | S58: =S126*S42 -> -1934.6536 | T58: =T126*T42 -> -2536.7479 | U58: =U126*U42 -> -3186.0204 | V58: =V126*V42 -> -3882.1869 | W58: =W126*W42 -> -4624.854 | ... AL58: =AL126*AL42 -> -13210.483 | AO58: =ROW() -> 58
B59: U.S. diesel sales with carbon tax, million gallons | P59: =P42+P58 -> 47401.12 | Q59: =Q42+Q58 -> 47266.614 | R59: =R42+R58 -> 47086.933 | S59: =S42+S58 -> 46862.057 | T59: =T42+T58 -> 46592.071 | U59: =U42+U58 -> 46277.168 | V59: =V42+V58 -> 45917.646 | W59: =W42+W58 -> 45513.914 | ... AL59: =AL42+AL58 -> 42298.127 | AO59: =ROW() -> 59
B60: CO2 emissions from diesel for moving freight, millions of metric tons, with carbon tax | P60: =P59*P55/Parameters!$J$15 -> 477.91773 | Q60: =Q59*Q55/Parameters!$J$15 -> 476.08286 | R60: =R59*R55/Parameters!$J$15 -> 473.74902 | S60: =S59*S55/Parameters!$J$15 -> 470.91348 | T60: =T59*T55/Parameters!$J$15 -> 467.57453 | U60: =U59*U55/Parameters!$J$15 -> 463.73144 | V60: =V59*V55/Parameters!$J$15 -> 459.3846 | W60: =W59*W55/Parameters!$J$15 -> 454.53545 | ... AL60: =AL59*AL55/Parameters!$J$15 -> 414.64376 | AO60: =ROW() -> 60
B61: Change in CO2 due to carbon tax, million metric tons, relative to moving trajectory | P61: =P60-P46 -> -9.0302273 | Q61: =Q60-Q46 -> -14.179246 | R61: =R60-R46 -> -19.84979 | S61: =S60-S46 -> -26.04474 | T61: =T60-T46 -> -32.765978 | U61: =U60-U46 -> -40.014359 | V61: =V60-V46 -> -47.78968 | W61: =W60-W46 -> -56.090644 | ... AL61: =AL60-AL46 -> -150.67018 | AO61: =ROW() -> 61
B62: Change in CO2 due to carbon tax, million metric tons, relative to 2009 emissions | P62: =P60-$M$46 -> 24.39671 | Q62: =Q60-$M$46 -> 22.561841 | R62: =R60-$M$46 -> 20.228004 | S62: =S60-$M$46 -> 17.39247 | T62: =T60-$M$46 -> 14.053511 | U62: =U60-$M$46 -> 10.210429 | V62: =V60-$M$46 -> 5.8635841 | W62: =W60-$M$46 -> 1.0144298 | ... AL62: =AL60-$M$46 -> -38.877259 | AO62: =ROW() -> 62
B63: Carbon Tax Revenues, $ billions (w/o diesel surtax component) | P63: =ROUND(P60*P18,-2)/1000 -> 4.8 | Q63: =ROUND(Q60*Q18,-2)/1000 -> 5.2 | R63: =ROUND(R60*R18,-2)/1000 -> 5.7 | S63: =ROUND(S60*S18,-2)/1000 -> 6.3 | T63: =ROUND(T60*T18,-2)/1000 -> 6.8 | U63: =ROUND(U60*U18,-2)/1000 -> 7.5 | V63: =ROUND(V60*V18,-2)/1000 -> 8.1 | W63: =ROUND(W60*W18,-2)/1000 -> 8.9 | ... AL63: =ROUND(AL60*AL18,-2)/1000 -> 15.7 | AO63: =ROW() -> 63
B64: Diesel Surcharge Revenues, $ billions (w/o carbon tax component) | P64: =ROUND(P59*$J$28*P17/100,-2)/1000 -> 2.8 | Q64: =ROUND(Q59*$J$28*Q17/100,-2)/1000 -> 5.7 | R64: =ROUND(R59*$J$28*R17/100,-2)/1000 -> 8.5 | S64: =ROUND(S59*$J$28*S17/100,-2)/1000 -> 11.2 | T64: =ROUND(T59*$J$28*T17/100,-2)/1000 -> 14 | U64: =ROUND(U59*$J$28*U17/100,-2)/1000 -> 16.7 | V64: =ROUND(V59*$J$28*V17/100,-2)/1000 -> 19.3 | W64: =ROUND(W59*$J$28*W17/100,-2)/1000 -> 21.8 | ... AL64: =ROUND(AL59*$J$28*AL17/100,-2)/1000 -> 38.1 | AO64: =ROW() -> 64
B65: Carbon Tax Revenues, $ billions (combined carbon tax + diesel surcharge) | P65: =P63+P64 -> 7.6 | Q65: =Q63+Q64 -> 10.9 | R65: =R63+R64 -> 14.2 | S65: =S63+S64 -> 17.5 | T65: =T63+T64 -> 20.8 | U65: =U63+U64 -> 24.2 | V65: =V63+V64 -> 27.4 | W65: =W63+W64 -> 30.7 | ... AL65: =AL63+AL64 -> 53.8 | AO65: =ROW() -> 65
AO66: =ROW() -> 66
B67: % increase in average retail price of diesel over prior year | P67: =P51/K51-1 -> 0.24198117 | Q67: =Q51/P51-1 -> 0.024194262 | R67: =R51/Q51-1 -> 0.024470376 | S67: =S51/R51-1 -> 0.024764599 | T67: =T51/S51-1 -> 0.025077818 | U67: =U51/T51-1 -> 0.025410912 | V67: =V51/U51-1 -> 0.025764745 | W67: =W51/V51-1 -> 0.02614015 | X67: =X51/W51-1 -> 0.026537917 | ... AL67: =AL51/AK51-1 -> 0.018127925 | AO67: =ROW() -> 67
AO68: =ROW() -> 68
B69: Assumed price-elasticity of demand for diesel (long-run) | I69: =-Parameters!F46 -> 0.4 | AO69: =ROW() -> 69
B70: See discussion in http://www.carbontax.org/issues/energy-demand-how-sensitive-to-price/ | AO70: =ROW() -> 70
AO71: =ROW() -> 71
AO72: =ROW() -> 72
B73: No. of years over which long-run elasticity is manifested | I73: 10 | R73: We assume that impact of carbon tax on diesel demand is realized over time in a linear fashion. (This is apart from phase-in of carbon tax level itself.) Each cell in triangular array below denotes effective price-elasticity in column year that will apply to tax enacted in row year. Further below, each cell in rectangular array operates on corresponding elasticity value and price increase due to tax, to yield a multiplicative factor denoting shrinkage in demand due to higher price. | AO73: =ROW() -> 73
AO74: =ROW() -> 74
AO75: =ROW() -> 75
B76: First year in which carbon tax is effective | I76: =P7 -> 2012 | AO76: =ROW() -> 76
AO77: =ROW() -> 77
B78: Effective price-elasticity in this column's year, for tax enacted in: | I78: =I76 -> 2012 | P78: =IF(P7>=Summary!$J$98+$I$73,$I$69,((P7-$I$76+1)/$I$73)*$I$69) -> 0.04 | Q78: =IF(Q7>=Summary!$J$98+$I$73,$I$69,((Q7-$I$76+1)/$I$73)*$I$69) -> 0.08 | R78: =IF(R7>=Summary!$J$98+$I$73,$I$69,((R7-$I$76+1)/$I$73)*$I$69) -> 0.12 | S78: =IF(S7>=Summary!$J$98+$I$73,$I$69,((S7-$I$76+1)/$I$73)*$I$69) -> 0.16 | T78: =IF(T7>=Summary!$J$98+$I$73,$I$69,((T7-$I$76+1)/$I$73)*$I$69) -> 0.2 | U78: =IF(U7>=Summary!$J$98+$I$73,$I$69,((U7-$I$76+1)/$I$73)*$I$69) -> 0.24 | V78: =IF(V7>=Summary!$J$98+$I$73,$I$69,((V7-$I$76+1)/$I$73)*$I$69) -> 0.28 | W78: =IF(W7>=Summary!$J$98+$I$73,$I$69,((W7-$I$76+1)/$I$73)*$I$69) -> 0.32 | ... AL78: =IF(AL7>=Summary!$J$98+$I$73,$I$69,((AL7-$I$76+1)/$I$73)*$I$69) -> 0.4 | AO78: =ROW() -> 78
B79: Effective price-elasticity in this column's year, for tax enacted in: | I79: =I78+1 -> 2013 | Q79: =P78 -> 0.04 | R79: =Q78 -> 0.08 | S79: =R78 -> 0.12 | T79: =S78 -> 0.16 | U79: =T78 -> 0.2 | V79: =U78 -> 0.24 | W79: =V78 -> 0.28 | X79: =W78 -> 0.32 | ... AL79: =AK78 -> 0.4 | AO79: =ROW() -> 79
B80: Effective price-elasticity in this column's year, for tax enacted in: | I80: =I79+1 -> 2014 | R80: =Q79 -> 0.04 | S80: =R79 -> 0.08 | T80: =S79 -> 0.12 | U80: =T79 -> 0.16 | V80: =U79 -> 0.2 | W80: =V79 -> 0.24 | X80: =W79 -> 0.28 | Y80: =X79 -> 0.32 | ... AL80: =AK79 -> 0.4 | AO80: =ROW() -> 80
B81: Effective price-elasticity in this column's year, for tax enacted in: | I81: =I80+1 -> 2015 | S81: =R80 -> 0.04 | T81: =S80 -> 0.08 | U81: =T80 -> 0.12 | V81: =U80 -> 0.16 | W81: =V80 -> 0.2 | X81: =W80 -> 0.24 | Y81: =X80 -> 0.28 | Z81: =Y80 -> 0.32 | ... AL81: =AK80 -> 0.4 | AO81: =ROW() -> 81
B82: Effective price-elasticity in this column's year, for tax enacted in: | I82: =I81+1 -> 2016 | T82: =S81 -> 0.04 | U82: =T81 -> 0.08 | V82: =U81 -> 0.12 | W82: =V81 -> 0.16 | X82: =W81 -> 0.2 | Y82: =X81 -> 0.24 | Z82: =Y81 -> 0.28 | AA82: =Z81 -> 0.32 | ... AL82: =AK81 -> 0.4 | AO82: =ROW() -> 82
B83: Effective price-elasticity in this column's year, for tax enacted in: | I83: =I82+1 -> 2017 | U83: =T82 -> 0.04 | V83: =U82 -> 0.08 | W83: =V82 -> 0.12 | X83: =W82 -> 0.16 | Y83: =X82 -> 0.2 | Z83: =Y82 -> 0.24 | AA83: =Z82 -> 0.28 | AB83: =AA82 -> 0.32 | ... AL83: =AK82 -> 0.4 | AO83: =ROW() -> 83
B84: Effective price-elasticity in this column's year, for tax enacted in: | I84: =I83+1 -> 2018 | V84: =U83 -> 0.04 | W84: =V83 -> 0.08 | X84: =W83 -> 0.12 | Y84: =X83 -> 0.16 | Z84: =Y83 -> 0.2 | AA84: =Z83 -> 0.24 | AB84: =AA83 -> 0.28 | AC84: =AB83 -> 0.32 | ... AL84: =AK83 -> 0.4 | AO84: =ROW() -> 84
B85: Effective price-elasticity in this column's year, for tax enacted in: | I85: =I84+1 -> 2019 | W85: =V84 -> 0.04 | X85: =W84 -> 0.08 | Y85: =X84 -> 0.12 | Z85: =Y84 -> 0.16 | AA85: =Z84 -> 0.2 | AB85: =AA84 -> 0.24 | AC85: =AB84 -> 0.28 | AD85: =AC84 -> 0.32 | ... AL85: =AK84 -> 0.4 | AO85: =ROW() -> 85
B86: Effective price-elasticity in this column's year, for tax enacted in: | I86: =I85+1 -> 2020 | X86: =W85 -> 0.04 | Y86: =X85 -> 0.08 | Z86: =Y85 -> 0.12 | AA86: =Z85 -> 0.16 | AB86: =AA85 -> 0.2 | AC86: =AB85 -> 0.24 | AD86: =AC85 -> 0.28 | AE86: =AD85 -> 0.32 | ... AL86: =AK85 -> 0.4 | AO86: =ROW() -> 86
B87: Effective price-elasticity in this column's year, for tax enacted in: | I87: =I86+1 -> 2021 | Y87: =X86 -> 0.04 | Z87: =Y86 -> 0.08 | AA87: =Z86 -> 0.12 | AB87: =AA86 -> 0.16 | AC87: =AB86 -> 0.2 | AD87: =AC86 -> 0.24 | AE87: =AD86 -> 0.28 | AF87: =AE86 -> 0.32 | ... AL87: =AK86 -> 0.4 | AO87: =ROW() -> 87
B88: Effective price-elasticity in this column's year, for tax enacted in: | I88: =I87+1 -> 2022 | Z88: =Y87 -> 0.04 | AA88: =Z87 -> 0.08 | AB88: =AA87 -> 0.12 | AC88: =AB87 -> 0.16 | AD88: =AC87 -> 0.2 | AE88: =AD87 -> 0.24 | AF88: =AE87 -> 0.28 | AG88: =AF87 -> 0.32 | ... AL88: =AK87 -> 0.4 | AO88: =ROW() -> 88
B89: Effective price-elasticity in this column's year, for tax enacted in: | I89: =I88+1 -> 2023 | AA89: =Z88 -> 0.04 | AB89: =AA88 -> 0.08 | AC89: =AB88 -> 0.12 | AD89: =AC88 -> 0.16 | AE89: =AD88 -> 0.2 | AF89: =AE88 -> 0.24 | AG89: =AF88 -> 0.28 | AH89: =AG88 -> 0.32 | ... AL89: =AK88 -> 0.4 | AO89: =ROW() -> 89
B90: Effective price-elasticity in this column's year, for tax enacted in: | I90: =I89+1 -> 2024 | AB90: =AA89 -> 0.04 | AC90: =AB89 -> 0.08 | AD90: =AC89 -> 0.12 | AE90: =AD89 -> 0.16 | AF90: =AE89 -> 0.2 | AG90: =AF89 -> 0.24 | AH90: =AG89 -> 0.28 | AI90: =AH89 -> 0.32 | ... AL90: =AK89 -> 0.4 | AO90: =ROW() -> 90
B91: Effective price-elasticity in this column's year, for tax enacted in: | I91: =I90+1 -> 2025 | AC91: =AB90 -> 0.04 | AD91: =AC90 -> 0.08 | AE91: =AD90 -> 0.12 | AF91: =AE90 -> 0.16 | AG91: =AF90 -> 0.2 | AH91: =AG90 -> 0.24 | AI91: =AH90 -> 0.28 | AJ91: =AI90 -> 0.32 | ... AL91: =AK90 -> 0.4 | AO91: =ROW() -> 91
B92: Effective price-elasticity in this column's year, for tax enacted in: | I92: =I91+1 -> 2026 | AD92: =AC91 -> 0.04 | AE92: =AD91 -> 0.08 | AF92: =AE91 -> 0.12 | AG92: =AF91 -> 0.16 | AH92: =AG91 -> 0.2 | AI92: =AH91 -> 0.24 | AJ92: =AI91 -> 0.28 | AK92: =AJ91 -> 0.32 | AL92: =AK91 -> 0.36 | AO92: =ROW() -> 92
B93: Effective price-elasticity in this column's year, for tax enacted in: | I93: =I92+1 -> 2027 | AE93: =AD92 -> 0.04 | AF93: =AE92 -> 0.08 | AG93: =AF92 -> 0.12 | AH93: =AG92 -> 0.16 | AI93: =AH92 -> 0.2 | AJ93: =AI92 -> 0.24 | AK93: =AJ92 -> 0.28 | AL93: =AK92 -> 0.32 | AO93: =ROW() -> 93
B94: Effective price-elasticity in this column's year, for tax enacted in: | I94: =I93+1 -> 2028 | AF94: =AE93 -> 0.04 | AG94: =AF93 -> 0.08 | AH94: =AG93 -> 0.12 | AI94: =AH93 -> 0.16 | AJ94: =AI93 -> 0.2 | AK94: =AJ93 -> 0.24 | AL94: =AK93 -> 0.28 | AO94: =ROW() -> 94
B95: Effective price-elasticity in this column's year, for tax enacted in: | I95: =I94+1 -> 2029 | AG95: =AF94 -> 0.04 | AH95: =AG94 -> 0.08 | AI95: =AH94 -> 0.12 | AJ95: =AI94 -> 0.16 | AK95: =AJ94 -> 0.2 | AL95: =AK94 -> 0.24 | AO95: =ROW() -> 95
B96: Effective price-elasticity in this column's year, for tax enacted in: | I96: =I95+1 -> 2030 | AH96: =AG95 -> 0.04 | AI96: =AH95 -> 0.08 | AJ96: =AI95 -> 0.12 | AK96: =AJ95 -> 0.16 | AL96: =AK95 -> 0.2 | AO96: =ROW() -> 96
B97: Effective price-elasticity in this column's year, for tax enacted in: | I97: =I96+1 -> 2031 | AI97: =AH96 -> 0.04 | AJ97: =AI96 -> 0.08 | AK97: =AJ96 -> 0.12 | AL97: =AK96 -> 0.16 | AO97: =ROW() -> 97
B98: Effective price-elasticity in this column's year, for tax enacted in: | I98: =I97+1 -> 2032 | AJ98: =AI97 -> 0.04 | AK98: =AJ97 -> 0.08 | AL98: =AK97 -> 0.12 | AO98: =ROW() -> 98
B99: Effective price-elasticity in this column's year, for tax enacted in: | I99: =I98+1 -> 2033 | AK99: =AJ98 -> 0.04 | AL99: =AK98 -> 0.08 | AO99: =ROW() -> 99
B100: Effective price-elasticity in this column's year, for tax enacted in: | I100: =I99+1 -> 2034 | AL100: =AK99 -> 0.04 | AO100: =ROW() -> 100
...

Sheet Aviation
B1: Aviation | M1: =Summary!J1 -> 40823 | AO1: =ROW() -> 1
AO2: =ROW() -> 2
B3: This page pertains only to Aviation. Other pages show Electricity, Personal Ground Travel, Freight, and Other Sectors. | K3: Figures in column apply either to 2007 or throughout. | L3: Figures in column correspond to actual data. | M3: Figures in column correspond to actual data. | N3: Same as for 2009, except baseline emissions for these two years are estimated. | P3: This and later years pivot off first tax year. | AO3: =ROW() -> 3
AO4: =ROW() -> 4
AO5: =ROW() -> 5
AO6: =ROW() -> 6
B7: Note: This worksheet is pre-formatted to print to six pages. Print area extends only to 2030. | K7: 2007 | L7: 2008 | M7: 2009 | N7: 2010 | O7: 2011 | P7: =Summary!P115 -> 2012 | Q7: =P7+1 -> 2013 | R7: =Q7+1 -> 2014 | S7: =R7+1 -> 2015 | T7: =S7+1 -> 2016 | U7: =T7+1 -> 2017 | V7: =U7+1 -> 2018 | W7: =V7+1 -> 2019 | X7: =W7+1 -> 2020 | ... AL7: =AK7+1 -> 2034 | AO7: =ROW() -> 7
AO8: =ROW() -> 8
B9: Parameters that pivot directly off assumptions in Summary worksheet are shown in blue. | AO9: =ROW() -> 9
B10: Key parameters that user may specify here (in this worksheet) are shown in magenta. | AO10: =ROW() -> 10
B11: Initial carbon tax per ton of CO2 emitted | I11: =Summary!$J$76 -> 10 | J11: =CONCATENATE("Do not type in two boxes at left. Quantities in those boxes are inputted automatically from Cells I",Summary!$AN$76,", I",Summary!$AN$78,", I",Summary!$AN$80,", and I",Summary!$AN$85," in 'Summary' worksheet. ",) -> Do not type in two boxes at left. Quantities in those boxes are inputted automatically from Cells I76, I78, I80, and I85 in 'Summary' worksheet. | AO11: =ROW() -> 11
B12: Annual tax increment per ton of CO2 emitted; OR Annual % growth | I12: =IF(Summary!J78=1,MAX(Summary!J80, 0.0001),Summary!J85) -> 0.1 | AO12: =ROW() -> 12
B13: =CONCATENATE("Note: Cell H",AO12, " is formulated as greater of (i) value entered in Summary, and (ii) 0.0001, to allow carbon tax rate to be set to zero; otherwise, zero would appear in denominator of some cells.") -> Note: Cell H12 is formulated as greater of (i) value entered in Summary, and (ii) 0.0001, to allow carbon tax rate to be set to zero; otherwise, zero would appear in denominator of some cells. | AO13: =ROW() -> 13
AO14: =ROW() -> 14
B15: =CONCATENATE("Is year at top of column equal to or greater than tax-start year (which was inputted in Summary tab, Cell H",Summary!$AN$98, ")?") -> Is year at top of column equal to or greater than tax-start year (which was inputted in Summary tab, Cell H98)? | M15: =IF(M$7>=Summary!$J98,"YES","NO") -> NO | N15: =IF(N$7>=Summary!$J98,"YES","NO") -> NO | O15: =IF(O$7>=Summary!$J98,"YES","NO") -> NO | P15: =IF(P$7>=Summary!$J98,"YES","NO") -> YES | Q15: =IF(Q$7>=Summary!$J98,"YES","NO") -> YES | R15: =IF(R$7>=Summary!$J98,"YES","NO") -> YES | S15: =IF(S$7>=Summary!$J98,"YES","NO") -> YES | T15: =IF(T$7>=Summary!$J98,"YES","NO") -> YES | ... AL15: =IF(AL$7>=Summary!$J98,"YES","NO") -> YES | AO15: =ROW() -> 15
B16: =CONCATENATE("Is year at top of column equal to or greater than final tax year (which was inputted in Summary tab, Cell H",Summary!$AN$110, ")?") -> Is year at top of column equal to or greater than final tax year (which was inputted in Summary tab, Cell H110)? | M16: =IF(M$7>Summary!$J99,"YES","NO") -> NO | N16: =IF(N$7>Summary!$J99,"YES","NO") -> NO | O16: =IF(O$7>Summary!$J99,"YES","NO") -> NO | P16: =IF(P$7>Summary!$J99,"YES","NO") -> NO | Q16: =IF(Q$7>Summary!$J99,"YES","NO") -> NO | R16: =IF(R$7>Summary!$J99,"YES","NO") -> NO | S16: =IF(S$7>Summary!$J99,"YES","NO") -> NO | T16: =IF(T$7>Summary!$J99,"YES","NO") -> NO | ... AL16: =IF(AL$7>Summary!$J99,"YES","NO") -> YES | AO16: =ROW() -> 16
B17: Effective tax year, number | M17: =IF(M15="NO",0,(IF(AND(M15="YES",M16="NO"),L17+1,L17))) -> 0 | N17: =IF(N15="NO",0,(IF(AND(N15="YES",N16="NO"),M17+1,M17))) -> 0 | O17: =IF(O15="NO",0,(IF(AND(O15="YES",O16="NO"),N17+1,N17))) -> 0 | P17: =IF(P15="NO",0,(IF(AND(P15="YES",P16="NO"),O17+1,O17))) -> 1 | Q17: =IF(Q15="NO",0,(IF(AND(Q15="YES",Q16="NO"),P17+1,P17))) -> 2 | R17: =IF(R15="NO",0,(IF(AND(R15="YES",R16="NO"),Q17+1,Q17))) -> 3 | S17: =IF(S15="NO",0,(IF(AND(S15="YES",S16="NO"),R17+1,R17))) -> 4 | T17: =IF(T15="NO",0,(IF(AND(T15="YES",T16="NO"),S17+1,S17))) -> 5 | ... AL17: =IF(AL15="NO",0,(IF(AND(AL15="YES",AL16="NO"),AK17+1,AK17))) -> 15 | AO17: =ROW() -> 17
B18: Tax in year shown, per ton of CO2 emitted | M18: =IF(Summary!$J78=1,MAX(0,$I$11*MIN(1,M17)+$I$12*(M17-1)),IF(M17=0,0,($I$11*(1+$I$12)^(M17-1)))) -> 0 | N18: =IF(Summary!$J78=1,MAX(0,$I$11*MIN(1,N17)+$I$12*(N17-1)),IF(N17=0,0,($I$11*(1+$I$12)^(N17-1)))) -> 0 | O18: =IF(Summary!$J78=1,MAX(0,$I$11*MIN(1,O17)+$I$12*(O17-1)),IF(O17=0,0,($I$11*(1+$I$12)^(O17-1)))) -> 0 | P18: =IF(Summary!$J78=1,MAX(0,$I$11*MIN(1,P17)+$I$12*(P17-1)),IF(P17=0,0,($I$11*(1+$I$12)^(P17-1)))) -> 10 | Q18: =IF(Summary!$J78=1,MAX(0,$I$11*MIN(1,Q17)+$I$12*(Q17-1)),IF(Q17=0,0,($I$11*(1+$I$12)^(Q17-1)))) -> 11 | R18: =IF(Summary!$J78=1,MAX(0,$I$11*MIN(1,R17)+$I$12*(R17-1)),IF(R17=0,0,($I$11*(1+$I$12)^(R17-1)))) -> 12.1 | S18: =IF(Summary!$J78=1,MAX(0,$I$11*MIN(1,S17)+$I$12*(S17-1)),IF(S17=0,0,($I$11*(1+$I$12)^(S17-1)))) -> 13.31 | T18: =IF(Summary!$J78=1,MAX(0,$I$11*MIN(1,T17)+$I$12*(T17-1)),IF(T17=0,0,($I$11*(1+$I$12)^(T17-1)))) -> 14.641 | ... AL18: =IF(Summary!$J78=1,MAX(0,$I$11*MIN(1,AL17)+$I$12*(AL17-1)),IF(AL17=0,0,($I$11*(1+$I$12)^(AL17-1)))) -> 37.974983 | AO18: =ROW() -> 18
B19: Tax in year shown, per metric ton of carbon dioxide emitted | M19: =M18*Parameters!$J$15/2000 -> 0 | N19: =N18*Parameters!$J$15/2000 -> 0 | O19: =O18*Parameters!$J$15/2000 -> 0 | P19: =P18*Parameters!$J$15/2000 -> 11.025 | Q19: =Q18*Parameters!$J$15/2000 -> 12.1275 | R19: =R18*Parameters!$J$15/2000 -> 13.34025 | S19: =S18*Parameters!$J$15/2000 -> 14.674275 | T19: =T18*Parameters!$J$15/2000 -> 16.141703 | ... AL19: =AL18*Parameters!$J$15/2000 -> 41.867419 | AO19: =ROW() -> 19
AO20: =ROW() -> 20
B21: Million Btu per barrel, jet fuel | E21: Monthly Energy Review, Table A1. Approximate Heat Content of Petroleum Products (jet fuel, kerosene type) | K21: 5.67 | AO21: =ROW() -> 21
B22: Btu per gallon, jet fuel | K22: =$K$21*1000000/Parameters!$J$18 -> 135000 | AO22: =ROW() -> 22
B23: lbs Carbon per gallon, jet fuel | K23: =Emissions!J189/Parameters!J17 -> 5.754065 | AO23: =ROW() -> 23
B24: Which is equivalent to this many pounds of carbon (not CO2) per 106 Btu: | K24: =K23*1000000/K22 -> 42.622704 | AO24: =ROW() -> 24
B25: lbs CO2 per gallon, jet fuel | K25: =K23*Parameters!$J$14 -> 21.098238 | AO25: =ROW() -> 25
AO26: =ROW() -> 26
AO27: =ROW() -> 27
B28: Additional tax on jet fuel, cents/gallon, initial year (if surtax, beyond carbon tax) | J28: =Summary!J89*IF(Summary!E95="YES",1,0) -> 6 | K28: ¢/gal | M28: =IF(Summary!$J78=1,MAX(0,$J$28*MIN(1,M17)+$J$29*(M17-1)),IF(M17=0,0,($J$28*(1+$J$29/100)^(M17-1)))) -> 0 | N28: =IF(Summary!$J78=1,MAX(0,$J$28*MIN(1,N17)+$J$29*(N17-1)),IF(N17=0,0,($J$28*(1+$J$29/100)^(N17-1)))) -> 0 | O28: =IF(Summary!$J78=1,MAX(0,$J$28*MIN(1,O17)+$J$29*(O17-1)),IF(O17=0,0,($J$28*(1+$J$29/100)^(O17-1)))) -> 0 | P28: =IF(Summary!$J78=1,MAX(0,$J$28*MIN(1,P17)+$J$29*(P17-1)),IF(P17=0,0,($J$28*(1+$J$29/100)^(P17-1)))) -> 6 | Q28: =IF(Summary!$J78=1,MAX(0,$J$28*MIN(1,Q17)+$J$29*(Q17-1)),IF(Q17=0,0,($J$28*(1+$J$29/100)^(Q17-1)))) -> 6.6 | R28: =IF(Summary!$J78=1,MAX(0,$J$28*MIN(1,R17)+$J$29*(R17-1)),IF(R17=0,0,($J$28*(1+$J$29/100)^(R17-1)))) -> 7.26 | S28: =IF(Summary!$J78=1,MAX(0,$J$28*MIN(1,S17)+$J$29*(S17-1)),IF(S17=0,0,($J$28*(1+$J$29/100)^(S17-1)))) -> 7.986 | T28: =IF(Summary!$J78=1,MAX(0,$J$28*MIN(1,T17)+$J$29*(T17-1)),IF(T17=0,0,($J$28*(1+$J$29/100)^(T17-1)))) -> 8.7846 | ... AL28: =IF(Summary!$J78=1,MAX(0,$J$28*MIN(1,AL17)+$J$29*(AL17-1)),IF(AL17=0,0,($J$28*(1+$J$29/100)^(AL17-1)))) -> 22.78499 | AO28: =ROW() -> 28
B29: Annual surtax increment, cents/gallon; OR Annual % growth | J29: =IF(Summary!J78=1,MAX(J28*I12/I11, 0.0001),Summary!J85*100*IF(Summary!E95="YES",1,0)) -> 10 | K29: =IF(Summary!$J$78=1,"¢/gal","%") -> % | AO29: =ROW() -> 29
I30: 2005 | K30: =K7 -> 2007 | M30: =M7 -> 2009 | N30: =N7 -> 2010 | O30: =O7 -> 2011 | P30: =P7 -> 2012 | Q30: =Q7 -> 2013 | R30: =R7 -> 2014 | S30: =S7 -> 2015 | T30: =T7 -> 2016 | ... AL30: =AL7 -> 2034 | AO30: =ROW() -> 30
B31: U.S. Jet Fuel supplied 000 bbls/day | I31: =Emissions!T119 -> 1698.185 | K31: =Emissions!T121 -> 1639.531 | M31: =Emissions!T123 -> 1407.604 | N31: =Emissions!T124 -> 1445.423 | O31: =Emissions!T125 -> 1447.5928 | AO31: =ROW() -> 31
B32: U.S. Jet Fuel 000 bbls (entire year) | I32: =I31*Parameters!$J$19 -> 619837.53 | K32: =K31*Parameters!$J$19 -> 598428.81 | M32: =M31*Parameters!$J$19 -> 513775.46 | N32: =N31*Parameters!$J$19 -> 527579.39 | O32: =O31*Parameters!$J$19 -> 528371.36 | AO32: =ROW() -> 32
B33: (from Emissions worksheet) | AO33: =ROW() -> 33
B34: U.S. Jet Fuel gasoline, million gallons | I34: =I32*Parameters!$J$18/1000 -> 26033.176 | K34: =K32*Parameters!$J$18/1000 -> 25134.01 | M34: =M32*Parameters!$J$18/1000 -> 21578.569 | N34: =N32*Parameters!$J$18/1000 -> 22158.335 | O34: =O32*Parameters!$J$18/1000 -> 22191.597 | AO34: =ROW() -> 34
AO35: =ROW() -> 35
B36: Historical Real Increase Rate in U.S. Average Jet Fuel Price, 1990-2010: | K36: =(1+'Personal Ground Travel'!$K$36)*(1+0.005)-1 -> 0.022085 | L36: This is average real incrs rate 1990-2010. Calculated as sum of analogous rate for motor gasoline in Personal Ground Travel sheet, plus 0.5% to reflect the more rapid rise in untaxed jet fuel price vis-a-vis untaxed gasoline price over same period, as gleaned from USEIA Monthly Energy Review, Table 9.7. Refiner Prices of Petroleum Products to End Users. This indirect procedure is required because MER tracks only untaxed jet fuel prices. | AO36: =ROW() -> 36
AO37: =ROW() -> 37
B38: Multiplier to that rate, for projecting future real increase in gasoline price after 2010: | K38: 0.9 | AO38: =ROW() -> 38
B39: Komanoff assumption. | AO39: =ROW() -> 39
B40: Projected annual rate of real increase in average jet fuel price beyond 2010, w/o C tax | K40: =K36*K38 -> 0.0198765 | AO40: =ROW() -> 40
B41: =CONCATENATE("Product of Rows ",AO36, " and ",AO38, ".") -> Product of Rows 36 and 38. | AO41: =ROW() -> 41
B42: Jet Fuel usage, million gallons, w/o carbon tax | I42: =I34 -> 26033.176 | K42: =K34 -> 25134.01 | M42: =M34 -> 21578.569 | N42: =N34 -> 22158.335 | O42: =O34 -> 22191.597 | P42: =O42*((1+Parameters!$J$8)^Parameters!$G$47)*((1+Parameters!$J$9)^Parameters!$G$47)^(P7-2012)*((1+$K$40)^Parameters!$F$47)^(P7-2011) -> 22260.046 | Q42: =P42*((1+Parameters!$J$9)^Parameters!$G$47)*(1+$K$40)^Parameters!$F$47 -> 22438.699 | R42: =Q42*((1+Parameters!$J$9)^Parameters!$G$47)*(1+$K$40)^Parameters!$F$47 -> 22618.786 | S42: =R42*((1+Parameters!$J$9)^Parameters!$G$47)*(1+$K$40)^Parameters!$F$47 -> 22800.319 | T42: =S42*((1+Parameters!$J$9)^Parameters!$G$47)*(1+$K$40)^Parameters!$F$47 -> 22983.308 | U42: =T42*((1+Parameters!$J$9)^Parameters!$G$47)*(1+$K$40)^Parameters!$F$47 -> 23167.766 | V42: =U42*((1+Parameters!$J$9)^Parameters!$G$47)*(1+$K$40)^Parameters!$F$47 -> 23353.704 | W42: =V42*((1+Parameters!$J$9)^Parameters!$G$47)*(1+$K$40)^Parameters!$F$47 -> 23541.135 | X42: =W42*((1+Parameters!$J$9)^Parameters!$G$47)*(1+$K$40)^Parameters!$F$47 -> 23730.07 | ... AL42: =AK42*((1+Parameters!$J$9)^Parameters!$G$47)*(1+$K$40)^Parameters!$F$47 -> 26540.049 | AO42: =ROW() -> 42
B43: =CONCATENATE("2005-2011 figures are from Row ",AO34, ". Figures for 2012 and later apply income-elasticity for aviation fuel given in Parameters page, Row ",Parameters!$O$47," to assumed GDP growth rates given in Row ",Parameters!$O$8, " from same tab.") -> 2005-2011 figures are from Row 34. Figures for 2012 and later apply income-elasticity for aviation fuel given in Parameters page, Row 47 to assumed GDP growth rates given in Row 8 from same tab. | AO43: =ROW() -> 43
AO44: =ROW() -> 44
AO45: =ROW() -> 45
B46: CO2 emissions, millions of metric tons, w/o carbon tax | M46: =M42*$K$25/Parameters!$J$15 -> 206.47157 | N46: =N42*$K$25/Parameters!$J$15 -> 212.01897 | O46: =O42*$K$25/Parameters!$J$15 -> 212.33724 | P46: =P42*$K$25/Parameters!$J$15 -> 212.99218 | Q46: =Q42*$K$25/Parameters!$J$15 -> 214.7016 | R46: =R42*$K$25/Parameters!$J$15 -> 216.42474 | S46: =S42*$K$25/Parameters!$J$15 -> 218.16171 | T46: =T42*$K$25/Parameters!$J$15 -> 219.91261 | ... AL46: =AL42*$K$25/Parameters!$J$15 -> 253.94479 | AO46: =ROW() -> 46
AO47: =ROW() -> 47
B48: Reduxn in per-gallon CO2 emission rate per $10/ton CO2 tax | F48: 10 | G48: ton/CO2 tax | I48: ='Personal Ground Travel'!I48/5 -> 0.002 | AO48: =ROW() -> 48
B49: =CONCATENATE("CTC estimate. See discussion in Row ",'Personal Ground Travel'!AO49, ", Personal Ground Travel worksheet. We have divided that figure by 5 to reflect higher fuel purity required for aircraft engines.") -> CTC estimate. See discussion in Row 49, Personal Ground Travel worksheet. We have divided that figure by 5 to reflect higher fuel purity required for aircraft engines. | AO49: =ROW() -> 49
B50: Tax per gallon of jet fuel | N50: =N19*N55*(1/Parameters!$J$15)+N28/100 -> 0 | O50: =O19*O55*(1/Parameters!$J$15)+O28/100 -> 0 | P50: =P19*P55*(1/Parameters!$J$15)+P28/100 -> 0.16528021 | Q50: =Q19*Q55*(1/Parameters!$J$15)+Q28/100 -> 0.18178505 | R50: =R19*R55*(1/Parameters!$J$15)+R28/100 -> 0.19993551 | S50: =S19*S55*(1/Parameters!$J$15)+S28/100 -> 0.21989513 | T50: =T19*T55*(1/Parameters!$J$15)+T28/100 -> 0.24184361 | U50: =U19*U55*(1/Parameters!$J$15)+U28/100 -> 0.26597832 | ... AL50: =AL19*AL55*(1/Parameters!$J$15)+AL28/100 -> 0.62541845 | AO50: =ROW() -> 50
B51: Average retail jet fuel price, per gallon, with carbon tax | J51: 1.998 | K51: 2.165 | L51: 3.052 | M51: 1.704 | N51: 2.201 | O51: 3.0256 | P51: =AVERAGE(J51:O51)*(1+$K$40)+P50 -> 2.569741 | Q51: =(P51-P50)*(1+$K$40)+Q50 -> 2.6340382 | R51: =(Q51-Q50)*(1+$K$40)+R50 -> 2.7009308 | S51: =(R51-R50)*(1+$K$40)+S50 -> 2.7706015 | T51: =(S51-S50)*(1+$K$40)+T50 -> 2.8432491 | U51: =(T51-T50)*(1+$K$40)+U50 -> 2.9190906 | V51: =(U51-U50)*(1+$K$40)+V50 -> 2.998363 | W51: =(V51-V50)*(1+$K$40)+W50 -> 3.0813247 | X51: =(W51-W50)*(1+$K$40)+X50 -> 3.1682581 | ... AL51: =(AK51-AK50)*(1+$K$40)+AL50 -> 4.3327769 | AO51: =ROW() -> 51
B52: =CONCATENATE("Historical figures from Monthly Energy Review, except that 2011 figure is 5 months only, and 2012 is avg of 2006-2011. Figures exclude ostensible $0.244 for excise tax referenced in IRS 'Publication 510" & "Contents (Rev. July 2011)', <http://www.irs.gov/pub/irs-pdf/p510.pdf>. Figures beyond 2012 apply assumed non-tax increase rate in diesel prices given in Cell K",AO40, " to untaxed portion of diesel price, which is calculated by subtracting previous year's tax in Row ",AO50, " from total price for that year in Row ",AO51, ".") -> Historical figures from Monthly Energy Review, except that 2011 figure is 5 months only, and 2012 is avg of 2006-2011. Figures exclude ostensible $0.244 for excise tax referenced in IRS 'Publication 510Contents (Rev. July 2011)', <http://www.irs.gov/pub/irs-pdf/p510.pdf>. Figures beyond 2012 apply assumed non-tax increase rate in diesel prices given in Cell K40 to untaxed portion of diesel price, which is calculated by subtracting previous year's tax in Row 50 from total price for that year in Row 51. | AO52: =ROW() -> 52
AO53: =ROW() -> 53
AO54: =ROW() -> 54
B55: CO2 emissions, lb / gallon | K55: =K25 -> 21.098238 | P55: =$K$55*(1-$I$48)^(P18/$F$48) -> 21.056042 | Q55: =$K$55*(1-$I$48)^(Q18/$F$48) -> 21.051827 | R55: =$K$55*(1-$I$48)^(R18/$F$48) -> 21.047191 | S55: =$K$55*(1-$I$48)^(S18/$F$48) -> 21.042094 | T55: =$K$55*(1-$I$48)^(T18/$F$48) -> 21.036487 | U55: =$K$55*(1-$I$48)^(U18/$F$48) -> 21.030322 | V55: =$K$55*(1-$I$48)^(V18/$F$48) -> 21.023543 | W55: =$K$55*(1-$I$48)^(W18/$F$48) -> 21.016088 | ... AL55: =$K$55*(1-$I$48)^(AL18/$F$48) -> 20.938445 | AO55: =ROW() -> 55
B56: =CONCATENATE("Figures reduce baseline emission factor by percentage calculated from Cell I",AO48, " normalized by Cell F",AO48, ".") -> Figures reduce baseline emission factor by percentage calculated from Cell I48 normalized by Cell F48. | AO56: =ROW() -> 56
K57: =K7 -> 2007 | L57: =L7 -> 2008 | M57: =M7 -> 2009 | N57: =N7 -> 2010 | O57: =O7 -> 2011 | P57: =P7 -> 2012 | Q57: =Q7 -> 2013 | R57: =R7 -> 2014 | ... AL57: =AL7 -> 2034 | AO57: =ROW() -> 57
B58: Change in U.S. jet fuel sales due to price impact of carbon tax, million gallons | N58: =CONCATENATE("Initial row in this block is derived through a calculation on Row ",AO126, ". Remaining rows employ Rows ",AO17, ", ",AO18,", ",AO31,", ",AO42, ", ",AO46, ", and ",AO55, ".") -> Initial row in this block is derived through a calculation on Row 126. Remaining rows employ Rows 17, 18, 31, 42, 46, and 55. | P58: =P126*P42 -> -227.72909 | Q58: =Q126*Q42 -> -489.33526 | R58: =R126*R42 -> -784.94111 | S58: =S126*S42 -> -1114.5472 | T58: =T126*T42 -> -1478.0292 | U58: =U126*U42 -> -1875.1355 | V58: =V126*V42 -> -2305.4851 | W58: =W126*W42 -> -2768.5663 | ... AL58: =AL126*AL42 -> -8726.0884 | AO58: =ROW() -> 58
B59: U.S. jet fuel sales with carbon tax, million gallons | P59: =P42+P58 -> 22032.317 | Q59: =Q42+Q58 -> 21949.364 | R59: =R42+R58 -> 21833.845 | S59: =S42+S58 -> 21685.771 | T59: =T42+T58 -> 21505.279 | U59: =U42+U58 -> 21292.63 | V59: =V42+V58 -> 21048.219 | W59: =W42+W58 -> 20772.569 | ... AL59: =AL42+AL58 -> 17813.96 | AO59: =ROW() -> 59
B60: CO2 emissions, millions of metric tons, with carbon tax | P60: =P59*P55/Parameters!$J$15 -> 210.39156 | Q60: =Q59*Q55/Parameters!$J$15 -> 209.55747 | R60: =R59*R55/Parameters!$J$15 -> 208.40867 | S60: =S59*S55/Parameters!$J$15 -> 206.94514 | T60: =T59*T55/Parameters!$J$15 -> 205.16804 | U60: =U59*U55/Parameters!$J$15 -> 203.07976 | V60: =V59*V55/Parameters!$J$15 -> 200.68396 | W60: =W59*W55/Parameters!$J$15 -> 197.98554 | ... AL60: =AL59*AL55/Parameters!$J$15 -> 169.15947 | AO60: =ROW() -> 60
B61: Change in CO2 due to carbon tax, million metric tons, relative to moving trajectory | P61: =P60-P46 -> -2.6006207 | Q61: =Q60-Q46 -> -5.1441336 | R61: =R60-R46 -> -8.0160668 | S61: =S60-S46 -> -11.216566 | T61: =T60-T46 -> -14.744576 | U61: =U60-U46 -> -18.597812 | V61: =V60-V46 -> -22.77274 | W61: =W60-W46 -> -27.264562 | ... AL61: =AL60-AL46 -> -84.785327 | AO61: =ROW() -> 61
B62: Change in CO2 due to carbon tax, million metric tons, relative to 2009 emissions | P62: =P60-$M$46 -> 3.9199932 | Q62: =Q60-$M$46 -> 3.0858996 | R62: =R60-$M$46 -> 1.9371051 | S62: =S60-$M$46 -> 0.47357368 | T62: =T60-$M$46 -> -1.3035274 | U62: =U60-$M$46 -> -3.3918023 | V62: =V60-$M$46 -> -5.7876048 | W62: =W60-$M$46 -> -8.4860218 | ... AL62: =AL60-$M$46 -> -37.312097 | AO62: =ROW() -> 62
B63: Carbon Tax Revenues, $ billions (w/o jet fuel tax component) | P63: =ROUND(P60*P18,-2)/1000 -> 2.1 | Q63: =ROUND(Q60*Q18,-2)/1000 -> 2.3 | R63: =ROUND(R60*R18,-2)/1000 -> 2.5 | S63: =ROUND(S60*S18,-2)/1000 -> 2.8 | T63: =ROUND(T60*T18,-2)/1000 -> 3 | U63: =ROUND(U60*U18,-2)/1000 -> 3.3 | V63: =ROUND(V60*V18,-2)/1000 -> 3.6 | W63: =ROUND(W60*W18,-2)/1000 -> 3.9 | ... AL63: =ROUND(AL60*AL18,-2)/1000 -> 6.4 | AO63: =ROW() -> 63
B64: Jet Fuel Tax Revenues, $ billions (w/o carbon tax component) | P64: =ROUND(P59*$J$28*P17/100,-2)/1000 -> 1.3 | Q64: =ROUND(Q59*$J$28*Q17/100,-2)/1000 -> 2.6 | R64: =ROUND(R59*$J$28*R17/100,-2)/1000 -> 3.9 | S64: =ROUND(S59*$J$28*S17/100,-2)/1000 -> 5.2 | T64: =ROUND(T59*$J$28*T17/100,-2)/1000 -> 6.5 | U64: =ROUND(U59*$J$28*U17/100,-2)/1000 -> 7.7 | V64: =ROUND(V59*$J$28*V17/100,-2)/1000 -> 8.8 | W64: =ROUND(W59*$J$28*W17/100,-2)/1000 -> 10 | ... AL64: =ROUND(AL59*$J$28*AL17/100,-2)/1000 -> 16 | AO64: =ROW() -> 64
B65: Carbon Tax Revenues, $ billions (carbon tax + jet fuel tax, combined) | P65: =P63+P64 -> 3.4 | Q65: =Q63+Q64 -> 4.9 | R65: =R63+R64 -> 6.4 | S65: =S63+S64 -> 8 | T65: =T63+T64 -> 9.5 | U65: =U63+U64 -> 11 | V65: =V63+V64 -> 12.4 | W65: =W63+W64 -> 13.9 | ... AL65: =AL63+AL64 -> 22.4 | AO65: =ROW() -> 65
AO66: =ROW() -> 66
B67: % increase in average retail price of jet fuel over prior year | P67: =P51/K51-1 -> 0.18694737 | Q67: =Q51/P51-1 -> 0.02502085 | R67: =R51/Q51-1 -> 0.025395482 | S67: =S51/R51-1 -> 0.025795054 | T67: =T51/S51-1 -> 0.026220872 | U67: =U51/T51-1 -> 0.026674255 | V67: =V51/U51-1 -> 0.027156528 | W67: =W51/V51-1 -> 0.02766901 | X67: =X51/W51-1 -> 0.028213004 | ... AL67: =AL51/AK51-1 -> 0.016958753 | AO67: =ROW() -> 67
AO68: =ROW() -> 68
B69: Assumed price-elasticity of demand for jet fuel (long-run) | H69: =-Parameters!F47 -> 0.6 | AO69: =ROW() -> 69
B70: Assumed to be half again as great as that for gasoline, which is referenced in corresponding row in Gasoline worksheet. This reflects fuel's higher proportion of air travel costs as well as more discretionary nature of most air travel vs. most auto travel. | AO70: =ROW() -> 70
AO71: =ROW() -> 71
AO72: =ROW() -> 72
B73: No. of years over which long-run elasticity is manifested | H73: 10 | R73: We assume that impact of carbon tax on jet fuel demand is realized over time in a linear fashion. (This is apart from phase-in of carbon tax level itself.) Each cell in triangular array below denotes effective price-elasticity in column year that will apply to tax enacted in row year. Further below, each cell in rectangular array operates on corresponding elasticity value and price increase due to tax, to yield a multiplicative factor denoting shrinkage in demand due to higher price. | AO73: =ROW() -> 73
AO74: =ROW() -> 74
AO75: =ROW() -> 75
B76: First year in which carbon tax is effective | H76: =P7 -> 2012 | AO76: =ROW() -> 76
AO77: =ROW() -> 77
B78: Effective price-elasticity in this column's year, for tax enacted in: | H78: =H76 -> 2012 | P78: =IF(P7>=Summary!$J$98+$H$73,$H$69,((P7-$H$76+1)/$H$73)*$H$69) -> 0.06 | Q78: =IF(Q7>=Summary!$J$98+$H$73,$H$69,((Q7-$H$76+1)/$H$73)*$H$69) -> 0.12 | R78: =IF(R7>=Summary!$J$98+$H$73,$H$69,((R7-$H$76+1)/$H$73)*$H$69) -> 0.18 | S78: =IF(S7>=Summary!$J$98+$H$73,$H$69,((S7-$H$76+1)/$H$73)*$H$69) -> 0.24 | T78: =IF(T7>=Summary!$J$98+$H$73,$H$69,((T7-$H$76+1)/$H$73)*$H$69) -> 0.3 | U78: =IF(U7>=Summary!$J$98+$H$73,$H$69,((U7-$H$76+1)/$H$73)*$H$69) -> 0.36 | V78: =IF(V7>=Summary!$J$98+$H$73,$H$69,((V7-$H$76+1)/$H$73)*$H$69) -> 0.42 | W78: =IF(W7>=Summary!$J$98+$H$73,$H$69,((W7-$H$76+1)/$H$73)*$H$69) -> 0.48 | ... AL78: =IF(AL7>=Summary!$J$98+$H$73,$H$69,((AL7-$H$76+1)/$H$73)*$H$69) -> 0.6 | AO78: =ROW() -> 78
B79: Effective price-elasticity in this column's year, for tax enacted in: | H79: =H78+1 -> 2013 | Q79: =P78 -> 0.06 | R79: =Q78 -> 0.12 | S79: =R78 -> 0.18 | T79: =S78 -> 0.24 | U79: =T78 -> 0.3 | V79: =U78 -> 0.36 | W79: =V78 -> 0.42 | X79: =W78 -> 0.48 | ... AL79: =AK78 -> 0.6 | AO79: =ROW() -> 79
B80: Effective price-elasticity in this column's year, for tax enacted in: | H80: =H79+1 -> 2014 | R80: =Q79 -> 0.06 | S80: =R79 -> 0.12 | T80: =S79 -> 0.18 | U80: =T79 -> 0.24 | V80: =U79 -> 0.3 | W80: =V79 -> 0.36 | X80: =W79 -> 0.42 | Y80: =X79 -> 0.48 | ... AL80: =AK79 -> 0.6 | AO80: =ROW() -> 80
B81: Effective price-elasticity in this column's year, for tax enacted in: | H81: =H80+1 -> 2015 | S81: =R80 -> 0.06 | T81: =S80 -> 0.12 | U81: =T80 -> 0.18 | V81: =U80 -> 0.24 | W81: =V80 -> 0.3 | X81: =W80 -> 0.36 | Y81: =X80 -> 0.42 | Z81: =Y80 -> 0.48 | ... AL81: =AK80 -> 0.6 | AO81: =ROW() -> 81
B82: Effective price-elasticity in this column's year, for tax enacted in: | H82: =H81+1 -> 2016 | T82: =S81 -> 0.06 | U82: =T81 -> 0.12 | V82: =U81 -> 0.18 | W82: =V81 -> 0.24 | X82: =W81 -> 0.3 | Y82: =X81 -> 0.36 | Z82: =Y81 -> 0.42 | AA82: =Z81 -> 0.48 | ... AL82: =AK81 -> 0.6 | AO82: =ROW() -> 82
B83: Effective price-elasticity in this column's year, for tax enacted in: | H83: =H82+1 -> 2017 | U83: =T82 -> 0.06 | V83: =U82 -> 0.12 | W83: =V82 -> 0.18 | X83: =W82 -> 0.24 | Y83: =X82 -> 0.3 | Z83: =Y82 -> 0.36 | AA83: =Z82 -> 0.42 | AB83: =AA82 -> 0.48 | ... AL83: =AK82 -> 0.6 | AO83: =ROW() -> 83
B84: Effective price-elasticity in this column's year, for tax enacted in: | H84: =H83+1 -> 2018 | V84: =U83 -> 0.06 | W84: =V83 -> 0.12 | X84: =W83 -> 0.18 | Y84: =X83 -> 0.24 | Z84: =Y83 -> 0.3 | AA84: =Z83 -> 0.36 | AB84: =AA83 -> 0.42 | AC84: =AB83 -> 0.48 | ... AL84: =AK83 -> 0.6 | AO84: =ROW() -> 84
B85: Effective price-elasticity in this column's year, for tax enacted in: | H85: =H84+1 -> 2019 | W85: =V84 -> 0.06 | X85: =W84 -> 0.12 | Y85: =X84 -> 0.18 | Z85: =Y84 -> 0.24 | AA85: =Z84 -> 0.3 | AB85: =AA84 -> 0.36 | AC85: =AB84 -> 0.42 | AD85: =AC84 -> 0.48 | ... AL85: =AK84 -> 0.6 | AO85: =ROW() -> 85
B86: Effective price-elasticity in this column's year, for tax enacted in: | H86: =H85+1 -> 2020 | X86: =W85 -> 0.06 | Y86: =X85 -> 0.12 | Z86: =Y85 -> 0.18 | AA86: =Z85 -> 0.24 | AB86: =AA85 -> 0.3 | AC86: =AB85 -> 0.36 | AD86: =AC85 -> 0.42 | AE86: =AD85 -> 0.48 | ... AL86: =AK85 -> 0.6 | AO86: =ROW() -> 86
B87: Effective price-elasticity in this column's year, for tax enacted in: | H87: =H86+1 -> 2021 | Y87: =X86 -> 0.06 | Z87: =Y86 -> 0.12 | AA87: =Z86 -> 0.18 | AB87: =AA86 -> 0.24 | AC87: =AB86 -> 0.3 | AD87: =AC86 -> 0.36 | AE87: =AD86 -> 0.42 | AF87: =AE86 -> 0.48 | ... AL87: =AK86 -> 0.6 | AO87: =ROW() -> 87
B88: Effective price-elasticity in this column's year, for tax enacted in: | H88: =H87+1 -> 2022 | Z88: =Y87 -> 0.06 | AA88: =Z87 -> 0.12 | AB88: =AA87 -> 0.18 | AC88: =AB87 -> 0.24 | AD88: =AC87 -> 0.3 | AE88: =AD87 -> 0.36 | AF88: =AE87 -> 0.42 | AG88: =AF87 -> 0.48 | ... AL88: =AK87 -> 0.6 | AO88: =ROW() -> 88
B89: Effective price-elasticity in this column's year, for tax enacted in: | H89: =H88+1 -> 2023 | AA89: =Z88 -> 0.06 | AB89: =AA88 -> 0.12 | AC89: =AB88 -> 0.18 | AD89: =AC88 -> 0.24 | AE89: =AD88 -> 0.3 | AF89: =AE88 -> 0.36 | AG89: =AF88 -> 0.42 | AH89: =AG88 -> 0.48 | ... AL89: =AK88 -> 0.6 | AO89: =ROW() -> 89
B90: Effective price-elasticity in this column's year, for tax enacted in: | H90: =H89+1 -> 2024 | AB90: =AA89 -> 0.06 | AC90: =AB89 -> 0.12 | AD90: =AC89 -> 0.18 | AE90: =AD89 -> 0.24 | AF90: =AE89 -> 0.3 | AG90: =AF89 -> 0.36 | AH90: =AG89 -> 0.42 | AI90: =AH89 -> 0.48 | ... AL90: =AK89 -> 0.6 | AO90: =ROW() -> 90
B91: Effective price-elasticity in this column's year, for tax enacted in: | H91: =H90+1 -> 2025 | AC91: =AB90 -> 0.06 | AD91: =AC90 -> 0.12 | AE91: =AD90 -> 0.18 | AF91: =AE90 -> 0.24 | AG91: =AF90 -> 0.3 | AH91: =AG90 -> 0.36 | AI91: =AH90 -> 0.42 | AJ91: =AI90 -> 0.48 | ... AL91: =AK90 -> 0.6 | AO91: =ROW() -> 91
B92: Effective price-elasticity in this column's year, for tax enacted in: | H92: =H91+1 -> 2026 | AD92: =AC91 -> 0.06 | AE92: =AD91 -> 0.12 | AF92: =AE91 -> 0.18 | AG92: =AF91 -> 0.24 | AH92: =AG91 -> 0.3 | AI92: =AH91 -> 0.36 | AJ92: =AI91 -> 0.42 | AK92: =AJ91 -> 0.48 | AL92: =AK91 -> 0.54 | AO92: =ROW() -> 92
B93: Effective price-elasticity in this column's year, for tax enacted in: | H93: =H92+1 -> 2027 | AE93: =AD92 -> 0.06 | AF93: =AE92 -> 0.12 | AG93: =AF92 -> 0.18 | AH93: =AG92 -> 0.24 | AI93: =AH92 -> 0.3 | AJ93: =AI92 -> 0.36 | AK93: =AJ92 -> 0.42 | AL93: =AK92 -> 0.48 | AO93: =ROW() -> 93
B94: Effective price-elasticity in this column's year, for tax enacted in: | H94: =H93+1 -> 2028 | AF94: =AE93 -> 0.06 | AG94: =AF93 -> 0.12 | AH94: =AG93 -> 0.18 | AI94: =AH93 -> 0.24 | AJ94: =AI93 -> 0.3 | AK94: =AJ93 -> 0.36 | AL94: =AK93 -> 0.42 | AO94: =ROW() -> 94
B95: Effective price-elasticity in this column's year, for tax enacted in: | H95: =H94+1 -> 2029 | AG95: =AF94 -> 0.06 | AH95: =AG94 -> 0.12 | AI95: =AH94 -> 0.18 | AJ95: =AI94 -> 0.24 | AK95: =AJ94 -> 0.3 | AL95: =AK94 -> 0.36 | AO95: =ROW() -> 95
B96: Effective price-elasticity in this column's year, for tax enacted in: | H96: =H95+1 -> 2030 | AH96: =AG95 -> 0.06 | AI96: =AH95 -> 0.12 | AJ96: =AI95 -> 0.18 | AK96: =AJ95 -> 0.24 | AL96: =AK95 -> 0.3 | AO96: =ROW() -> 96
B97: Effective price-elasticity in this column's year, for tax enacted in: | H97: =H96+1 -> 2031 | AI97: =AH96 -> 0.06 | AJ97: =AI96 -> 0.12 | AK97: =AJ96 -> 0.18 | AL97: =AK96 -> 0.24 | AO97: =ROW() -> 97
B98: Effective price-elasticity in this column's year, for tax enacted in: | H98: =H97+1 -> 2032 | AJ98: =AI97 -> 0.06 | AK98: =AJ97 -> 0.12 | AL98: =AK97 -> 0.18 | AO98: =ROW() -> 98
B99: Effective price-elasticity in this column's year, for tax enacted in: | H99: =H98+1 -> 2033 | AK99: =AJ98 -> 0.06 | AL99: =AK98 -> 0.12 | AO99: =ROW() -> 99
B100: Effective price-elasticity in this column's year, for tax enacted in: | H100: =H99+1 -> 2034 | AL100: =AK99 -> 0.06 | AO100: =ROW() -> 100
...

Sheet Other
B1: "Other" | M1: =Summary!J1 -> 40823 | AO1: =ROW() -> 1
AO2: =ROW() -> 2
B3: This page pertains to all CO2 emissions from fuel burning, other than those from Electricity Generation, Personal Ground Travel, Freight movement, and Aviation, which are treated in preceding worksheets. Since this "sector" lumps together hundreds of disparate sectors, our treatment is less rigorous than for those sectors. | K3: Figures in column apply either to 2007 or throughout. | L3: Figures in column correspond to actual data. | M3: Figures in column correspond to actual data. | N3: Same as for 2009, except baseline emissions for these two years are estimated. | P3: This and later years pivot off first tax year. | AO3: =ROW() -> 3
AO4: =ROW() -> 4
AO5: =ROW() -> 5
AO6: =ROW() -> 6
B7: Note: This worksheet is pre-formatted to print to six pages. Print area extends only to 2030. | K7: 2007 | L7: 2008 | M7: 2009 | N7: 2010 | O7: 2011 | P7: =Summary!P115 -> 2012 | Q7: =P7+1 -> 2013 | R7: =Q7+1 -> 2014 | S7: =R7+1 -> 2015 | T7: =S7+1 -> 2016 | U7: =T7+1 -> 2017 | V7: =U7+1 -> 2018 | W7: =V7+1 -> 2019 | X7: =W7+1 -> 2020 | ... AL7: =AK7+1 -> 2034 | AO7: =ROW() -> 7
AO8: =ROW() -> 8
B9: Parameters that pivot directly off assumptions in Summary worksheet are shown in blue. | AO9: =ROW() -> 9
B10: Key parameters that user may specify here (in this worksheet) are shown in magenta. | AO10: =ROW() -> 10
B11: Initial carbon tax per ton of CO2 emitted | I11: =Summary!$J$76 -> 10 | J11: =CONCATENATE("Do not type in two boxes at left. Quantities in those boxes are inputted automatically from Cells I",Summary!$AN$76,", I",Summary!$AN$78,", I",Summary!$AN$80,", and I",Summary!$AN$85," in 'Summary' worksheet. ",) -> Do not type in two boxes at left. Quantities in those boxes are inputted automatically from Cells I76, I78, I80, and I85 in 'Summary' worksheet. | AO11: =ROW() -> 11
B12: Annual tax increment per ton of CO2 emitted; OR Annual % growth | I12: =IF(Summary!J78=1,MAX(Summary!J80, 0.0001),Summary!J85) -> 0.1 | AO12: =ROW() -> 12
B13: =CONCATENATE("Note: Cell H",AO12, " is formulated as greater of (i) value entered in Summary, and (ii) 0.0001, to allow carbon tax rate to be set to zero; otherwise, zero would appear in denominator of some cells.") -> Note: Cell H12 is formulated as greater of (i) value entered in Summary, and (ii) 0.0001, to allow carbon tax rate to be set to zero; otherwise, zero would appear in denominator of some cells. | AO13: =ROW() -> 13
AO14: =ROW() -> 14
B15: =CONCATENATE("Is year at top of column equal to or greater than tax-start year (which was inputted in Summary tab, Cell H",Summary!$AN$98, ")?") -> Is year at top of column equal to or greater than tax-start year (which was inputted in Summary tab, Cell H98)? | M15: =IF(M$7>=Summary!$J98,"YES","NO") -> NO | N15: =IF(N$7>=Summary!$J98,"YES","NO") -> NO | O15: =IF(O$7>=Summary!$J98,"YES","NO") -> NO | P15: =IF(P$7>=Summary!$J98,"YES","NO") -> YES | Q15: =IF(Q$7>=Summary!$J98,"YES","NO") -> YES | R15: =IF(R$7>=Summary!$J98,"YES","NO") -> YES | S15: =IF(S$7>=Summary!$J98,"YES","NO") -> YES | T15: =IF(T$7>=Summary!$J98,"YES","NO") -> YES | ... AL15: =IF(AL$7>=Summary!$J98,"YES","NO") -> YES | AO15: =ROW() -> 15
B16: =CONCATENATE("Is year at top of column equal to or greater than final tax year (which was inputted in Summary tab, Cell H",Summary!$AN$110, ")?") -> Is year at top of column equal to or greater than final tax year (which was inputted in Summary tab, Cell H110)? | M16: =IF(M$7>Summary!$J99,"YES","NO") -> NO | N16: =IF(N$7>Summary!$J99,"YES","NO") -> NO | O16: =IF(O$7>Summary!$J99,"YES","NO") -> NO | P16: =IF(P$7>Summary!$J99,"YES","NO") -> NO | Q16: =IF(Q$7>Summary!$J99,"YES","NO") -> NO | R16: =IF(R$7>Summary!$J99,"YES","NO") -> NO | S16: =IF(S$7>Summary!$J99,"YES","NO") -> NO | T16: =IF(T$7>Summary!$J99,"YES","NO") -> NO | ... AL16: =IF(AL$7>Summary!$J99,"YES","NO") -> YES | AO16: =ROW() -> 16
B17: Effective tax year, number | M17: =IF(M15="NO",0,(IF(AND(M15="YES",M16="NO"),L17+1,L17))) -> 0 | N17: =IF(N15="NO",0,(IF(AND(N15="YES",N16="NO"),M17+1,M17))) -> 0 | O17: =IF(O15="NO",0,(IF(AND(O15="YES",O16="NO"),N17+1,N17))) -> 0 | P17: =IF(P15="NO",0,(IF(AND(P15="YES",P16="NO"),O17+1,O17))) -> 1 | Q17: =IF(Q15="NO",0,(IF(AND(Q15="YES",Q16="NO"),P17+1,P17))) -> 2 | R17: =IF(R15="NO",0,(IF(AND(R15="YES",R16="NO"),Q17+1,Q17))) -> 3 | S17: =IF(S15="NO",0,(IF(AND(S15="YES",S16="NO"),R17+1,R17))) -> 4 | T17: =IF(T15="NO",0,(IF(AND(T15="YES",T16="NO"),S17+1,S17))) -> 5 | ... AL17: =IF(AL15="NO",0,(IF(AND(AL15="YES",AL16="NO"),AK17+1,AK17))) -> 15 | AO17: =ROW() -> 17
B18: Tax in year shown, per ton of CO2 emitted | M18: =IF(Summary!$J78=1,MAX(0,$I$11*MIN(1,M17)+$I$12*(M17-1)),IF(M17=0,0,($I$11*(1+$I$12)^(M17-1)))) -> 0 | N18: =IF(Summary!$J78=1,MAX(0,$I$11*MIN(1,N17)+$I$12*(N17-1)),IF(N17=0,0,($I$11*(1+$I$12)^(N17-1)))) -> 0 | O18: =IF(Summary!$J78=1,MAX(0,$I$11*MIN(1,O17)+$I$12*(O17-1)),IF(O17=0,0,($I$11*(1+$I$12)^(O17-1)))) -> 0 | P18: =IF(Summary!$J78=1,MAX(0,$I$11*MIN(1,P17)+$I$12*(P17-1)),IF(P17=0,0,($I$11*(1+$I$12)^(P17-1)))) -> 10 | Q18: =IF(Summary!$J78=1,MAX(0,$I$11*MIN(1,Q17)+$I$12*(Q17-1)),IF(Q17=0,0,($I$11*(1+$I$12)^(Q17-1)))) -> 11 | R18: =IF(Summary!$J78=1,MAX(0,$I$11*MIN(1,R17)+$I$12*(R17-1)),IF(R17=0,0,($I$11*(1+$I$12)^(R17-1)))) -> 12.1 | S18: =IF(Summary!$J78=1,MAX(0,$I$11*MIN(1,S17)+$I$12*(S17-1)),IF(S17=0,0,($I$11*(1+$I$12)^(S17-1)))) -> 13.31 | T18: =IF(Summary!$J78=1,MAX(0,$I$11*MIN(1,T17)+$I$12*(T17-1)),IF(T17=0,0,($I$11*(1+$I$12)^(T17-1)))) -> 14.641 | ... AL18: =IF(Summary!$J78=1,MAX(0,$I$11*MIN(1,AL17)+$I$12*(AL17-1)),IF(AL17=0,0,($I$11*(1+$I$12)^(AL17-1)))) -> 37.974983 | AO18: =ROW() -> 18
B19: Tax in year shown, per metric ton of carbon dioxide emitted | M19: =M18*Parameters!$J$15/2000 -> 0 | N19: =N18*Parameters!$J$15/2000 -> 0 | O19: =O18*Parameters!$J$15/2000 -> 0 | P19: =P18*Parameters!$J$15/2000 -> 11.025 | Q19: =Q18*Parameters!$J$15/2000 -> 12.1275 | R19: =R18*Parameters!$J$15/2000 -> 13.34025 | S19: =S18*Parameters!$J$15/2000 -> 14.674275 | T19: =T18*Parameters!$J$15/2000 -> 16.141703 | ... AL19: =AL18*Parameters!$J$15/2000 -> 41.867419 | AO19: =ROW() -> 19
AO20: =ROW() -> 20
B21: U.S. Consumption of Fossil Fuels by Major Category, Quads per year (1 Quad = 1015 Btu) | K21: =K7 -> 2007 | L21: =L7 -> 2008 | M21: =M7 -> 2009 | N21: =N7 -> 2010 | AO21: =ROW() -> 21
B22: Total Fossil Fuel Consumption, Quads | H22: Source: mer_data, T01.03 | M22: 78.415496 | N22: 81.523087 | AO22: =ROW() -> 22
B23: Fossil Fuels Consumed to Make Electricity, Quads | H23: Source for data in these four rows is 'Emissions' worksheet tab, with CO2 emissions in metric tons converted to fuel units (quads) via conversion factors in the individual-sector worksheet tabs. | M23: =Emissions!L213 -> 28.29662 | N23: =Emissions!M213 -> 29.793983 | AO23: =ROW() -> 23
B24: Fossil Fuels Consumed for Personal Ground Travel, Quads | M24: =((Emissions!K102*1000000*1000000)/(Emissions!J182*Parameters!$J$14)*'Personal Ground Travel'!K22/1000000000000000) -> 17.228903 | N24: =M24*'Personal Ground Travel'!N31/'Personal Ground Travel'!M31 -> 17.221498 | AO24: =ROW() -> 24
B25: Fossil Fuels Consumed for Freight, Quads | M25: =((Emissions!K109*1000000*1000000)/(Emissions!J183*Parameters!$J$14)*Freight!K22/1000000000000000) -> 6.2019941 | N25: =M25*Freight!N31/Freight!M31 -> 6.4910491 | AO25: =ROW() -> 25
B26: Fossil Fuels Consumed for Aviation, Quads | M26: =((Emissions!K106*1000000*1000000)/(Emissions!J189*Parameters!$J$14)*Aviation!K22/1000000000000000) -> 2.7634796 | N26: =M26*Aviation!N31/Aviation!M31 -> 2.8377278 | AO26: =ROW() -> 26
B27: Fossil Fuels Consumed for Other, Quads | H27: =CONCATENATE("Calculated as Row ",AO22, " less sum of Rows ",AO23, "-",AO26, ".") -> Calculated as Row 22 less sum of Rows 23-26. | M27: =M22-SUM(M23:M26) -> 23.924499 | N27: =N22-SUM(N23:N26) -> 25.178829 | AO27: =ROW() -> 27
B28: Additional tax on 'other' fuel, cents/gallon, initial year (if surtax, beyond carbon tax) | J28: =(Summary!J89*IF(Summary!F95="YES",1,0))*(1000000)/'Personal Ground Travel'!$K$22 -> 47.972587 | K28: ¢/MMBtu | M28: =IF(Summary!$J78=1,MAX(0,$J$28*MIN(1,M17)+$J$29*(M17-1)),IF(M17=0,0,($J$28*(1+$J$29/100)^(M17-1)))) -> 0 | N28: =IF(Summary!$J78=1,MAX(0,$J$28*MIN(1,N17)+$J$29*(N17-1)),IF(N17=0,0,($J$28*(1+$J$29/100)^(N17-1)))) -> 0 | O28: =IF(Summary!$J78=1,MAX(0,$J$28*MIN(1,O17)+$J$29*(O17-1)),IF(O17=0,0,($J$28*(1+$J$29/100)^(O17-1)))) -> 0 | P28: =IF(Summary!$J78=1,MAX(0,$J$28*MIN(1,P17)+$J$29*(P17-1)),IF(P17=0,0,($J$28*(1+$J$29/100)^(P17-1)))) -> 47.972587 | Q28: =IF(Summary!$J78=1,MAX(0,$J$28*MIN(1,Q17)+$J$29*(Q17-1)),IF(Q17=0,0,($J$28*(1+$J$29/100)^(Q17-1)))) -> 52.769846 | R28: =IF(Summary!$J78=1,MAX(0,$J$28*MIN(1,R17)+$J$29*(R17-1)),IF(R17=0,0,($J$28*(1+$J$29/100)^(R17-1)))) -> 58.04683 | S28: =IF(Summary!$J78=1,MAX(0,$J$28*MIN(1,S17)+$J$29*(S17-1)),IF(S17=0,0,($J$28*(1+$J$29/100)^(S17-1)))) -> 63.851513 | T28: =IF(Summary!$J78=1,MAX(0,$J$28*MIN(1,T17)+$J$29*(T17-1)),IF(T17=0,0,($J$28*(1+$J$29/100)^(T17-1)))) -> 70.236665 | ... AL28: =IF(Summary!$J78=1,MAX(0,$J$28*MIN(1,AL17)+$J$29*(AL17-1)),IF(AL17=0,0,($J$28*(1+$J$29/100)^(AL17-1)))) -> 182.17582 | AO28: =ROW() -> 28
B29: Annual surtax increment, cents/gallon; OR Annual % growth | J29: =IF(Summary!J78=1,MAX(J28*I12/I11, 0.0001),Summary!J85*100*IF(Summary!F95="YES",1,0)) -> 10 | K29: =IF(Summary!$J$78=1,"¢/MMBtu","%") -> % | AO29: =ROW() -> 29
I30: 2005 | K30: =K7 -> 2007 | L30: =L7 -> 2008 | M30: =M7 -> 2009 | N30: =N7 -> 2010 | O30: =O7 -> 2011 | P30: =P7 -> 2012 | Q30: =Q7 -> 2013 | R30: =R7 -> 2014 | ... AL30: =AL7 -> 2034 | AO30: =ROW() -> 30
B31: CO2 emissions from "Other" sector, million metric tons | H31: =CONCATENATE("Copied from Emissions tab, Row ",Emissions!Q112, ".") -> Copied from Emissions tab, Row 112. | K31: =Emissions!I112 -> 1402.9477 | L31: =Emissions!J112 -> 1375.6543 | M31: =Emissions!K112 -> 1291.971 | AO31: =ROW() -> 31
B32: Implied CO2 emissions from "Other," pounds per million Btu | H32: =CONCATENATE("Row ",AO30, " divided by Row ",AO27, ", corrected for dimensions.") -> Row 30 divided by Row 27, corrected for dimensions. | M32: =(M31*1000000000000/Parameters!J17)/(M27*1000000000) -> 119.05405 | AO32: =ROW() -> 32
B33: For comparison: CO2 emissions from Personal Ground Travel, pounds per million Btu | M33: ='Personal Ground Travel'!K25*1000000/'Personal Ground Travel'!K22 -> 156.47407 | AO33: =ROW() -> 33
B34: Ratio of "Other" emissions (in pounds per million Btu) to same for Personal Ground Travel. | M34: =M32/M33 -> 0.76085482 | AO34: =ROW() -> 34
M35: Result suggests "Other" is dominated by natural gas. | AO35: =ROW() -> 35
B36: Historical Real Increase Rate in U.S. Average Natural Gas Price, 1990-2010 (@ City Gate): | K36: =((6.16/3.03)/(218.056/130.7))^(1/20)-1 -> 0.0099323449 | AO36: =ROW() -> 36
B37: mer_data, T09.11, City Gate price, 2010 avg vs. 1990 avg, adj'd by same year's CPI, All Urban Consumers | AO37: =ROW() -> 37
B38: Multiplier to that rate, for projecting future real increase in "Other" fuel price after 2010: | K38: 1 | AO38: =ROW() -> 38
B39: Komanoff assumption. | AO39: =ROW() -> 39
B40: Projected annual rate of real increase in "Other" fuel price beyond 2010, w/o C tax | K40: =K36*K38 -> 0.0099323449 | AO40: =ROW() -> 40
B41: =CONCATENATE("Product of Rows ",AO36, " and ",AO38, ".") -> Product of Rows 36 and 38. | AO41: =ROW() -> 41
B42: "Other" fuel usage, quadrillion Btu, w/o carbon tax | M42: =M27 -> 23.924499 | N42: =N27 -> 25.178829 | O42: =N42*((1+Parameters!$J$7)^Parameters!$G$48)*(1+$K$40)^Parameters!$F$48 -> 25.298599 | P42: =O42*((1+Parameters!$J$8)^Parameters!$G$48)*((1+Parameters!$J$9)^Parameters!$G$48)^(P7-2012)*((1+$K$40)^Parameters!$F$48)^(P7-2011) -> 25.456569 | Q42: =P42*((1+Parameters!$J$9)^Parameters!$G$48)*(1+$K$40)^Parameters!$F$48 -> 25.710105 | R42: =Q42*((1+Parameters!$J$9)^Parameters!$G$48)*(1+$K$40)^Parameters!$F$48 -> 25.966167 | S42: =R42*((1+Parameters!$J$9)^Parameters!$G$48)*(1+$K$40)^Parameters!$F$48 -> 26.224778 | T42: =S42*((1+Parameters!$J$9)^Parameters!$G$48)*(1+$K$40)^Parameters!$F$48 -> 26.485966 | U42: =T42*((1+Parameters!$J$9)^Parameters!$G$48)*(1+$K$40)^Parameters!$F$48 -> 26.749755 | V42: =U42*((1+Parameters!$J$9)^Parameters!$G$48)*(1+$K$40)^Parameters!$F$48 -> 27.016171 | W42: =V42*((1+Parameters!$J$9)^Parameters!$G$48)*(1+$K$40)^Parameters!$F$48 -> 27.28524 | X42: =W42*((1+Parameters!$J$9)^Parameters!$G$48)*(1+$K$40)^Parameters!$F$48 -> 27.556989 | ... AL42: =AK42*((1+Parameters!$J$9)^Parameters!$G$48)*(1+$K$40)^Parameters!$F$48 -> 31.658301 | AO42: =ROW() -> 42
B43: =CONCATENATE("2005-2010 figures are from Row ",AO34,". Figure for 2011 applies income-elasticity for 'other' fuel given in 'Parameters' page, Row ",Parameters!$O$48," to assumed GDP growth rate given in Row ",Parameters!$O$7," from same tab. Similarly for 2012 and after, except Row ",Parameters!$O$8, " in 'Parameters' page is used.") -> 2005-2010 figures are from Row 34. Figure for 2011 applies income-elasticity for 'other' fuel given in 'Parameters' page, Row 48 to assumed GDP growth rate given in Row 7 from same tab. Similarly for 2012 and after, except Row 8 in 'Parameters' page is used. | AO43: =ROW() -> 43
AO44: =ROW() -> 44
M45: =M46/M42 -> 54.002008 | AO45: =ROW() -> 45
B46: CO2 emissions, millions of metric tons, w/o carbon tax | K46: =Emissions!I112 -> 1402.9477 | L46: =Emissions!J112 -> 1375.6543 | M46: =Emissions!K112 -> 1291.971 | N46: =N42*$M$45 -> 1359.7073 | O46: =O42*$M$45 -> 1366.1751 | P46: =P42*$M$45 -> 1374.7058 | Q46: =Q42*$M$45 -> 1388.3973 | R46: =R42*$M$45 -> 1402.2251 | S46: =S42*$M$45 -> 1416.1907 | T46: =T42*$M$45 -> 1430.2953 | U46: =U42*$M$45 -> 1444.5405 | ... AL46: =AL42*$M$45 -> 1709.6118 | AO46: =ROW() -> 46
B47: =CONCATENATE("2007-09 are from 'Emissions' tab, Rows ",Emissions!Q112,". 2010 figure prorates 2009 by respective figures in Row ",AO27,"") -> 2007-09 are from 'Emissions' tab, Rows 112. 2010 figure prorates 2009 by respective figures in Row 27 | AO47: =ROW() -> 47
B48: Reduxn in per-gallon CO2 emission rate per $10/ton CO2 tax | F48: 10 | G48: ton/CO2 tax | I48: 0.01 | AO48: =ROW() -> 48
B49: CTC estimate, intended to reflect increased penetration of biofuels, hydrogen, etc. as conventional fuels grow more costly. | AO49: =ROW() -> 49
B50: Tax per million btu of fuel | N50: =N19*N55*(1/Parameters!$J$15)+N28/100 -> 0 | O50: =O19*O55*(1/Parameters!$J$15)+O28/100 -> 0 | P50: =P19*P55*(1/Parameters!$J$15)+P28/100 -> 1.0690434 | Q50: =Q19*Q55*(1/Parameters!$J$15)+Q28/100 -> 1.1752966 | R50: =R19*R55*(1/Parameters!$J$15)+R28/100 -> 1.2920391 | S50: =S19*S55*(1/Parameters!$J$15)+S28/100 -> 1.4202917 | T50: =T19*T55*(1/Parameters!$J$15)+T28/100 -> 1.5611713 | U50: =U19*U55*(1/Parameters!$J$15)+U28/100 -> 1.7158994 | ... AL50: =AL19*AL55*(1/Parameters!$J$15)+AL28/100 -> 3.9976456 | AO50: =ROW() -> 50
B51: Average user price of "other" fuel, per million Btu, with carbon tax | K51: =SUMPRODUCT(K53:M53,K54:M54)/SUM(K53:M53) -> 7.9329471 | P51: =$K$51+P50 -> 9.0019905 | Q51: =$K$51+Q50 -> 9.1082436 | R51: =$K$51+R50 -> 9.2249862 | S51: =$K$51+S50 -> 9.3532388 | T51: =$K$51+T50 -> 9.4941184 | U51: =$K$51+U50 -> 9.6488465 | V51: =$K$51+V50 -> 9.8187582 | W51: =$K$51+W50 -> 10.005312 | ... AL51: =$K$51+AL50 -> 11.930593 | AO51: =ROW() -> 51
B52: (base price is CTC estimate) | K52: Residential | L52: Commercial | M52: Industrial | AO52: =ROW() -> 52
E53: 2010 Usage, tcf (MER Table 4.3. Natural Gas Consumption by Sector) | K53: 4955 | L53: 3207 | M53: 7932 | AO53: =ROW() -> 53
E54: 2010 Price, $/mcf (mer.data T09.11) | K54: 11.2 | L54: 9.15 | M54: 5.4 | AO54: =ROW() -> 54
B55: CO2 emissions, lb / million Btu, w/ carbon tax | K55: =M32 -> 119.05405 | M55: =$K$55*(1-$I$48)^(M18/$F$48) -> 119.05405 | P55: =$K$55*(1-$I$48)^(P18/$F$48) -> 117.86351 | Q55: =$K$55*(1-$I$48)^(Q18/$F$48) -> 117.74511 | R55: =$K$55*(1-$I$48)^(R18/$F$48) -> 117.61501 | S55: =$K$55*(1-$I$48)^(S18/$F$48) -> 117.47207 | T55: =$K$55*(1-$I$48)^(T18/$F$48) -> 117.31503 | U55: =$K$55*(1-$I$48)^(U18/$F$48) -> 117.14253 | V55: =$K$55*(1-$I$48)^(V18/$F$48) -> 116.95308 | W55: =$K$55*(1-$I$48)^(W18/$F$48) -> 116.74503 | ... AL55: =$K$55*(1-$I$48)^(AL18/$F$48) -> 114.59583 | AO55: =ROW() -> 55
B56: =CONCATENATE("Figures reduce baseline emission factor by percentage calculated from Cell I",AO48, " normalized by Cell F",AO48, ".") -> Figures reduce baseline emission factor by percentage calculated from Cell I48 normalized by Cell F48. | AO56: =ROW() -> 56
K57: =K7 -> 2007 | L57: =L7 -> 2008 | M57: =M7 -> 2009 | N57: =N7 -> 2010 | O57: =O7 -> 2011 | P57: =P7 -> 2012 | Q57: =Q7 -> 2013 | R57: =R7 -> 2014 | ... AL57: =AL7 -> 2034 | AO57: =ROW() -> 57
B58: Change in U.S. "other" fuel sales due to price impact of carbon tax, trillion btu | N58: =CONCATENATE("Initial row in this block is derived through a calculation on Row ",AO126, ". Remaining rows employ Rows ",AO17, ", ",AO18,", ",AO31,", ",AO42, ", ",AO46, ", and ",AO55, ".") -> Initial row in this block is derived through a calculation on Row 126. Remaining rows employ Rows 17, 18, 31, 42, 46, and 55. | P58: =P126*P42*1000 -> -160.40489 | Q58: =Q126*Q42*1000 -> -337.8746 | R58: =R126*R42*1000 -> -533.84088 | S58: =S126*S42*1000 -> -749.80779 | T58: =T126*T42*1000 -> -987.34596 | U58: =U126*U42*1000 -> -1248.0847 | V58: =V126*V42*1000 -> -1533.7014 | W58: =W126*W42*1000 -> -1845.9087 | ... AL58: =AL126*AL42*1000 -> -6956.5606 | AO58: =ROW() -> 58
B59: National "other" fuels sales with carbon tax, trillion btu | P59: =1000*P42+P58 -> 25296.164 | Q59: =1000*Q42+Q58 -> 25372.23 | R59: =1000*R42+R58 -> 25432.326 | S59: =1000*S42+S58 -> 25474.971 | T59: =1000*T42+T58 -> 25498.62 | U59: =1000*U42+U58 -> 25501.67 | V59: =1000*V42+V58 -> 25482.469 | W59: =1000*W42+W58 -> 25439.331 | ... AL59: =1000*AL42+AL58 -> 24701.74 | AO59: =ROW() -> 59
B60: CO2 emissions, millions of metric tons, with carbon tax | P60: =P59*P55/Parameters!$J$15 -> 1352.1517 | Q60: =Q59*Q55/Parameters!$J$15 -> 1354.8554 | R60: =R59*R55/Parameters!$J$15 -> 1356.5638 | S60: =S59*S55/Parameters!$J$15 -> 1357.187 | T60: =T59*T55/Parameters!$J$15 -> 1356.631 | U60: =U59*U55/Parameters!$J$15 -> 1354.7983 | V60: =V59*V55/Parameters!$J$15 -> 1351.5887 | W60: =W59*W55/Parameters!$J$15 -> 1346.9004 | ... AL60: =AL59*AL55/Parameters!$J$15 -> 1283.7716 | AO60: =ROW() -> 60
B61: Change in CO2 due to carbon tax, million metric tons, relative to moving trajectory | P61: =P60-P46 -> -22.554078 | Q61: =Q60-Q46 -> -33.541932 | R61: =R60-R46 -> -45.661294 | S61: =S60-S46 -> -59.003633 | T61: =T60-T46 -> -73.664336 | U61: =U60-U46 -> -89.742195 | V61: =V60-V46 -> -107.33873 | W61: =W60-W46 -> -126.55731 | ... AL61: =AL60-AL46 -> -425.84015 | AO61: =ROW() -> 61
B62: Change in CO2 due to carbon tax, million metric tons, relative to 2009 emissions | P62: =P60-$M$46 -> 60.18077 | Q62: =Q60-$M$46 -> 62.884393 | R62: =R60-$M$46 -> 64.592868 | S62: =S60-$M$46 -> 65.216086 | T62: =T60-$M$46 -> 64.660031 | U62: =U60-$M$46 -> 62.827296 | V62: =V60-$M$46 -> 59.617765 | W62: =W60-$M$46 -> 54.929471 | ... AL62: =AL60-$M$46 -> -8.1993206 | AO62: =ROW() -> 62
B63: Carbon Tax Revenues, $ billions | P63: =ROUND(P60*P18,-2)/1000 -> 13.5 | Q63: =ROUND(Q60*Q18,-2)/1000 -> 14.9 | R63: =ROUND(R60*R18,-2)/1000 -> 16.4 | S63: =ROUND(S60*S18,-2)/1000 -> 18.1 | T63: =ROUND(T60*T18,-2)/1000 -> 19.9 | U63: =ROUND(U60*U18,-2)/1000 -> 21.8 | V63: =ROUND(V60*V18,-2)/1000 -> 23.9 | W63: =ROUND(W60*W18,-2)/1000 -> 26.2 | ... AL63: =ROUND(AL60*AL18,-2)/1000 -> 48.8 | AO63: =ROW() -> 63
B64: "Other" Fuel Tax Revenues, $ billions (w/o carbon tax component) | P64: =ROUND(P59*$J$28*P17/100,-2)/1000 -> 12.1 | Q64: =ROUND(Q59*$J$28*Q17/100,-2)/1000 -> 24.3 | R64: =ROUND(R59*$J$28*R17/100,-2)/1000 -> 36.6 | S64: =ROUND(S59*$J$28*S17/100,-2)/1000 -> 48.9 | T64: =ROUND(T59*$J$28*T17/100,-2)/1000 -> 61.2 | U64: =ROUND(U59*$J$28*U17/100,-2)/1000 -> 73.4 | V64: =ROUND(V59*$J$28*V17/100,-2)/1000 -> 85.6 | W64: =ROUND(W59*$J$28*W17/100,-2)/1000 -> 97.6 | ... AL64: =ROUND(AL59*$J$28*AL17/100,-2)/1000 -> 177.8 | AO64: =ROW() -> 64
B65: Carbon Tax Revenues, $ billions (carbon tax + "other" fuel tax, combined) | P65: =P63+P64 -> 25.6 | Q65: =Q63+Q64 -> 39.2 | R65: =R63+R64 -> 53 | S65: =S63+S64 -> 67 | T65: =T63+T64 -> 81.1 | U65: =U63+U64 -> 95.2 | V65: =V63+V64 -> 109.5 | W65: =W63+W64 -> 123.8 | ... AL65: =AL63+AL64 -> 226.6 | AO65: =ROW() -> 65
B67: % increase in average retail price of "Other" fuels over prior year | P67: =P51/K51-1 -> 0.13475993 | Q67: =Q51/P51-1 -> 0.011803296 | R67: =R51/Q51-1 -> 0.012817241 | S67: =S51/R51-1 -> 0.013902744 | T67: =T51/S51-1 -> 0.015062118 | U67: =U51/T51-1 -> 0.016297256 | V67: =V51/U51-1 -> 0.017609543 | W67: =W51/V51-1 -> 0.018999754 | X67: =X51/W51-1 -> 0.020467955 | ... AL67: =AL51/AK51-1 -> 0 | AO67: =ROW() -> 67
AO68: =ROW() -> 68
B69: Assumed price-elasticity (long-term) | H69: =-Parameters!F48 -> 0.5 | AO69: =ROW() -> 69
B70: See discussion in http://www.carbontax.org/issues/energy-demand-how-sensitive-to-price/ for background; However, because we have not analyzed "Other" fuels, figure here is an estimate. | AO70: =ROW() -> 70
AO71: =ROW() -> 71
AO72: =ROW() -> 72
B73: No. of years over which long-run elasticity is manifested | H73: 10 | R73: We assume that impact of carbon tax on electricity demand is realized over time in a linear fashion. (This is apart from phase-in of carbon tax level itself.) Each cell in triangular array below denotes effective price-elasticity in column year that will apply to tax enacted in row year. Further below, each cell in rectangular array operates on corresponding elasticity value and price increase due to tax, to yield a multiplicative factor denoting shrinkage in demand due to higher price. | AO73: =ROW() -> 73
AO74: =ROW() -> 74
AO75: =ROW() -> 75
B76: First year in which carbon tax is effective | H76: =P7 -> 2012 | AO76: =ROW() -> 76
AO77: =ROW() -> 77
B78: Effective price-elasticity in this column's year, for tax enacted in: | H78: =H76 -> 2012 | P78: =IF(P7>=Summary!$J$98+$H$73,$H$69,((P7-$H$76+1)/$H$73)*$H$69) -> 0.05 | Q78: =IF(Q7>=Summary!$J$98+$H$73,$H$69,((Q7-$H$76+1)/$H$73)*$H$69) -> 0.1 | R78: =IF(R7>=Summary!$J$98+$H$73,$H$69,((R7-$H$76+1)/$H$73)*$H$69) -> 0.15 | S78: =IF(S7>=Summary!$J$98+$H$73,$H$69,((S7-$H$76+1)/$H$73)*$H$69) -> 0.2 | T78: =IF(T7>=Summary!$J$98+$H$73,$H$69,((T7-$H$76+1)/$H$73)*$H$69) -> 0.25 | U78: =IF(U7>=Summary!$J$98+$H$73,$H$69,((U7-$H$76+1)/$H$73)*$H$69) -> 0.3 | V78: =IF(V7>=Summary!$J$98+$H$73,$H$69,((V7-$H$76+1)/$H$73)*$H$69) -> 0.35 | W78: =IF(W7>=Summary!$J$98+$H$73,$H$69,((W7-$H$76+1)/$H$73)*$H$69) -> 0.4 | ... AL78: =IF(AL7>=Summary!$J$98+$H$73,$H$69,((AL7-$H$76+1)/$H$73)*$H$69) -> 0.5 | AO78: =ROW() -> 78
B79: Effective price-elasticity in this column's year, for tax enacted in: | H79: =H78+1 -> 2013 | Q79: =P78 -> 0.05 | R79: =Q78 -> 0.1 | S79: =R78 -> 0.15 | T79: =S78 -> 0.2 | U79: =T78 -> 0.25 | V79: =U78 -> 0.3 | W79: =V78 -> 0.35 | X79: =W78 -> 0.4 | ... AL79: =AK78 -> 0.5 | AO79: =ROW() -> 79
B80: Effective price-elasticity in this column's year, for tax enacted in: | H80: =H79+1 -> 2014 | R80: =Q79 -> 0.05 | S80: =R79 -> 0.1 | T80: =S79 -> 0.15 | U80: =T79 -> 0.2 | V80: =U79 -> 0.25 | W80: =V79 -> 0.3 | X80: =W79 -> 0.35 | Y80: =X79 -> 0.4 | ... AL80: =AK79 -> 0.5 | AO80: =ROW() -> 80
B81: Effective price-elasticity in this column's year, for tax enacted in: | H81: =H80+1 -> 2015 | S81: =R80 -> 0.05 | T81: =S80 -> 0.1 | U81: =T80 -> 0.15 | V81: =U80 -> 0.2 | W81: =V80 -> 0.25 | X81: =W80 -> 0.3 | Y81: =X80 -> 0.35 | Z81: =Y80 -> 0.4 | ... AL81: =AK80 -> 0.5 | AO81: =ROW() -> 81
B82: Effective price-elasticity in this column's year, for tax enacted in: | H82: =H81+1 -> 2016 | T82: =S81 -> 0.05 | U82: =T81 -> 0.1 | V82: =U81 -> 0.15 | W82: =V81 -> 0.2 | X82: =W81 -> 0.25 | Y82: =X81 -> 0.3 | Z82: =Y81 -> 0.35 | AA82: =Z81 -> 0.4 | ... AL82: =AK81 -> 0.5 | AO82: =ROW() -> 82
B83: Effective price-elasticity in this column's year, for tax enacted in: | H83: =H82+1 -> 2017 | U83: =T82 -> 0.05 | V83: =U82 -> 0.1 | W83: =V82 -> 0.15 | X83: =W82 -> 0.2 | Y83: =X82 -> 0.25 | Z83: =Y82 -> 0.3 | AA83: =Z82 -> 0.35 | AB83: =AA82 -> 0.4 | ... AL83: =AK82 -> 0.5 | AO83: =ROW() -> 83
B84: Effective price-elasticity in this column's year, for tax enacted in: | H84: =H83+1 -> 2018 | V84: =U83 -> 0.05 | W84: =V83 -> 0.1 | X84: =W83 -> 0.15 | Y84: =X83 -> 0.2 | Z84: =Y83 -> 0.25 | AA84: =Z83 -> 0.3 | AB84: =AA83 -> 0.35 | AC84: =AB83 -> 0.4 | ... AL84: =AK83 -> 0.5 | AO84: =ROW() -> 84
B85: Effective price-elasticity in this column's year, for tax enacted in: | H85: =H84+1 -> 2019 | W85: =V84 -> 0.05 | X85: =W84 -> 0.1 | Y85: =X84 -> 0.15 | Z85: =Y84 -> 0.2 | AA85: =Z84 -> 0.25 | AB85: =AA84 -> 0.3 | AC85: =AB84 -> 0.35 | AD85: =AC84 -> 0.4 | ... AL85: =AK84 -> 0.5 | AO85: =ROW() -> 85
B86: Effective price-elasticity in this column's year, for tax enacted in: | H86: =H85+1 -> 2020 | X86: =W85 -> 0.05 | Y86: =X85 -> 0.1 | Z86: =Y85 -> 0.15 | AA86: =Z85 -> 0.2 | AB86: =AA85 -> 0.25 | AC86: =AB85 -> 0.3 | AD86: =AC85 -> 0.35 | AE86: =AD85 -> 0.4 | ... AL86: =AK85 -> 0.5 | AO86: =ROW() -> 86
B87: Effective price-elasticity in this column's year, for tax enacted in: | H87: =H86+1 -> 2021 | Y87: =X86 -> 0.05 | Z87: =Y86 -> 0.1 | AA87: =Z86 -> 0.15 | AB87: =AA86 -> 0.2 | AC87: =AB86 -> 0.25 | AD87: =AC86 -> 0.3 | AE87: =AD86 -> 0.35 | AF87: =AE86 -> 0.4 | ... AL87: =AK86 -> 0.5 | AO87: =ROW() -> 87
B88: Effective price-elasticity in this column's year, for tax enacted in: | H88: =H87+1 -> 2022 | Z88: =Y87 -> 0.05 | AA88: =Z87 -> 0.1 | AB88: =AA87 -> 0.15 | AC88: =AB87 -> 0.2 | AD88: =AC87 -> 0.25 | AE88: =AD87 -> 0.3 | AF88: =AE87 -> 0.35 | AG88: =AF87 -> 0.4 | ... AL88: =AK87 -> 0.5 | AO88: =ROW() -> 88
B89: Effective price-elasticity in this column's year, for tax enacted in: | H89: =H88+1 -> 2023 | AA89: =Z88 -> 0.05 | AB89: =AA88 -> 0.1 | AC89: =AB88 -> 0.15 | AD89: =AC88 -> 0.2 | AE89: =AD88 -> 0.25 | AF89: =AE88 -> 0.3 | AG89: =AF88 -> 0.35 | AH89: =AG88 -> 0.4 | ... AL89: =AK88 -> 0.5 | AO89: =ROW() -> 89
B90: Effective price-elasticity in this column's year, for tax enacted in: | H90: =H89+1 -> 2024 | AB90: =AA89 -> 0.05 | AC90: =AB89 -> 0.1 | AD90: =AC89 -> 0.15 | AE90: =AD89 -> 0.2 | AF90: =AE89 -> 0.25 | AG90: =AF89 -> 0.3 | AH90: =AG89 -> 0.35 | AI90: =AH89 -> 0.4 | ... AL90: =AK89 -> 0.5 | AO90: =ROW() -> 90
B91: Effective price-elasticity in this column's year, for tax enacted in: | H91: =H90+1 -> 2025 | AC91: =AB90 -> 0.05 | AD91: =AC90 -> 0.1 | AE91: =AD90 -> 0.15 | AF91: =AE90 -> 0.2 | AG91: =AF90 -> 0.25 | AH91: =AG90 -> 0.3 | AI91: =AH90 -> 0.35 | AJ91: =AI90 -> 0.4 | ... AL91: =AK90 -> 0.5 | AO91: =ROW() -> 91
B92: Effective price-elasticity in this column's year, for tax enacted in: | H92: =H91+1 -> 2026 | AD92: =AC91 -> 0.05 | AE92: =AD91 -> 0.1 | AF92: =AE91 -> 0.15 | AG92: =AF91 -> 0.2 | AH92: =AG91 -> 0.25 | AI92: =AH91 -> 0.3 | AJ92: =AI91 -> 0.35 | AK92: =AJ91 -> 0.4 | AL92: =AK91 -> 0.45 | AO92: =ROW() -> 92
B93: Effective price-elasticity in this column's year, for tax enacted in: | H93: =H92+1 -> 2027 | AE93: =AD92 -> 0.05 | AF93: =AE92 -> 0.1 | AG93: =AF92 -> 0.15 | AH93: =AG92 -> 0.2 | AI93: =AH92 -> 0.25 | AJ93: =AI92 -> 0.3 | AK93: =AJ92 -> 0.35 | AL93: =AK92 -> 0.4 | AO93: =ROW() -> 93
B94: Effective price-elasticity in this column's year, for tax enacted in: | H94: =H93+1 -> 2028 | AF94: =AE93 -> 0.05 | AG94: =AF93 -> 0.1 | AH94: =AG93 -> 0.15 | AI94: =AH93 -> 0.2 | AJ94: =AI93 -> 0.25 | AK94: =AJ93 -> 0.3 | AL94: =AK93 -> 0.35 | AO94: =ROW() -> 94
B95: Effective price-elasticity in this column's year, for tax enacted in: | H95: =H94+1 -> 2029 | AG95: =AF94 -> 0.05 | AH95: =AG94 -> 0.1 | AI95: =AH94 -> 0.15 | AJ95: =AI94 -> 0.2 | AK95: =AJ94 -> 0.25 | AL95: =AK94 -> 0.3 | AO95: =ROW() -> 95
B96: Effective price-elasticity in this column's year, for tax enacted in: | H96: =H95+1 -> 2030 | AH96: =AG95 -> 0.05 | AI96: =AH95 -> 0.1 | AJ96: =AI95 -> 0.15 | AK96: =AJ95 -> 0.2 | AL96: =AK95 -> 0.25 | AO96: =ROW() -> 96
B97: Effective price-elasticity in this column's year, for tax enacted in: | H97: =H96+1 -> 2031 | AI97: =AH96 -> 0.05 | AJ97: =AI96 -> 0.1 | AK97: =AJ96 -> 0.15 | AL97: =AK96 -> 0.2 | AO97: =ROW() -> 97
B98: Effective price-elasticity in this column's year, for tax enacted in: | H98: =H97+1 -> 2032 | AJ98: =AI97 -> 0.05 | AK98: =AJ97 -> 0.1 | AL98: =AK97 -> 0.15 | AO98: =ROW() -> 98
B99: Effective price-elasticity in this column's year, for tax enacted in: | H99: =H98+1 -> 2033 | AK99: =AJ98 -> 0.05 | AL99: =AK98 -> 0.1 | AO99: =ROW() -> 99
B100: Effective price-elasticity in this column's year, for tax enacted in: | H100: =H99+1 -> 2034 | AL100: =AK99 -> 0.05 | AO100: =ROW() -> 100
AO101: =ROW() -> 101
...

Sheet Graph_CO2
B2: Graph_CO2 | D2: Note: This page+graph give accurate results only for 2012 tax start date. Reprogramming w/ variable date TK later this month (10/2011). | L2: =Summary!J1 -> 40823
C4: All emissions are for USA, in millions of metric tons of carbon dioxide per year, from fossil-fuel combustion.
O5: <--------------------------- No Tax | P5: Yes Tax --------------------------------------------------->
B6: CO2 emissions | I6: =Summary!I115 -> 2005 | J6: =Summary!J115 -> 2006 | K6: =Summary!K115 -> 2007 | L6: =Summary!L115 -> 2008 | M6: =Summary!M115 -> 2009 | N6: =Summary!N115 -> 2010 | O6: =Summary!O115 -> 2011 | P6: =Summary!P115 -> 2012 | ... X6: =Summary!X115 -> 2020
B7: Without a carbon tax or other carbon-pricing action | I7: =Summary!I118 -> 5862.9 | J7: =AVERAGE(I7,K7) -> 5873.6 | K7: =Summary!K118 -> 5884.3 | L7: =Summary!L118 -> 5699.6 | M7: =Summary!M118 -> 5332.1 | N7: =Summary!N118 -> 5541.5159 | O7: =Summary!O118 -> 5541.3097 | P7: =Summary!P118 -> 5563.8612 | Q7: =Summary!Q118 -> 5606.9083 | R7: =Summary!R118 -> 5650.2983 | ... X7: =Summary!X118 -> 5917.9951
B8: AESTFA (Larson carbon tax) | I8: =I7 -> 5862.9 | J8: =AVERAGE(I8,K8) -> 5873.6 | K8: =K7 -> 5884.3 | L8: =L7 -> 5699.6 | M8: =M7 -> 5332.1 | N8: =N7 -> 5541.5159 | O8: =O7 -> 5541.3097 | P8: 5383.8566 | Q8: 5257.0419 | R8: 5118.5196 | S8: 4971.0701 | T8: 4817.0572 | U8: 4658.4869 | V8: 4497.0569 | W8: 4334.1992 | X8: 4171.1168
B9: Waxman-Markey if no offsets (blue cells are linearly interpolated betw 2012 and 2020 values) | I9: =I7 -> 5862.9 | J9: =AVERAGE(I9,K9) -> 5873.6 | K9: =K7 -> 5884.3 | L9: =L7 -> 5699.6 | M9: =M7 -> 5332.1 | N9: =N7 -> 5541.5159 | O9: =O7 -> 5541.3097 | P9: =$X$9+($X$6-P6)/($X$6-$O$6)*($O$9-$X$9) -> 5466.2983 | Q9: =$X$9+($X$6-Q6)/($X$6-$O$6)*($O$9-$X$9) -> 5391.2869 | R9: =$X$9+($X$6-R6)/($X$6-$O$6)*($O$9-$X$9) -> 5316.2755 | S9: =$X$9+($X$6-S6)/($X$6-$O$6)*($O$9-$X$9) -> 5241.264 | T9: =$X$9+($X$6-T6)/($X$6-$O$6)*($O$9-$X$9) -> 5166.2526 | U9: =$X$9+($X$6-U6)/($X$6-$O$6)*($O$9-$X$9) -> 5091.2412 | V9: =$X$9+($X$6-V6)/($X$6-$O$6)*($O$9-$X$9) -> 5016.2298 | W9: =$X$9+($X$6-W6)/($X$6-$O$6)*($O$9-$X$9) -> 4941.2184 | X9: =0.83*I9 -> 4866.207 | Y9: Figure = 83% of 2005 figure.
B10: User Selected Carbon Emissions Price | I10: =I7 -> 5862.9 | J10: =AVERAGE(I10,K10) -> 5873.6 | K10: =Summary!K128 -> 5884.3 | L10: =Summary!L128 -> 5699.6 | M10: =Summary!M128 -> 5332.1 | N10: =Summary!N128 -> 5541.5159 | O10: =Summary!O128 -> 5541.3097 | P10: =Summary!P128 -> 5435.6248 | Q10: =Summary!Q128 -> 5437.111 | R10: =Summary!R128 -> 5434.1423 | ... X10: =Summary!X128 -> 5308.2958
O17: Note: Inputting a $6.37/tonCO2 price beginning in 2012 and ramping up annually at that rate, yields Waxman-Markey 17% reduction target for 2020.

Sheet Graph_Oil
AO1: =ROW() -> 1
B2: Graph_Oil | D2: Note: This page+graph give accurate results only for 2012 tax start date. Reprogramming w/ variable date TK later this month (10/2011). | L2: =Summary!J1 -> 40823 | AO2: =ROW() -> 2
AO3: =ROW() -> 3
AO4: =ROW() -> 4
AO5: =ROW() -> 5
AO6: =ROW() -> 6
AO7: =ROW() -> 7
AO8: =ROW() -> 8
AO9: =ROW() -> 9
AO10: =ROW() -> 10
AO11: =ROW() -> 11
AO12: =ROW() -> 12
AO13: =ROW() -> 13
AO14: =ROW() -> 14
... AO40: =ROW() -> 40
C41: All oil consumption figures are for USA, in million of barrels per day | AO41: =ROW() -> 41
K42: <--------------------------- No Tax | L42: Yes Tax ---------------------------------------------------> | AO42: =ROW() -> 42
I43: =Summary!I115 -> 2005 | J43: =Summary!J115 -> 2006 | K43: =Summary!K115 -> 2007 | L43: =Summary!L115 -> 2008 | M43: =Summary!M115 -> 2009 | N43: =Summary!N115 -> 2010 | O43: =Summary!O115 -> 2011 | P43: =Summary!P115 -> 2012 | ... AL43: =Summary!AL115 -> 2034 | AO43: =ROW() -> 43
AO44: =ROW() -> 44
B45: Without a carbon tax or other carbon-pricing action | I45: =I75 -> 20275.414 | J45: =J75 -> 20310.542 | K45: =K75 -> 20345.669 | L45: =L75 -> 19501.14 | M45: =M75 -> 18645.204 | N45: =N75 -> 19165.947 | O45: =O75 -> 19079.199 | P45: =P75 -> 19156.602 | ... AL45: =AL75 -> 22675.187 | AO45: =ROW() -> 45
B46: AESTFA (Larson carbon tax) | I46: =I45 -> 20275.414 | J46: =J45 -> 20310.542 | K46: =K45 -> 20345.669 | L46: =L45 -> 19501.14 | M46: =M45 -> 18645.204 | N46: =N45 -> 19165.947 | O46: =O45 -> 19079.199 | P46: 18789.825 | Q46: 18566.444 | R46: 18299.579 | S46: 17994.414 | T46: 17655.799 | U46: 17288.255 | V46: 16895.995 | W46: 16482.93 | X46: 16052.683 | Y46: 15608.598 | Z46: 15226.115 | AA46: 14871.551 | AB46: 14541.34 | AC46: 14231.676 | AD46: 13939.384 | AE46: 13661.792 | AF46: 13396.632 | AG46: 13141.969 | AH46: 12896.145 | AI46: 12657.729 | AJ46: 12425.487 | AK46: 12344.925 | AL46: 12264.976 | AO46: =ROW() -> 46
B47: Waxman-Markey if no offsets (blue cells are linearly interpolated betw 2012 and 2020 values) | I47: =I45 -> 20275.414 | J47: =J45 -> 20310.542 | K47: =K45 -> 20345.669 | L47: =L45 -> 19501.14 | M47: =M45 -> 18645.204 | N47: =N45 -> 19165.947 | O47: =O45 -> 19079.199 | P47: 18978.178 | Q47: 18913.531 | R47: 18817.64 | S47: 18692.231 | T47: 18539.045 | U47: 18359.838 | V47: 18156.364 | W47: 17930.371 | X47: 17683.588 | Y47: 17417.724 | Z47: 17187.76 | AA47: 16969.743 | AB47: 16762.648 | AC47: 16565.031 | AD47: 16375.607 | AE47: 16193.229 | AF47: 16016.87 | AG47: 15845.603 | AH47: 15678.598 | AI47: 15515.102 | AJ47: 15354.437 | AK47: 15289.424 | AL47: 15224.749 | AO47: =ROW() -> 47
B48: User Selected Carbon Emissions Price | I48: =I98 -> 20275.414 | J48: =J98 -> 20310.542 | K48: =K98 -> 20345.669 | L48: =L98 -> 19501.14 | M48: =M98 -> 18645.204 | N48: =N98 -> 19165.947 | O48: =O98 -> 19079.199 | P48: =P98 -> 18873.291 | ... AL48: =AL98 -> 17305.977 | AO48: =ROW() -> 48
AO49: =ROW() -> 49
B50: Note: Throughout, 2006 figures (which we did not record independently) are taken as the mean of entries for 2005 and 2007. | W50: Projected oil requirements w/ tax shown, vis-à-vis actual in 2005: | X50: =X48/I48-1 -> -0.090357324 | AO50: =ROW() -> 50
W51: Projected oil requirements relative to 2020 if no carbon price: | X51: =X48/X45-1 -> -0.094375752 | AO51: =ROW() -> 51
B52: WITHOUT CARBON TAX | AO52: =ROW() -> 52
AO53: =ROW() -> 53
B54: =Summary!B118 -> CO2 emissions, millions of metric tons, without carbon tax | I54: =SUM(I55:I59) -> 5862.9 | J54: =SUM(J55:J59) -> 5873.6 | K54: =SUM(K55:K59) -> 5884.3 | L54: =SUM(L55:L59) -> 5699.6 | M54: =SUM(M55:M59) -> 5332.1 | N54: =SUM(N55:N59) -> 5541.5159 | O54: =SUM(O55:O59) -> 5541.3097 | P54: =SUM(P55:P59) -> 5563.8612 | ... AL54: =SUM(AL55:AL59) -> 6594.5908 | AO54: =ROW() -> 54
B55: =Summary!B119 -> from Electricity | I55: =Summary!I119 -> 2414.3 | J55: =AVERAGE(I55,K55) -> 2419.75 | K55: =Summary!K119 -> 2425.2 | L55: =Summary!L119 -> 2372.7 | M55: =Summary!M119 -> 2165.9 | N55: =Summary!N119 -> 2271.5809 | O55: =Summary!O119 -> 2278.9503 | P55: =Summary!P119 -> 2286.9898 | Q55: =Summary!Q119 -> 2303.5317 | R55: =Summary!R119 -> 2320.1933 | ... AL55: =Summary!AL119 -> 2679.9304 | AO55: =ROW() -> 55
B56: =Summary!B120 -> from Personal Ground Travel | I56: =Summary!I120 -> 1284.2521 | J56: =AVERAGE(I56,K56) -> 1281.0022 | K56: =Summary!K120 -> 1277.7523 | L56: =Summary!L120 -> 1221.7457 | M56: =Summary!M120 -> 1222.829 | N56: =Summary!N120 -> 1223.5506 | O56: =Summary!O120 -> 1198.405 | P56: =Summary!P120 -> 1202.2255 | Q56: =Summary!Q120 -> 1210.0157 | R56: =Summary!R120 -> 1217.8563 | ... AL56: =Summary!AL120 -> 1385.7899 | AO56: =ROW() -> 56
B57: =Summary!B121 -> from Freight (Goods Movement) | I57: =Summary!I121 -> 521.5 | J57: =AVERAGE(I57,K57) -> 535.65 | K57: =Summary!K121 -> 549.8 | L57: =Summary!L121 -> 513.2 | M57: =Summary!M121 -> 455.5 | N57: =Summary!N121 -> 474.65817 | O57: =Summary!O121 -> 485.44202 | P57: =Summary!P121 -> 486.94795 | Q57: =Summary!Q121 -> 490.2621 | R57: =Summary!R121 -> 493.59881 | ... AL57: =Summary!AL121 -> 565.31394 | AO57: =ROW() -> 57
B58: =Summary!B122 -> from Aviation | I58: =Summary!I122 -> 235.2 | J58: =AVERAGE(I58,K58) -> 231.9 | K58: =Summary!K122 -> 228.6 | L58: =Summary!L122 -> 216.3 | M58: =Summary!M122 -> 195.9 | N58: =Summary!N122 -> 212.01897 | O58: =Summary!O122 -> 212.33724 | P58: =Summary!P122 -> 212.99218 | Q58: =Summary!Q122 -> 214.7016 | R58: =Summary!R122 -> 216.42474 | ... AL58: =Summary!AL122 -> 253.94479 | AO58: =ROW() -> 58
B59: =Summary!B123 -> from "Other" | I59: =Summary!I123 -> 1407.6479 | J59: =AVERAGE(I59,K59) -> 1405.2978 | K59: =Summary!K123 -> 1402.9477 | L59: =Summary!L123 -> 1375.6543 | M59: =Summary!M123 -> 1291.971 | N59: =Summary!N123 -> 1359.7073 | O59: =Summary!O123 -> 1366.1751 | P59: =Summary!P123 -> 1374.7058 | Q59: =Summary!Q123 -> 1388.3973 | R59: =Summary!R123 -> 1402.2251 | ... AL59: =Summary!AL123 -> 1709.6118 | AO59: =ROW() -> 59
E60: CO2 Shares from sectors | AO60: =ROW() -> 60
B61: %'s of CO2 est'd to come from petroleum fuels | E61: =Summary!G118 -> 2007 | F61: =Summary!H118 -> 2009 | AO61: =ROW() -> 61
B62: from Electricity | E62: =Summary!G119 -> 0.41214758 | F62: =Summary!H119 -> 0.40620018 | H62: =38827/2734388 -> 0.014199521 | I62: Figure is 2009 share of U.S. fossil-fuel electricity generation from petroleum, calculated from EIA, Monthly Energy Review, Table 7.2a. Electricity Net Generation: Total (All Sectors). | AO62: =ROW() -> 62
B63: from Personal Ground Travel | E63: =Summary!G120 -> 0.21714602 | F63: =Summary!H120 -> 0.22933348 | H63: 1 | I63: (Figure might appropriately be reduced over time to allow for penetration of biofuels.) | AO63: =ROW() -> 63
B64: from Freight (Goods Movement) | E64: =Summary!G121 -> 0.093435073 | F64: =Summary!H121 -> 0.085426005 | H64: 1 | I64: (Figure might appropriately be reduced over time to allow for penetration of biofuels.) | AO64: =ROW() -> 64
B65: from Aviation | E65: =Summary!G122 -> 0.038849141 | F65: =Summary!H122 -> 0.036739746 | H65: 1 | I65: (Same as above, except that assumed biofuel penetration is even smaller for jet fuel than for gasoline or diesel.) | AO65: =ROW() -> 65
B66: from "Other" | E66: =Summary!G123 -> 0.23842218 | F66: =Summary!H123 -> 0.24230059 | H66: 0.42 | I66: =CONCATENATE("KEA estimate, chosen as figure that causes figures in Row ",AO80," to be such that sum-of-column figures in Row ",AO75, " approximately match total petroleum products consumption rate per year in Monthly Energy Review.") -> KEA estimate, chosen as figure that causes figures in Row 80 to be such that sum-of-column figures in Row 75 approximately match total petroleum products consumption rate per year in Monthly Energy Review. | AO66: =ROW() -> 66
AO67: =ROW() -> 67
B68: Trillion Btu est'd to come from petroleum fuels | I68: =I43 -> 2005 | J68: =J43 -> 2006 | K68: =K43 -> 2007 | L68: =L43 -> 2008 | M68: =M43 -> 2009 | N68: =N43 -> 2010 | O68: =O43 -> 2011 | P68: =P43 -> 2012 | ... AL68: =AL43 -> 2034 | AO68: =ROW() -> 68
B69: from Electricity (note: assumes 10,000 Btu/kWh; see CTC spreadsheet, Carbon Content) | I69: =$H$62*I55*1000000*Parameters!$J$15*10000/(Electricity!$V$35*1000000000000) -> 418.79001 | J69: =$H$62*J55*1000000*Parameters!$J$15*10000/(Electricity!$V$35*1000000000000) -> 419.73538 | K69: =$H$62*K55*1000000*Parameters!$J$15*10000/(Electricity!$V$35*1000000000000) -> 420.68075 | L69: =$H$62*L55*1000000*Parameters!$J$15*10000/(Electricity!$V$35*1000000000000) -> 411.57398 | M69: =$H$62*M55*1000000*Parameters!$J$15*10000/(Electricity!$V$35*1000000000000) -> 375.70198 | N69: =$H$62*N55*1000000*Parameters!$J$15*10000/(Electricity!$V$35*1000000000000) -> 394.03363 | O69: =$H$62*O55*1000000*Parameters!$J$15*10000/(Electricity!$V$35*1000000000000) -> 395.31195 | P69: =$H$62*P55*1000000*Parameters!$J$15*10000/(Electricity!$V$35*1000000000000) -> 396.70649 | ... AL69: =$H$62*AL55*1000000*Parameters!$J$15*10000/(Electricity!$V$35*1000000000000) -> 464.86688 | AO69: =ROW() -> 69
B70: from Personal Ground Travel | I70: =$H$63*I56/('Personal Ground Travel'!$K$25*Parameters!$J$17)*'Personal Ground Travel'!$K$22 -> 18094.317 | J70: =$H$63*J56/('Personal Ground Travel'!$K$25*Parameters!$J$17)*'Personal Ground Travel'!$K$22 -> 18048.528 | K70: =$H$63*K56/('Personal Ground Travel'!$K$25*Parameters!$J$17)*'Personal Ground Travel'!$K$22 -> 18002.739 | L70: =$H$63*L56/('Personal Ground Travel'!$K$25*Parameters!$J$17)*'Personal Ground Travel'!$K$22 -> 17213.64 | M70: =$H$63*M56/('Personal Ground Travel'!$K$25*Parameters!$J$17)*'Personal Ground Travel'!$K$22 -> 17228.903 | N70: =$H$63*N56/('Personal Ground Travel'!$K$25*Parameters!$J$17)*'Personal Ground Travel'!$K$22 -> 17239.069 | O70: =$H$63*O56/('Personal Ground Travel'!$K$25*Parameters!$J$17)*'Personal Ground Travel'!$K$22 -> 16884.784 | P70: =$H$63*P56/('Personal Ground Travel'!$K$25*Parameters!$J$17)*'Personal Ground Travel'!$K$22 -> 16938.612 | ... AL70: =$H$63*AL56/('Personal Ground Travel'!$K$25*Parameters!$J$17)*'Personal Ground Travel'!$K$22 -> 19524.921 | AO70: =ROW() -> 70
B71: from Freight (Goods Movement) | I71: =$H$64*I57/(Freight!$K$25*Parameters!$J$17)*Freight!$K$22 -> 7100.6365 | J71: =$H$64*J57/(Freight!$K$25*Parameters!$J$17)*Freight!$K$22 -> 7293.3 | K71: =$H$64*K57/(Freight!$K$25*Parameters!$J$17)*Freight!$K$22 -> 7485.9635 | L71: =$H$64*L57/(Freight!$K$25*Parameters!$J$17)*Freight!$K$22 -> 6987.6254 | M71: =$H$64*M57/(Freight!$K$25*Parameters!$J$17)*Freight!$K$22 -> 6201.9941 | N71: =$H$64*N57/(Freight!$K$25*Parameters!$J$17)*Freight!$K$22 -> 6462.8478 | O71: =$H$64*O57/(Freight!$K$25*Parameters!$J$17)*Freight!$K$22 -> 6609.6784 | P71: =$H$64*P57/(Freight!$K$25*Parameters!$J$17)*Freight!$K$22 -> 6630.1829 | ... AL71: =$H$64*AL57/(Freight!$K$25*Parameters!$J$17)*Freight!$K$22 -> 7697.198 | AO71: =ROW() -> 71
B72: from Aviation | I72: =$H$65*I58/(Aviation!$K$25*Parameters!$J$17)*Aviation!$K$22 -> 3317.8683 | J72: =$H$65*J58/(Aviation!$K$25*Parameters!$J$17)*Aviation!$K$22 -> 3271.3166 | K72: =$H$65*K58/(Aviation!$K$25*Parameters!$J$17)*Aviation!$K$22 -> 3224.7649 | L72: =$H$65*L58/(Aviation!$K$25*Parameters!$J$17)*Aviation!$K$22 -> 3051.2539 | M72: =$H$65*M58/(Aviation!$K$25*Parameters!$J$17)*Aviation!$K$22 -> 2763.4796 | N72: =$H$65*N58/(Aviation!$K$25*Parameters!$J$17)*Aviation!$K$22 -> 2990.8632 | O72: =$H$65*O58/(Aviation!$K$25*Parameters!$J$17)*Aviation!$K$22 -> 2995.3529 | P72: =$H$65*P58/(Aviation!$K$25*Parameters!$J$17)*Aviation!$K$22 -> 3004.5919 | ... AL72: =$H$65*AL58/(Aviation!$K$25*Parameters!$J$17)*Aviation!$K$22 -> 3582.2933 | AO72: =ROW() -> 72
B73: from "Other" (calc. uses gasoline energy and carbon factors) | I73: =$H$66*I59/('Personal Ground Travel'!$K$25*Parameters!$J$17)*'Personal Ground Travel'!$K$22 -> 8329.812 | J73: =$H$66*J59/('Personal Ground Travel'!$K$25*Parameters!$J$17)*'Personal Ground Travel'!$K$22 -> 8315.9052 | K73: =$H$66*K59/('Personal Ground Travel'!$K$25*Parameters!$J$17)*'Personal Ground Travel'!$K$22 -> 8301.9984 | L73: =$H$66*L59/('Personal Ground Travel'!$K$25*Parameters!$J$17)*'Personal Ground Travel'!$K$22 -> 8140.4887 | M73: =$H$66*M59/('Personal Ground Travel'!$K$25*Parameters!$J$17)*'Personal Ground Travel'!$K$22 -> 7645.2895 | N73: =$H$66*N59/('Personal Ground Travel'!$K$25*Parameters!$J$17)*'Personal Ground Travel'!$K$22 -> 8046.122 | O73: =$H$66*O59/('Personal Ground Travel'!$K$25*Parameters!$J$17)*'Personal Ground Travel'!$K$22 -> 8084.3956 | P73: =$H$66*P59/('Personal Ground Travel'!$K$25*Parameters!$J$17)*'Personal Ground Travel'!$K$22 -> 8134.8762 | ... AL73: =$H$66*AL59/('Personal Ground Travel'!$K$25*Parameters!$J$17)*'Personal Ground Travel'!$K$22 -> 10116.696 | AO73: =ROW() -> 73
AO74: =ROW() -> 74
B75: Petroleum Consumption, thousand bbl/day | I75: =SUM(I76:I80) -> 20275.414 | J75: =SUM(J76:J80) -> 20310.542 | K75: =SUM(K76:K80) -> 20345.669 | L75: =SUM(L76:L80) -> 19501.14 | M75: =SUM(M76:M80) -> 18645.204 | N75: =SUM(N76:N80) -> 19165.947 | O75: =SUM(O76:O80) -> 19079.199 | P75: =SUM(P76:P80) -> 19156.602 | ... AL75: =SUM(AL76:AL80) -> 22675.187 | AO75: =ROW() -> 75
B76: from Electricity | I76: =I69*1000000000000/(Emissions!$I$144*1000000*Parameters!$J$19*1000) -> 185.38858 | J76: =J69*1000000000000/(Emissions!$I$144*1000000*Parameters!$J$19*1000) -> 185.80707 | K76: =K69*1000000000000/(Emissions!$I$144*1000000*Parameters!$J$19*1000) -> 186.22556 | L76: =L69*1000000000000/(Emissions!$I$144*1000000*Parameters!$J$19*1000) -> 182.19421 | M76: =M69*1000000000000/(Emissions!$I$144*1000000*Parameters!$J$19*1000) -> 166.31451 | N76: =N69*1000000000000/(Emissions!$I$144*1000000*Parameters!$J$19*1000) -> 174.4295 | O76: =O69*1000000000000/(Emissions!$I$144*1000000*Parameters!$J$19*1000) -> 174.99538 | P76: =P69*1000000000000/(Emissions!$I$144*1000000*Parameters!$J$19*1000) -> 175.61272 | ... AL76: =AL69*1000000000000/(Emissions!$I$144*1000000*Parameters!$J$19*1000) -> 205.78573 | AO76: =ROW() -> 76
B77: from Personal Ground Travel | I77: =(I70*1000000000/'Personal Ground Travel'!$K$22)/(Parameters!$J$18*Parameters!$J$19) -> 9437.1732 | J77: =(J70*1000000000/'Personal Ground Travel'!$K$22)/(Parameters!$J$18*Parameters!$J$19) -> 9413.2917 | K77: =(K70*1000000000/'Personal Ground Travel'!$K$22)/(Parameters!$J$18*Parameters!$J$19) -> 9389.4102 | L77: =(L70*1000000000/'Personal Ground Travel'!$K$22)/(Parameters!$J$18*Parameters!$J$19) -> 8977.8523 | M77: =(M70*1000000000/'Personal Ground Travel'!$K$22)/(Parameters!$J$18*Parameters!$J$19) -> 8985.8128 | N77: =(N70*1000000000/'Personal Ground Travel'!$K$22)/(Parameters!$J$18*Parameters!$J$19) -> 8991.1149 | O77: =(O70*1000000000/'Personal Ground Travel'!$K$22)/(Parameters!$J$18*Parameters!$J$19) -> 8806.3357 | P77: =(P70*1000000000/'Personal Ground Travel'!$K$22)/(Parameters!$J$18*Parameters!$J$19) -> 8834.4099 | ... AL77: =(AL70*1000000000/'Personal Ground Travel'!$K$22)/(Parameters!$J$18*Parameters!$J$19) -> 10183.311 | AO77: =ROW() -> 77
B78: from Freight (Goods Movement) | I78: =(I71*1000000000/Freight!$K$22)/(Parameters!$J$18*Parameters!$J$19) -> 3339.7079 | J78: =(J71*1000000000/Freight!$K$22)/(Parameters!$J$18*Parameters!$J$19) -> 3430.3251 | K78: =(K71*1000000000/Freight!$K$22)/(Parameters!$J$18*Parameters!$J$19) -> 3520.9423 | L78: =(L71*1000000000/Freight!$K$22)/(Parameters!$J$18*Parameters!$J$19) -> 3286.5544 | M78: =(M71*1000000000/Freight!$K$22)/(Parameters!$J$18*Parameters!$J$19) -> 2917.0411 | N78: =(N71*1000000000/Freight!$K$22)/(Parameters!$J$18*Parameters!$J$19) -> 3039.7309 | O78: =(O71*1000000000/Freight!$K$22)/(Parameters!$J$18*Parameters!$J$19) -> 3108.7911 | P78: =(P71*1000000000/Freight!$K$22)/(Parameters!$J$18*Parameters!$J$19) -> 3118.4352 | ... AL78: =(AL71*1000000000/Freight!$K$22)/(Parameters!$J$18*Parameters!$J$19) -> 3620.2942 | AO78: =ROW() -> 78
B79: from Aviation | I79: =(I72*1000000000/Aviation!$K$22)/(Parameters!$J$18*Parameters!$J$19) -> 1603.1835 | J79: =(J72*1000000000/Aviation!$K$22)/(Parameters!$J$18*Parameters!$J$19) -> 1580.6898 | K79: =(K72*1000000000/Aviation!$K$22)/(Parameters!$J$18*Parameters!$J$19) -> 1558.1962 | L79: =(L72*1000000000/Aviation!$K$22)/(Parameters!$J$18*Parameters!$J$19) -> 1474.3562 | M79: =(M72*1000000000/Aviation!$K$22)/(Parameters!$J$18*Parameters!$J$19) -> 1335.3046 | N79: =(N72*1000000000/Aviation!$K$22)/(Parameters!$J$18*Parameters!$J$19) -> 1445.1756 | O79: =(O72*1000000000/Aviation!$K$22)/(Parameters!$J$18*Parameters!$J$19) -> 1447.345 | P79: =(P72*1000000000/Aviation!$K$22)/(Parameters!$J$18*Parameters!$J$19) -> 1451.8093 | ... AL79: =(AL72*1000000000/Aviation!$K$22)/(Parameters!$J$18*Parameters!$J$19) -> 1730.9528 | AO79: =ROW() -> 79
B80: from "Other" | I80: =(I73*1000000000/(Other!$M$34*'Personal Ground Travel'!$K$22))/(Parameters!$J$18*Parameters!$J$19) -> 5709.961 | J80: =(J73*1000000000/(Other!$M$34*'Personal Ground Travel'!$K$22))/(Parameters!$J$18*Parameters!$J$19) -> 5700.4281 | K80: =(K73*1000000000/(Other!$M$34*'Personal Ground Travel'!$K$22))/(Parameters!$J$18*Parameters!$J$19) -> 5690.8952 | L80: =(L73*1000000000/(Other!$M$34*'Personal Ground Travel'!$K$22))/(Parameters!$J$18*Parameters!$J$19) -> 5580.1827 | M80: =(M73*1000000000/(Other!$M$34*'Personal Ground Travel'!$K$22))/(Parameters!$J$18*Parameters!$J$19) -> 5240.731 | N80: =(N73*1000000000/(Other!$M$34*'Personal Ground Travel'!$K$22))/(Parameters!$J$18*Parameters!$J$19) -> 5515.4957 | O80: =(O73*1000000000/(Other!$M$34*'Personal Ground Travel'!$K$22))/(Parameters!$J$18*Parameters!$J$19) -> 5541.7317 | P80: =(P73*1000000000/(Other!$M$34*'Personal Ground Travel'!$K$22))/(Parameters!$J$18*Parameters!$J$19) -> 5576.3354 | ... AL80: =(AL73*1000000000/(Other!$M$34*'Personal Ground Travel'!$K$22))/(Parameters!$J$18*Parameters!$J$19) -> 6934.8429 | AO80: =ROW() -> 80
AO81: =ROW() -> 81
B82: WITH CARBON TAX | I82: =I43 -> 2005 | J82: =J43 -> 2006 | K82: =K43 -> 2007 | L82: =L43 -> 2008 | M82: =M43 -> 2009 | N82: =N43 -> 2010 | O82: =O43 -> 2011 | P82: =P43 -> 2012 | ... AL82: =AL43 -> 2034 | AO82: =ROW() -> 82
AO83: =ROW() -> 83
B84: =Summary!B128 -> CO2 emissions, millions of metric tons, with carbon tax incremented at levels inputted above | I84: =SUM(I85:I89) -> 5862.9 | J84: =SUM(J85:J89) -> 5873.6 | K84: =SUM(K85:K89) -> 5884.3 | L84: =SUM(L85:L89) -> 5699.6 | M84: =SUM(M85:M89) -> 5332.1 | N84: =SUM(N85:N89) -> 5541.5159 | O84: =SUM(O85:O89) -> 5541.3097 | P84: =SUM(P85:P89) -> 5435.6248 | ... AL84: =SUM(AL85:AL89) -> 5024.3186 | AO84: =ROW() -> 84
B85: =Summary!B129 -> from Electricity | I85: =I55 -> 2414.3 | J85: =J55 -> 2419.75 | K85: =K55 -> 2425.2 | L85: =L55 -> 2372.7 | M85: =M55 -> 2165.9 | N85: =N55 -> 2271.5809 | O85: =O55 -> 2278.9503 | P85: =Summary!P129 -> 2207.9343 | Q85: =Summary!Q129 -> 2206.85 | R85: =Summary!R129 -> 2204.2226 | S85: =Summary!S129 -> 2199.9233 | T85: =Summary!T129 -> 2193.8174 | U85: =Summary!U129 -> 2185.7646 | V85: =Summary!V129 -> 2175.6197 | W85: =Summary!W129 -> 2163.2342 | ... AL85: =Summary!AL129 -> 2050.0156 | AO85: =ROW() -> 85
B86: =Summary!B130 -> from Personal Ground Travel | I86: =I56 -> 1284.2521 | J86: =J56 -> 1281.0022 | K86: =K56 -> 1277.7523 | L86: =L56 -> 1221.7457 | M86: =M56 -> 1222.829 | N86: =N56 -> 1223.5506 | O86: =O56 -> 1198.405 | P86: =Summary!P130 -> 1187.2295 | Q86: =Summary!Q130 -> 1189.7653 | R86: =Summary!R130 -> 1191.1982 | S86: =Summary!S130 -> 1191.4981 | T86: =Summary!T130 -> 1190.636 | U86: =Summary!U130 -> 1188.5843 | V86: =Summary!V130 -> 1185.3162 | W86: =Summary!W130 -> 1180.8065 | ... AL86: =Summary!AL130 -> 1106.7281 | AO86: =ROW() -> 86
B87: =Summary!B131 -> from Freight (Goods Movement) | I87: =I57 -> 521.5 | J87: =J57 -> 535.65 | K87: =K57 -> 549.8 | L87: =L57 -> 513.2 | M87: =M57 -> 455.5 | N87: =N57 -> 474.65817 | O87: =O57 -> 485.44202 | P87: =Summary!P131 -> 477.91773 | Q87: =Summary!Q131 -> 476.08286 | R87: =Summary!R131 -> 473.74902 | S87: =Summary!S131 -> 470.91348 | T87: =Summary!T131 -> 467.57453 | U87: =Summary!U131 -> 463.73144 | V87: =Summary!V131 -> 459.3846 | W87: =Summary!W131 -> 454.53545 | ... AL87: =Summary!AL131 -> 414.64376 | AO87: =ROW() -> 87
B88: =Summary!B132 -> from Aviation | I88: =I58 -> 235.2 | J88: =J58 -> 231.9 | K88: =K58 -> 228.6 | L88: =L58 -> 216.3 | M88: =M58 -> 195.9 | N88: =N58 -> 212.01897 | O88: =O58 -> 212.33724 | P88: =Summary!P132 -> 210.39156 | Q88: =Summary!Q132 -> 209.55747 | R88: =Summary!R132 -> 208.40867 | S88: =Summary!S132 -> 206.94514 | T88: =Summary!T132 -> 205.16804 | U88: =Summary!U132 -> 203.07976 | V88: =Summary!V132 -> 200.68396 | W88: =Summary!W132 -> 197.98554 | ... AL88: =Summary!AL132 -> 169.15947 | AO88: =ROW() -> 88
B89: =Summary!B133 -> from "Other" | I89: =I59 -> 1407.6479 | J89: =J59 -> 1405.2978 | K89: =K59 -> 1402.9477 | L89: =L59 -> 1375.6543 | M89: =M59 -> 1291.971 | N89: =N59 -> 1359.7073 | O89: =O59 -> 1366.1751 | P89: =Summary!P133 -> 1352.1517 | Q89: =Summary!Q133 -> 1354.8554 | R89: =Summary!R133 -> 1356.5638 | S89: =Summary!S133 -> 1357.187 | T89: =Summary!T133 -> 1356.631 | U89: =Summary!U133 -> 1354.7983 | V89: =Summary!V133 -> 1351.5887 | W89: =Summary!W133 -> 1346.9004 | ... AL89: =Summary!AL133 -> 1283.7716 | AO89: =ROW() -> 89
AO90: =ROW() -> 90
B91: Trillion Btu est'd to come from petroleum fuels | I91: =SUM(I92:I96) -> 37261.424 | J91: =SUM(J92:J96) -> 37348.785 | K91: =SUM(K92:K96) -> 37436.146 | L91: =SUM(L92:L96) -> 35804.582 | M91: =SUM(M92:M96) -> 34215.369 | N91: =SUM(N92:N96) -> 35132.936 | O91: =SUM(O92:O96) -> 34969.522 | P91: =SUM(P92:P96) -> 34586.868 | ... AL91: =SUM(AL92:AL96) -> 31577.449 | AO91: =ROW() -> 91
B92: from Electricity (note: assumes 10,000 Btu/kWh; see CTC spreadsheet, Carbon Content) | I92: =$H$62*I85*1000000*Parameters!$J$15*10000/(Electricity!$V$35*1000000000000) -> 418.79001 | J92: =$H$62*J85*1000000*Parameters!$J$15*10000/(Electricity!$V$35*1000000000000) -> 419.73538 | K92: =$H$62*K85*1000000*Parameters!$J$15*10000/(Electricity!$V$35*1000000000000) -> 420.68075 | L92: =$H$62*L85*1000000*Parameters!$J$15*10000/(Electricity!$V$35*1000000000000) -> 411.57398 | M92: =$H$62*M85*1000000*Parameters!$J$15*10000/(Electricity!$V$35*1000000000000) -> 375.70198 | N92: =$H$62*N85*1000000*Parameters!$J$15*10000/(Electricity!$V$35*1000000000000) -> 394.03363 | O92: =$H$62*O85*1000000*Parameters!$J$15*10000/(Electricity!$V$35*1000000000000) -> 395.31195 | P92: =$H$62*P85*1000000*Parameters!$J$15*10000/(Electricity!$V$35*1000000000000) -> 382.99334 | ... AL92: =$H$62*AL85*1000000*Parameters!$J$15*10000/(Electricity!$V$35*1000000000000) -> 355.60041 | AO92: =ROW() -> 92
B93: from Personal Ground Travel | I93: =$H$63*I86/('Personal Ground Travel'!$K$25*Parameters!$J$17)*'Personal Ground Travel'!$K$22 -> 18094.317 | J93: =$H$63*J86/('Personal Ground Travel'!$K$25*Parameters!$J$17)*'Personal Ground Travel'!$K$22 -> 18048.528 | K93: =$H$63*K86/('Personal Ground Travel'!$K$25*Parameters!$J$17)*'Personal Ground Travel'!$K$22 -> 18002.739 | L93: =$H$63*L86/('Personal Ground Travel'!$K$25*Parameters!$J$17)*'Personal Ground Travel'!$K$22 -> 17213.64 | M93: =$H$63*M86/('Personal Ground Travel'!$K$25*Parameters!$J$17)*'Personal Ground Travel'!$K$22 -> 17228.903 | N93: =$H$63*N86/('Personal Ground Travel'!$K$25*Parameters!$J$17)*'Personal Ground Travel'!$K$22 -> 17239.069 | O93: =$H$63*O86/('Personal Ground Travel'!$K$25*Parameters!$J$17)*'Personal Ground Travel'!$K$22 -> 16884.784 | P93: =$H$63*P86/('Personal Ground Travel'!$K$25*Parameters!$J$17)*'Personal Ground Travel'!$K$22 -> 16727.328 | ... AL93: =$H$63*AL86/('Personal Ground Travel'!$K$25*Parameters!$J$17)*'Personal Ground Travel'!$K$22 -> 15593.113 | AO93: =ROW() -> 93
B94: from Freight (Goods Movement) | I94: =$H$64*I87/(Freight!$K$25*Parameters!$J$17)*Freight!$K$22 -> 7100.6365 | J94: =$H$64*J87/(Freight!$K$25*Parameters!$J$17)*Freight!$K$22 -> 7293.3 | K94: =$H$64*K87/(Freight!$K$25*Parameters!$J$17)*Freight!$K$22 -> 7485.9635 | L94: =$H$64*L87/(Freight!$K$25*Parameters!$J$17)*Freight!$K$22 -> 6987.6254 | M94: =$H$64*M87/(Freight!$K$25*Parameters!$J$17)*Freight!$K$22 -> 6201.9941 | N94: =$H$64*N87/(Freight!$K$25*Parameters!$J$17)*Freight!$K$22 -> 6462.8478 | O94: =$H$64*O87/(Freight!$K$25*Parameters!$J$17)*Freight!$K$22 -> 6609.6784 | P94: =$H$64*P87/(Freight!$K$25*Parameters!$J$17)*Freight!$K$22 -> 6507.2292 | ... AL94: =$H$64*AL87/(Freight!$K$25*Parameters!$J$17)*Freight!$K$22 -> 5645.7039 | AO94: =ROW() -> 94
B95: from Aviation | I95: =$H$65*I88/(Aviation!$K$25*Parameters!$J$17)*Aviation!$K$22 -> 3317.8683 | J95: =$H$65*J88/(Aviation!$K$25*Parameters!$J$17)*Aviation!$K$22 -> 3271.3166 | K95: =$H$65*K88/(Aviation!$K$25*Parameters!$J$17)*Aviation!$K$22 -> 3224.7649 | L95: =$H$65*L88/(Aviation!$K$25*Parameters!$J$17)*Aviation!$K$22 -> 3051.2539 | M95: =$H$65*M88/(Aviation!$K$25*Parameters!$J$17)*Aviation!$K$22 -> 2763.4796 | N95: =$H$65*N88/(Aviation!$K$25*Parameters!$J$17)*Aviation!$K$22 -> 2990.8632 | O95: =$H$65*O88/(Aviation!$K$25*Parameters!$J$17)*Aviation!$K$22 -> 2995.3529 | P95: =$H$65*P88/(Aviation!$K$25*Parameters!$J$17)*Aviation!$K$22 -> 2967.906 | ... AL95: =$H$65*AL88/(Aviation!$K$25*Parameters!$J$17)*Aviation!$K$22 -> 2386.2621 | AO95: =ROW() -> 95
B96: from "Other" (calc. uses gasoline energy and carbon factors) | I96: =$H$66*I89/('Personal Ground Travel'!$K$25*Parameters!$J$17)*'Personal Ground Travel'!$K$22 -> 8329.812 | J96: =$H$66*J89/('Personal Ground Travel'!$K$25*Parameters!$J$17)*'Personal Ground Travel'!$K$22 -> 8315.9052 | K96: =$H$66*K89/('Personal Ground Travel'!$K$25*Parameters!$J$17)*'Personal Ground Travel'!$K$22 -> 8301.9984 | L96: =$H$66*L89/('Personal Ground Travel'!$K$25*Parameters!$J$17)*'Personal Ground Travel'!$K$22 -> 8140.4887 | M96: =$H$66*M89/('Personal Ground Travel'!$K$25*Parameters!$J$17)*'Personal Ground Travel'!$K$22 -> 7645.2895 | N96: =$H$66*N89/('Personal Ground Travel'!$K$25*Parameters!$J$17)*'Personal Ground Travel'!$K$22 -> 8046.122 | O96: =$H$66*O89/('Personal Ground Travel'!$K$25*Parameters!$J$17)*'Personal Ground Travel'!$K$22 -> 8084.3956 | P96: =$H$66*P89/('Personal Ground Travel'!$K$25*Parameters!$J$17)*'Personal Ground Travel'!$K$22 -> 8001.4116 | ... AL96: =$H$66*AL89/('Personal Ground Travel'!$K$25*Parameters!$J$17)*'Personal Ground Travel'!$K$22 -> 7596.7697 | AO96: =ROW() -> 96
AO97: =ROW() -> 97
B98: Petroleum Consumption, thousand bbl/day | I98: =SUM(I99:I103) -> 20275.414 | J98: =SUM(J99:J103) -> 20310.542 | K98: =SUM(K99:K103) -> 20345.669 | L98: =SUM(L99:L103) -> 19501.14 | M98: =SUM(M99:M103) -> 18645.204 | N98: =SUM(N99:N103) -> 19165.947 | O98: =SUM(O99:O103) -> 19079.199 | P98: =SUM(P99:P103) -> 18873.291 | ... AL98: =SUM(AL99:AL103) -> 17305.977 | AO98: =ROW() -> 98
B99: from Electricity | I99: =I92*1000000000000/(Emissions!$I$144*1000000*Parameters!$J$19*1000) -> 185.38858 | J99: =J92*1000000000000/(Emissions!$I$144*1000000*Parameters!$J$19*1000) -> 185.80707 | K99: =K92*1000000000000/(Emissions!$I$144*1000000*Parameters!$J$19*1000) -> 186.22556 | L99: =L92*1000000000000/(Emissions!$I$144*1000000*Parameters!$J$19*1000) -> 182.19421 | M99: =M92*1000000000000/(Emissions!$I$144*1000000*Parameters!$J$19*1000) -> 166.31451 | N99: =N92*1000000000000/(Emissions!$I$144*1000000*Parameters!$J$19*1000) -> 174.4295 | O99: =O92*1000000000000/(Emissions!$I$144*1000000*Parameters!$J$19*1000) -> 174.99538 | P99: =P92*1000000000000/(Emissions!$I$144*1000000*Parameters!$J$19*1000) -> 169.54223 | ... AL99: =AL92*1000000000000/(Emissions!$I$144*1000000*Parameters!$J$19*1000) -> 157.41601 | AO99: =ROW() -> 99
B100: from Personal Ground Travel | I100: =(I93*1000000000/'Personal Ground Travel'!$K$22)/(Parameters!$J$18*Parameters!$J$19) -> 9437.1732 | J100: =(J93*1000000000/'Personal Ground Travel'!$K$22)/(Parameters!$J$18*Parameters!$J$19) -> 9413.2917 | K100: =(K93*1000000000/'Personal Ground Travel'!$K$22)/(Parameters!$J$18*Parameters!$J$19) -> 9389.4102 | L100: =(L93*1000000000/'Personal Ground Travel'!$K$22)/(Parameters!$J$18*Parameters!$J$19) -> 8977.8523 | M100: =(M93*1000000000/'Personal Ground Travel'!$K$22)/(Parameters!$J$18*Parameters!$J$19) -> 8985.8128 | N100: =(N93*1000000000/'Personal Ground Travel'!$K$22)/(Parameters!$J$18*Parameters!$J$19) -> 8991.1149 | O100: =(O93*1000000000/'Personal Ground Travel'!$K$22)/(Parameters!$J$18*Parameters!$J$19) -> 8806.3357 | P100: =(P93*1000000000/'Personal Ground Travel'!$K$22)/(Parameters!$J$18*Parameters!$J$19) -> 8724.2139 | ... AL100: =(AL93*1000000000/'Personal Ground Travel'!$K$22)/(Parameters!$J$18*Parameters!$J$19) -> 8132.659 | AO100: =ROW() -> 100
B101: from Freight (Goods Movement) | I101: =(I94*1000000000/Freight!$K$22)/(Parameters!$J$18*Parameters!$J$19) -> 3339.7079 | J101: =(J94*1000000000/Freight!$K$22)/(Parameters!$J$18*Parameters!$J$19) -> 3430.3251 | K101: =(K94*1000000000/Freight!$K$22)/(Parameters!$J$18*Parameters!$J$19) -> 3520.9423 | L101: =(L94*1000000000/Freight!$K$22)/(Parameters!$J$18*Parameters!$J$19) -> 3286.5544 | M101: =(M94*1000000000/Freight!$K$22)/(Parameters!$J$18*Parameters!$J$19) -> 2917.0411 | N101: =(N94*1000000000/Freight!$K$22)/(Parameters!$J$18*Parameters!$J$19) -> 3039.7309 | O101: =(O94*1000000000/Freight!$K$22)/(Parameters!$J$18*Parameters!$J$19) -> 3108.7911 | P101: =(P94*1000000000/Freight!$K$22)/(Parameters!$J$18*Parameters!$J$19) -> 3060.6052 | ... AL101: =(AL94*1000000000/Freight!$K$22)/(Parameters!$J$18*Parameters!$J$19) -> 2655.396 | AO101: =ROW() -> 101
B102: from Aviation | I102: =(I95*1000000000/Aviation!$K$22)/(Parameters!$J$18*Parameters!$J$19) -> 1603.1835 | J102: =(J95*1000000000/Aviation!$K$22)/(Parameters!$J$18*Parameters!$J$19) -> 1580.6898 | K102: =(K95*1000000000/Aviation!$K$22)/(Parameters!$J$18*Parameters!$J$19) -> 1558.1962 | L102: =(L95*1000000000/Aviation!$K$22)/(Parameters!$J$18*Parameters!$J$19) -> 1474.3562 | M102: =(M95*1000000000/Aviation!$K$22)/(Parameters!$J$18*Parameters!$J$19) -> 1335.3046 | N102: =(N95*1000000000/Aviation!$K$22)/(Parameters!$J$18*Parameters!$J$19) -> 1445.1756 | O102: =(O95*1000000000/Aviation!$K$22)/(Parameters!$J$18*Parameters!$J$19) -> 1447.345 | P102: =(P95*1000000000/Aviation!$K$22)/(Parameters!$J$18*Parameters!$J$19) -> 1434.0828 | ... AL102: =(AL95*1000000000/Aviation!$K$22)/(Parameters!$J$18*Parameters!$J$19) -> 1153.0343 | AO102: =ROW() -> 102
B103: from "Other" | I103: =(I96*1000000000/(Other!$M$34*'Personal Ground Travel'!$K$22))/(Parameters!$J$18*Parameters!$J$19) -> 5709.961 | J103: =(J96*1000000000/(Other!$M$34*'Personal Ground Travel'!$K$22))/(Parameters!$J$18*Parameters!$J$19) -> 5700.4281 | K103: =(K96*1000000000/(Other!$M$34*'Personal Ground Travel'!$K$22))/(Parameters!$J$18*Parameters!$J$19) -> 5690.8952 | L103: =(L96*1000000000/(Other!$M$34*'Personal Ground Travel'!$K$22))/(Parameters!$J$18*Parameters!$J$19) -> 5580.1827 | M103: =(M96*1000000000/(Other!$M$34*'Personal Ground Travel'!$K$22))/(Parameters!$J$18*Parameters!$J$19) -> 5240.731 | N103: =(N96*1000000000/(Other!$M$34*'Personal Ground Travel'!$K$22))/(Parameters!$J$18*Parameters!$J$19) -> 5515.4957 | O103: =(O96*1000000000/(Other!$M$34*'Personal Ground Travel'!$K$22))/(Parameters!$J$18*Parameters!$J$19) -> 5541.7317 | P103: =(P96*1000000000/(Other!$M$34*'Personal Ground Travel'!$K$22))/(Parameters!$J$18*Parameters!$J$19) -> 5484.8474 | ... AL103: =(AL96*1000000000/(Other!$M$34*'Personal Ground Travel'!$K$22))/(Parameters!$J$18*Parameters!$J$19) -> 5207.4714 | AO103: =ROW() -> 103
AO104: =ROW() -> 104
AO105: =ROW() -> 105
AO106: =ROW() -> 106
AO107: =ROW() -> 107
AO108: =ROW() -> 108
AO109: =ROW() -> 109
AO110: =ROW() -> 110
AO111: =ROW() -> 111
AO112: =ROW() -> 112
AO113: =ROW() -> 113
AO114: =ROW() -> 114
AO115: =ROW() -> 115
... AO180: =ROW() -> 180

Sheet Emissions
B1: U.S. Carbon Dioxide Emissions | N1: =Summary!J1 -> 40823 | Q1: =ROW() -> 1
I2: This worksheet will be "cleaned" and sourced later in October 2011. | Q2: =ROW() -> 2
Q3: =ROW() -> 3
Q4: =ROW() -> 4
B5: All figures are in million metric tons of carbon dioxide (CO2). | Q5: =ROW() -> 5
Q6: =ROW() -> 6
Q7: =ROW() -> 7 | S7: Thousand Megawatthours Generated | W7: Units of Fuel Consumed
G8: Actual data | J8: Estimated data, w/o C tax) | Q8: =ROW() -> 8 | T8: Petroleum | U8: Natural | W8: Coal | X8: Petroleum | Y8: Natural
G9: 2005 | I9: 2007 | J9: 2008 | K9: 2009 | L9: 2010 | M9: 2011 | Q9: =ROW() -> 9 | S9: Coal | T9: Liquids | U9: Gas | W9: 000 short tons | X9: Liquids | Y9: Gas
B10: Data from EIA | I10: [These entries prorate 2005 emissions by ratio of MWh's in each year to 2005] | Q10: =ROW() -> 10 | R10: 2000 | S10: 1966265 | T10: 102160 | U10: 601038 | X10: 000 barrels | Y10: billion cf
B11: from Electricity Consumption (Table 11) | G11: =SUM(G12:G16)-0.1 -> 2397.4 | I11: =SUM(I12:I16) -> 2423.5202 | J11: =SUM(J12:J16) -> 2368.0982 | K11: =SUM(K12:K16) -> 2152.346 | Q11: =ROW() -> 11 | R11: 2001 | S11: 1903956 | T11: 114647 | U11: 639129
B12: Coal | G12: 1963.9 | I12: =G12*(S17/S15) -> 1967.3954 | J12: =G12*(S18/S15) -> 1937.4869 | K12: =G12*(S19/S15) -> 1713.1833 | L12: =K12*(1+W42) -> 1795.2658 | Q12: =ROW() -> 12 | R12: 2002 | S12: 1933130 | T12: 78701 | U12: 691006
B13: Natural Gas | G13: 320.5 | I13: =G13*(U17/U15) -> 377.62444 | J13: =G13*(U18/U15) -> 371.89245 | K13: =G13*(U19/U15) -> 387.852 | L13: =K13*(1+Y42) -> 413.38132 | Q13: =ROW() -> 13 | R13: 2003 | S13: 1973737 | T13: 102734 | U13: 649908
B14: Petroleum | G14: 101.3 | I14: =G14*(T17/T15) -> 66.700305 | J14: =G14*(T18/T15) -> 46.918836 | K14: =G14*(T19/T15) -> 39.510737 | L14: =K14*(1+X42) -> 36.37759 | Q14: =ROW() -> 14 | R14: 2004 | S14: 1978301 | T14: 100391 | U14: 710100
B15: MSW | G15: 11.4 | I15: =G15 -> 11.4 | J15: =G15 -> 11.4 | K15: =G15 -> 11.4 | L15: =K15 -> 11.4 | Q15: =ROW() -> 15 | R15: 2005 | S15: 2012873 | T15: 99840 | U15: 760960
B16: Geothermal | G16: 0.4 | I16: =G16 -> 0.4 | J16: =G16 -> 0.4 | K16: =G16 -> 0.4 | P16: Estimated and sourced at right, directly below. | Q16: =ROW() -> 16 | R16: 2006 | S16: 1990511 | T16: 44460 | U16: 816441
B17: 2005 emissions by fuel are drawn directly from http://www.eia.doe.gov/oiaf/1605/ggrpt/carbon.html. | K17: =K11/G11-1 -> -0.10221656 | Q17: =ROW() -> 17 | R17: 2007 | S17: 2016455.6 | T17: 65738.978 | U17: 896590
B18: 2007, 2008 and 2009 data are prorated from 2005 emissions, using ratio of GWh's to 2005 GWh's shown at right. MSW and Geoth assumed constant. | Q18: =ROW() -> 18 | R18: 2008 | S18: 1985801.2 | T18: 46242.612 | U18: 882980.6 | W18: 1064502.8 | X18: 92948.375 | Y18: 7689.38
G19: 2005 | I19: 2007 | J19: 2008 | K19: 2009 | L19: 2010 | M19: 2011 | Q19: =ROW() -> 19 | R19: 2009 | S19: 1755904.3 | T19: 38941.283 | U19: 920873.2 | W19: 955190.27 | X19: 80829.58 | Y19: 7937.856
B20: Net Electricity Generation, TWh (AER, Table 8.1) | G20: 4055.4 | I20: =4156744.724/1000 -> 4156.7447 | J20: =4119387.76/1000 -> 4119.3878 | K20: 3950.2302 | L20: 4120.028 | Q20: =ROW() -> 20 | R20: 2010 | S20: 1850749.9 | T20: 36924.908 | U20: 981814.69 | W20: 1000955.6 | X20: 74419.906 | Y20: 8460.344
Q21: =ROW() -> 21
B22: CO2 emissions, lb / kWh (end use) | G22: =G48/Electricity!I25*Parameters!$J$15/1000 -> 1.3968916 | I22: =I48/Electricity!K25*Parameters!$J$15/1000 -> 1.374614 | K22: =K48/Electricity!M25*Parameters!$J$15/1000 -> 1.2825087 | L22: =L48/Electricity!N25*Parameters!$J$15/1000 -> 1.2894672 | Q22: =ROW() -> 22
B23: Emissions divided by End-Use, with metric tons converted to pounds and TWh's converted to kWh's. | Q23: =ROW() -> 23
B24: CO2 emissions, lb / kWh (generated) | G24: =G48*Parameters!$J$15/(G20*1000) -> 1.312702 | I24: =I48*Parameters!$J$15/(I20*1000) -> 1.2864793 | J24: =J48*Parameters!$J$15/(J20*1000) -> 1.2700439 | K24: =K48*Parameters!$J$15/(K20*1000) -> 1.2089952 | L24: =L48*Parameters!$J$15/(L20*1000) -> 1.2157286 | Q24: =ROW() -> 24
B25: Emissions (above) divided by Generation (above), with metric tons converted to pounds and TWh's converted to kWh's. | Q25: =ROW() -> 25
B26: Compound annual growth in CO2 emissions, lb/kWh generated (2010 vs. 2005) | L26: =(L24/G24)^(1/(L9-G9)) -> 0.98476839 | Q26: =ROW() -> 26
Q27: =ROW() -> 27
B28: Data from EPA | Q28: =ROW() -> 28
B29: US EPA, 430-R-11-005, Inventory of U.S. Greenhouse Gas Emissions and Sinks: 1990–2009, April 15, 2011 <http://epa.gov/climatechange/emissions/downloads11/US-GHG-Inventory-2011-Complete_Report.pdf> | Q29: =ROW() -> 29
Q30: =ROW() -> 30
G31: 2005 | I31: 2007 | J31: 2008 | K31: 2009 | L31: 2010 | M31: 2011 | Q31: =ROW() -> 31
B32: All CO2 (Table ES-2) | G32: 6113.8 | I32: 6120 | J32: 5921.4 | K32: 5505.2 | Q32: =ROW() -> 32 | R32: Electricity data above are from EIA, Monthly Energy Review, Feb. 2010, Table 7.2a. Electricity Net Generation: Total (All Sectors) Net Generation by Energy Source: downloaded 07-Apr-2010. Supplemented on 01-Sept-2011.
B33: CO2 Emissions from FF Combustion (Table ES-2) | G33: 5753.2 | I33: 5756.7 | J33: 5565.9 | K33: 5209 | Q33: =ROW() -> 33
B34: Non-Energy Use of Fuels (Table ES-2) | G34: 143.4 | I34: 137.2 | J34: 141 | K34: 123.4 | Q34: =ROW() -> 34
B35: =CONCATENATE("20 misc. incl Iron&Steel, Cement (Row ",Q32, " less ",Q33, " and ",Q34,")") -> 20 misc. incl Iron&Steel, Cement (Row 32 less 33 and 34) | G35: =G32-G33-G34 -> 217.2 | I35: =I32-I33-I34 -> 226.1 | J35: =J32-J33-J34 -> 214.5 | K35: =K32-K33-K34 -> 172.8 | Q35: =ROW() -> 35
B36: International Bunker Fuels | G36: 109.7 | I36: 127.6 | J36: 133.7 | K36: 123.1 | Q36: =ROW() -> 36
B37: =CONCATENATE("All CO2 from FF Comb + IBF), i.e., Rows ",Q33, " + ",Q36, ) -> All CO2 from FF Comb + IBF), i.e., Rows 33 + 36 | G37: =G33+G36 -> 5862.9 | I37: =I33+I36 -> 5884.3 | J37: =J33+J36 -> 5699.6 | K37: =K33+K36 -> 5332.1 | Q37: =ROW() -> 37
L38: =CONCATENATE("Prorated from 2009, using fuel growth rates in Row ",Q42, ".") -> Prorated from 2009, using fuel growth rates in Row 42. | Q38: =ROW() -> 38
Q39: =ROW() -> 39
Q40: =ROW() -> 40
B41: from Electricity Generation (Table ES-2) | G41: 2402.1 | I41: 2412.8 | J41: 2360.9 | K41: 2154 | Q41: =ROW() -> 41 | R41: 09 vs. 08 | S41: =(S19-S18)/S18 -> -0.11577039 | T41: =(T19-T18)/T18 -> -0.15789179 | U41: =(U19-U18)/U18 -> 0.042914417 | W41: =(W19-W18)/W18 -> -0.10268882 | X41: =(X19-X18)/X18 -> -0.130382 | Y41: =(Y19-Y18)/Y18 -> 0.032314179
B42: Do not use, since excludes MSW | Q42: =ROW() -> 42 | R42: 10 vs. 09 | S42: =(S20-S19)/S19 -> 0.054015276 | T42: =(T20-T19)/T19 -> -0.051779881 | U42: =(U20-U19)/U19 -> 0.066177938 | W42: =(W20-W19)/W19 -> 0.047912277 | X42: =(X20-X19)/X19 -> -0.079298618 | Y42: =(Y20-Y19)/Y19 -> 0.065822308
B43: Coal (from Table 2-13) | G43: 1983.8 | I43: 1987.3 | J43: 1959.4 | K43: 1747.6 | L43: =K43*(1+W42) -> 1831.3315 | Q43: =ROW() -> 43 | R43: Fuel consumption data above are from EIA, Monthly Energy Review, Aug. 2011, Table 7.4a. Consumption of Combustible Fuels for Electricity Generation and Useful Thermal Output: Total (All Sectors). Downloaded 01-Sept-2011.
B44: Natural Gas (from Table 2-13) | G44: 318.8 | I44: 371.3 | J44: 361.9 | K44: 373.1 | L44: =K44*(1+Y42) -> 397.6583 | Q44: =ROW() -> 44
B45: Petroleum (from Table 2-13) | G45: 99.2 | I45: 53.9 | J45: 39.2 | K45: 32.9 | L45: =K45*(1+X42) -> 30.291075 | Q45: =ROW() -> 45
B46: MSW (from Table 2-13) | G46: 12.5 | I46: 12.7 | J46: 12.2 | K46: 12.3 | L46: =K46 -> 12.3 | Q46: =ROW() -> 46
B47: Geothermal (from Table 2-13) | G47: 0.4 | I47: 0.4 | J47: 0.4 | K47: 0.4 | Q47: =ROW() -> 47
